Workbook
Name _Ref320204367: '12 - Notes Interest'!#REF!
Name Adressenübersicht: 'AMORT. PROFILE 0% CPR'!Adressenübersicht
Name Adressenübersicht: 'AMORT. PROFILE 8% CPR (SG)'!Adressenübersicht
Name Adressenübersicht: #N/A
Name Auswahl_Anschreiben: 'AMORT. PROFILE 0% CPR'!Auswahl_Anschreiben
Name Auswahl_Anschreiben: 'AMORT. PROFILE 8% CPR (SG)'!Auswahl_Anschreiben
Name Auswahl_Anschreiben: #N/A
Name B_2: #REF!
Name B_2: #REF!
Name Banken: 'AMORT. PROFILE 0% CPR'!Banken
Name Banken: 'AMORT. PROFILE 8% CPR (SG)'!Banken
Name Banken: #N/A
Name Bankverbindungen: 'AMORT. PROFILE 0% CPR'!Bankverbindungen
Name Bankverbindungen: 'AMORT. PROFILE 8% CPR (SG)'!Bankverbindungen
Name Bankverbindungen: #N/A
Name bbbb: 'AMORT. PROFILE 0% CPR'!bbbb
Name bbbb: 'AMORT. PROFILE 8% CPR (SG)'!bbbb
Name CALD: #REF!
Name concentration: #REF!
Name Darlehn: 'AMORT. PROFILE 0% CPR'!Darlehn
Name Darlehn: 'AMORT. PROFILE 8% CPR (SG)'!Darlehn
Name Darlehn: #N/A
Name Database1: #REF!
Name Database1: #REF!
Name DATE: #REF!
Name DATE: #REF!
Name Date_Actuelle: #REF!
Name Date_Actuelle: #REF!
Name Debi_Kredi_Übersicht: 'AMORT. PROFILE 0% CPR'!Debi_Kredi_Übersicht
Name Debi_Kredi_Übersicht: 'AMORT. PROFILE 8% CPR (SG)'!Debi_Kredi_Übersicht
Name Debi_Kredi_Übersicht: #N/A
Name defaulted_recovery: #REF!
Name delinquency_i: #REF!
Name delinquency_m: #REF!
Name delinquency_n: #REF!
Name Delinquency2: #REF!
Name Delinquency3: #REF!
Name dis_int_nom: #REF!
Name dis_mat: #REF!
Name dis_or: #REF!
Name dis_orig: #REF!
Name dis_rema: #REF!
Name dis_seas: #REF!
Name dist_bal_curr: #REF!
Name dist_bal_org: #REF!
Name dist_res: #REF!
Name dRAFT: 'AMORT. PROFILE 0% CPR'!dRAFT
Name dRAFT: 'AMORT. PROFILE 8% CPR (SG)'!dRAFT
Name dRAFT: #N/A
Name Druckübersicht: 'AMORT. PROFILE 0% CPR'!Druckübersicht
Name Druckübersicht: 'AMORT. PROFILE 8% CPR (SG)'!Druckübersicht
Name Druckübersicht: #N/A
Name Folder: #REF!
Name Folder: #REF!
Name Folder: #REF!
Name geo_mat: #REF!
Name h: #REF!
Name ID: #REF!
Name ID: #REF!
Name ID: #REF!

Sheet OD compta
B3: Date | C3: Compte | D3: Libellé | E3: Débit | F3: Crédit
K4: =MONTH(B5) -> 9
B5: ='00 - Cover'!F20 -> 46293 | C5: 653000 | D5: ="Flux de "&_xlfn.SINGLE( _xlfn.XLOOKUP($K$4,L:L,M:M,FALSE)) -> Flux de Septembre | E5: 0 | G5: BQ | L5: 1 | M5: Janvier
B6: =+B5 -> 46293 | C6: 512000 | D6: ="Flux de "&_xlfn.SINGLE( _xlfn.XLOOKUP($K$4,L:L,M:M,FALSE)) -> Flux de Septembre | F6: =E5 -> 0 | G6: BQ | L6: 2 | M6: Fevrier
B7: =+B6 -> 46293 | C7: 653000 | D7: ="Flux de "&_xlfn.SINGLE( _xlfn.XLOOKUP($K$4,L:L,M:M,FALSE)) -> Flux de Septembre | E7: =ROUNDDOWN('14 - Fees'!J40+'14 - Fees'!J41,2) -> 480 | G7: BQ | L7: 3 | M7: Mars
B8: =+B7 -> 46293 | C8: 512000 | D8: ="Flux de "&_xlfn.SINGLE( _xlfn.XLOOKUP($K$4,L:L,M:M,FALSE)) -> Flux de Septembre | F8: =E7 -> 480 | G8: BQ | L8: 4 | M8: Avril
B9: =+B8 -> 46293 | C9: 653000 | D9: ="Flux de "&_xlfn.SINGLE( _xlfn.XLOOKUP($K$4,L:L,M:M,FALSE)) -> Flux de Septembre | E9: =ROUNDDOWN('14 - Fees'!J36,2) -> 1050 | G9: BQ | L9: 5 | M9: Mai
B10: =+B9 -> 46293 | C10: 512000 | D10: ="Flux de "&_xlfn.SINGLE( _xlfn.XLOOKUP($K$4,L:L,M:M,FALSE)) -> Flux de Septembre | F10: =E9 -> 1050 | G10: BQ | L10: 6 | M10: Juin
B11: =+B10 -> 46293 | C11: 653000 | D11: ="Flux de "&_xlfn.SINGLE( _xlfn.XLOOKUP($K$4,L:L,M:M,FALSE)) -> Flux de Septembre | E11: =ROUNDDOWN('14 - Fees'!J18,2) -> 5416.67 | G11: BQ | L11: 7 | M11: Juillet
B12: =+B11 -> 46293 | C12: 512000 | D12: ="Flux de "&_xlfn.SINGLE( _xlfn.XLOOKUP($K$4,L:L,M:M,FALSE)) -> Flux de Septembre | F12: =E11 -> 5416.67 | G12: BQ | L12: 8 | M12: Aout
B13: =+B12 -> 46293 | C13: 653000 | D13: ="Flux de "&_xlfn.SINGLE( _xlfn.XLOOKUP($K$4,L:L,M:M,FALSE)) -> Flux de Septembre | E13: =ROUNDDOWN('14 - Fees'!J34,2) -> 12500 | G13: BQ | L13: 9 | M13: Septembre
B14: =+B13 -> 46293 | C14: 512000 | D14: ="Flux de "&_xlfn.SINGLE( _xlfn.XLOOKUP($K$4,L:L,M:M,FALSE)) -> Flux de Septembre | F14: =E13 -> 12500 | G14: BQ | L14: 10 | M14: Octobre
B15: =+B14 -> 46293 | C15: 654000 | D15: ="Flux de "&_xlfn.SINGLE( _xlfn.XLOOKUP($K$4,L:L,M:M,FALSE)) -> Flux de Septembre | E15: =ROUNDDOWN('14 - Fees'!J54,2) -> 17125.69 | G15: BQ | L15: 11 | M15: Novembre
B16: =+B15 -> 46293 | C16: 512000 | D16: ="Flux de "&_xlfn.SINGLE( _xlfn.XLOOKUP($K$4,L:L,M:M,FALSE)) -> Flux de Septembre | F16: =E15 -> 17125.69 | G16: BQ | L16: 12 | M16: Decembre
B17: =+B16 -> 46293 | C17: 654000 | D17: ="Flux de "&_xlfn.SINGLE( _xlfn.XLOOKUP($K$4,L:L,M:M,FALSE)) -> Flux de Septembre | E17: =ROUNDDOWN('14 - Fees'!J53,2) -> 2214141.9 | G17: BQ
B18: =+B17 -> 46293 | C18: 512000 | D18: ="Flux de "&_xlfn.SINGLE( _xlfn.XLOOKUP($K$4,L:L,M:M,FALSE)) -> Flux de Septembre | F18: =E17 -> 2214141.9 | G18: BQ
B19: =+B18 -> 46293 | C19: 601200 | D19: ="Flux de "&_xlfn.SINGLE( _xlfn.XLOOKUP($K$4,L:L,M:M,FALSE)) -> Flux de Septembre | E19: =ROUNDDOWN('12 - Notes Interest'!AC17,2) -> 698818.56 | G19: BQ
B20: =+B19 -> 46293 | C20: 512000 | D20: ="Flux de "&_xlfn.SINGLE( _xlfn.XLOOKUP($K$4,L:L,M:M,FALSE)) -> Flux de Septembre | F20: =E19 -> 698818.56 | G20: BQ
B21: =+B20 -> 46293 | C21: 601400 | D21: ="Flux de "&_xlfn.SINGLE( _xlfn.XLOOKUP($K$4,L:L,M:M,FALSE)) -> Flux de Septembre | E21: 0 | G21: BQ
B22: =+B21 -> 46293 | C22: 512000 | D22: ="Flux de "&_xlfn.SINGLE( _xlfn.XLOOKUP($K$4,L:L,M:M,FALSE)) -> Flux de Septembre | F22: 0 | G22: BQ
B23: =+B22 -> 46293 | C23: 161200 | D23: ="Flux de "&_xlfn.SINGLE( _xlfn.XLOOKUP($K$4,L:L,M:M,FALSE)) -> Flux de Septembre | E23: =ROUNDDOWN('11 - Notes Follow-up'!V25,2) -> 4271551.7 | G23: BQ
B24: =+B23 -> 46293 | C24: 512000 | D24: ="Flux de "&_xlfn.SINGLE( _xlfn.XLOOKUP($K$4,L:L,M:M,FALSE)) -> Flux de Septembre | F24: =E23 -> 4271551.7 | G24: BQ
B25: =+B24 -> 46293 | C25: 601100 | D25: ="Flux de "&_xlfn.SINGLE( _xlfn.XLOOKUP($K$4,L:L,M:M,FALSE)) -> Flux de Septembre | E25: =ROUNDDOWN('12 - Notes Interest'!K17,2) -> 3368904.9 | G25: BQ
B26: =+B25 -> 46293 | C26: 512000 | D26: ="Flux de "&_xlfn.SINGLE( _xlfn.XLOOKUP($K$4,L:L,M:M,FALSE)) -> Flux de Septembre | F26: =E25 -> 3368904.9 | G26: BQ
B27: =+B26 -> 46293 | C27: 161100 | D27: ="Flux de "&_xlfn.SINGLE( _xlfn.XLOOKUP($K$4,L:L,M:M,FALSE)) -> Flux de Septembre | E27: =ROUNDDOWN('11 - Notes Follow-up'!F25,2) -> 51485790 | G27: BQ
B28: =+B27 -> 46293 | C28: 512000 | D28: ="Flux de "&_xlfn.SINGLE( _xlfn.XLOOKUP($K$4,L:L,M:M,FALSE)) -> Flux de Septembre | F28: =E27 -> 51485790 | G28: BQ
B29: =+B28 -> 46293 | C29: 512100 | D29: ="Flux de "&_xlfn.SINGLE( _xlfn.XLOOKUP($K$4,L:L,M:M,FALSE)) -> Flux de Septembre | F29: =ROUNDDOWN(-'10 - Reserve calculation'!K12,2) -> 410000 | G29: BQ2
B30: =+B29 -> 46293 | C30: 450000 | D30: ="Flux de "&_xlfn.SINGLE( _xlfn.XLOOKUP($K$4,L:L,M:M,FALSE)) -> Flux de Septembre | E30: =F29 -> 410000 | G30: BQ2
B31: =+B30 -> 46293 | C31: 410000 | D31: ="Flux de "&_xlfn.SINGLE( _xlfn.XLOOKUP($K$4,L:L,M:M,FALSE)) -> Flux de Septembre | E31: =ROUNDDOWN('03 - Monthly Collection'!Q13+'03 - Monthly Collection'!AB13+'03 - Monthly Collection'!AC13,2) -> 14998292 | G31: OD
B32: =+B31 -> 46293 | C32: 701000 | D32: ="Flux de "&_xlfn.SINGLE( _xlfn.XLOOKUP($K$4,L:L,M:M,FALSE)) -> Flux de Septembre | F32: =E31 -> 14998292 | G32: OD
B33: =+B32 -> 46293 | C33: 410000 | D33: ="Flux de "&_xlfn.SINGLE( _xlfn.XLOOKUP($K$4,L:L,M:M,FALSE)) -> Flux de Septembre | E33: =F34+F36-E35 -> 85452477 | G33: OD
B34: =+B33 -> 46293 | C34: 242000 | D34: ="Flux de "&_xlfn.SINGLE( _xlfn.XLOOKUP($K$4,L:L,M:M,FALSE)) -> Flux de Septembre | F34: =('02 - Monthly Asset Follow up'!BL18-'02 - Monthly Asset Follow up'!BL17+'02 - Monthly Asset Follow up'!CS18-'02 - Monthly Asset Follow up'!CS17) -> -14130.95 | G34: OD
B35: =+B34 -> 46293 | C35: 241500 | D35: ="Flux de "&_xlfn.SINGLE( _xlfn.XLOOKUP($K$4,L:L,M:M,FALSE)) -> Flux de Septembre | E35: =('02 - Monthly Asset Follow up'!AQ17-'02 - Monthly Asset Follow up'!AQ18) -> -35595.03 | G35: OD
B36: =+B35 -> 46293 | C36: 241000 | D36: ="Flux de "&_xlfn.SINGLE( _xlfn.XLOOKUP($K$4,L:L,M:M,FALSE)) -> Flux de Septembre | F36: =('02 - Monthly Asset Follow up'!O18-'02 - Monthly Asset Follow up'!O17) -> 85431013 | G36: OD
B37: =+B36 -> 46293 | C37: 681000 | D37: Ajustement Prov Defaut | E37: =+'02 - Monthly Asset Follow up'!BM17+'02 - Monthly Asset Follow up'!CP17-'02 - Monthly Asset Follow up'!CP18-'02 - Monthly Asset Follow up'!BL18 -> 14130.95 | G37: OD
B38: =+B37 -> 46293 | C38: 249000 | D38: Ajustement Prov Defaut | F38: =+E37 -> 14130.95 | G38: OD

Sheet 00 - Cover
C8: Red & Black Home Loans France 3
C11: LEI | F11: 9695000NVUKTJ495CJ05
C13: Closing Date / Purchase Date | F13: 45588
C15: Start of Collection Period | F15: =_xlfn.XLOOKUP(F16,Calendar!$E$23:$E$478,Calendar!$D$23:$D$478) -> 46235
C16: End of Collection Period | F16: =INPUT_DATA!A4 -> 46265
C17: Cut-Off Date | F17: =INPUT_DATA!A4 -> 46265
C18: Information Date | F18: =_xlfn.XLOOKUP(F16,Calendar!$E$23:$E$478,Calendar!$G$23:$G$478) -> 46279
C19: Calculation Date | F19: =_xlfn.XLOOKUP(F16,Calendar!$E$23:$E$478,Calendar!$H$23:$H$478) -> 46286
C20: Payment Date | F20: =_xlfn.XLOOKUP(F16,Calendar!$E$23:$E$478,Calendar!$J$23:$J$478) -> 46293
C21: Next Payment Date | F21: =_xlfn.XLOOKUP(EOMONTH($F$15,1),Calendar!$E$23:$E$478,Calendar!$J$23:$J$478) -> 46322
C22: Preceding Payment Date | F22: =_xlfn.XLOOKUP(F15-1,Calendar!$E$23:$E$478,Calendar!$J$23:$J$478) -> 46261
C23: Issue Date | F23: 45588
C24: Liquidation Date
C29: Period number | F29: =_xlfn.XLOOKUP(F17,Calendar!$F$23:$F$478,Calendar!$B$23:$B$478) -> 23
C30: Issue Date | F30: No
C32: Amortisation Period | F32: Yes
C33: Accelerated Amortisation Period | F33: No
C36: Table of contents:
C46: Parties
C47: IQ EQ Management | F47: Management Company
C48: Société Générale | F48: Servicer
C49: Société Générale Securities Services | F49: Custodian
C50: Société Générale Securities Services | F50: Paying Agent
C51: Société Générale | F51: Account Bank
C52: Société Générale Securities Services | F52: Data Protection Agent
C53: Société Générale | F53: Class A Noteholders
C54: Société Générale | F54: Class B Noteholders
C55: Société Générale | F55: Unitholder
C58: Contacts
C59: Email Address | D59: : | E59: FCT_RedandBlackSG@iqeq.com
C60: Contacts | D60: : | E60: Dimitri Bellaiche
E61: dimitri.bellaiche@iqeq.com
E62: Jonathan Drouet - Gérant
E63: jonathan.drouet@iqeq.com
E64: Omar Ghannam - Gérant | F64: Omar Ghannam - Gérant
E65: omar.ghannam@iqeq.com | F65: omar.ghannam@iqeq.com
E66: Nicolas Houot - Gérant
E67: nicolas.Houot@iqeq.com

Sheet 01 - Eligibility Criteria
J4: Calculation Date | K4: ='00 - Cover'!F19 -> 46286
J5: Payment Date | K5: ='00 - Cover'!F20 -> 46293
A9: 02- Eligibility Criteria
B12: Closing Date | H12: 45957 | L12: 45583
H13: Home Loans Receivables Amount | I13: Number of Home Loans Receivables | L13: Home Loans Receivables Amount | M13: Number of Home Loans Receivables
B14: All Home Loans | H14: 4.2463263e+09 | I14: 21828 | L14: 8.1823685e+09 | M14: 56971
B15: Rejected Home Loans | H15: =SUM(J23:J26,J30:J38,J41:J42,J45:J46) -> 0 | I15: =SUM(K23:K26,K30:K38,K41:K42,K45:K46) -> 0 | L15: =SUM(N23:N26,N30:N38,N41:N42,N45:N46) -> 0 | M15: =SUM(O23:O26,O30:O38,O41:O42,O45:O46) -> 0
B16: Eligible Home Loans | H16: =H46-H15 -> 4.2463263e+09 | I16: =I46-I15 -> 21828 | L16: =L46-L15 -> 8.1823685e+09 | M16: =M46-M15 -> 56971
B17: Check | H17: =IF(H14-H15=H16,"OK","KO") -> OK | I17: =IF(I14-I15=I16,"OK","KO") -> OK | L17: =IF(L14-L15=L16,"OK","KO") -> OK | M17: =IF(M14-M15=M16,"OK","KO") -> OK
B18: Eligibility Criteria of the Home Loan Agreements | H18: Home Loans Amount which comply the criteria | I18: Number of Home Loans comply the criteria | J18: Home Loans Amount which not comply the criteria | K18: Number of Home Loans not comply the criteria | L18: Home Loans Amount which comply the criteria | M18: Number of Home Loans comply the criteria | N18: Home Loans Amount which not comply the criteria | O18: Number of Home Loans not comply the criteria
B19: 1 | C19: Each Home Loan Agreement has been executed between the Seller (or Crédit du Nord) and an Eligible Borrower pursuant to the applicable provisions of the Consumer Credit Legislation applicable to real estate loans (crédits immobiliers) and all other applicable legal and regulatory provisions.
B20: 2 | C20: Each Home Loan Agreement was executed within the framework of an offer of credit (within the meaning of article L.313-1 et seq. of the French Consumer Code).
B21: 3 | C21: No Home Loan Agreement contains legal flaws making it voidable, rescindable, or subject to legal termination.
B22: 4 | C22: The Home Loan Agreements were executed by the Seller (or Crédit du Nord) pursuant to (i) its usual procedures in respect of the underwriting of loans, (ii) within the scope of its normal or habitual credit activity and (iii) has been managed in accordance with his customary servicing procedure.
B23: 5 | C23: The Seller has not begun a rescission claim on any of the Home Loan Agreements for a breach by the Borrower(s) of its (their) obligations under the terms of such Home Loan Agreement including, amongst others things, with respect to the timely payment of the relevant Instalments. | H23: =H14-J23 -> 4.2463263e+09 | I23: =I14-K23 -> 21828 | J23: 0 | K23: 0 | L23: =L14-N23 -> 8.1823685e+09 | M23: =M14-O23 -> 56971 | N23: 0 | O23: 0
B24: 6 | C24: The purpose of the each Home Loan Agreement is either to (i) buy the underlying property, (ii) buy and renovate the underlying property, (iii) build the underlying property, (iv) finance the acquisition of the land and build the underlying property, (v) refinance the financing used by the Borrower for the purchase of the underlying property or (vi) finance a co-owner share in the underlying property. | H24: =H23-J24 -> 4.2463263e+09 | I24: =I23-K24 -> 21828 | J24: 0 | K24: 0 | L24: =L23-N24 -> 8.1823685e+09 | M24: =M23-O24 -> 56971 | N24: 0 | O24: 0
B25: 7 | C25: No Home Loan Agreement has been accelerated or declared due and payable. | H25: =H24-J25 -> 4.2463263e+09 | I25: =I24-K25 -> 21828 | J25: 0 | K25: 0 | L25: =L24-N25 -> 8.1823685e+09 | M25: =M24-O25 -> 56971 | N25: 0 | O25: 0
B26: 8 | C26: No Home Loan Agreement has been originated before 1 January 2010 | H26: =H25-J26 -> 4.2463263e+09 | I26: =I25-K26 -> 21828 | J26: 0 | K26: 0 | L26: =L25-N26 -> 8.1823685e+09 | M26: =M25-O26 -> 56971 | N26: 0 | O26: 0
B27: 9 | C27: Each Home Loan Agreement is subject to French Law and any related claim is subject to the exclusive jurisdiction of the French competent courts.
B28: Eligibility Criteria of the Home Loan Receivables
B29: 1 | C29: (i) Each Home Loan Receivable exists and derives from a Home Loan Agreement which complies with the Eligibility Criteria set out in Clause ‎8.2(b) and which has not been terminated
B30: 2 | C30: The interest rate applicable to each Home Loan Receivable is fixed and is not lower than 0.5 per cent. | H30: =H26-J30 -> 4.2463263e+09 | I30: =I26-K30 -> 21828 | J30: 0 | K30: 0 | L30: =L26-N30 -> 8.1823685e+09 | M30: =M26-O30 -> 56971 | N30: 0 | O30: 0
B31: 3 | C31: Each Home Loan Receivable is denominated and payable in Euro. | H31: =H30-J31 -> 4.2463263e+09 | I31: =I30-K31 -> 21828 | J31: 0 | K31: 0 | L31: =L30-N31 -> 8.1823685e+09 | M31: =M30-O31 -> 56971 | N31: 0 | O31: 0
B32: 4 | C32: Each Home Loan Receivable has been entirely disbursed and any grace period (période de franchise) thereunder has expired. | H32: =H31-J32 -> 4.2463263e+09 | I32: =I31-K32 -> 21828 | J32: 0 | K32: 0 | L32: =L31-N32 -> 8.1823685e+09 | M32: =M31-O32 -> 56971 | N32: 0 | O32: 0
B33: 5 | C33: Each Home Loan Receivable is payable in arrears, in monthly instalments, subject to any right of the Borrower to request to temporarily suspend its payments. | H33: =H32-J33 -> 4.2463263e+09 | I33: =I32-K33 -> 21828 | J33: 0 | K33: 0 | L33: =L32-N33 -> 8.1823685e+09 | M33: =M32-O33 -> 56971 | N33: 0 | O33: 0
B34: 6 | C34: (vi) The Outstanding Principal Balance of each Home Loan Receivable is not less than EUR 1,000 and not more than EUR 2,500,000 | H34: =H33-J34 -> 4.2463263e+09 | I34: =I33-K34 -> 21828 | J34: 0 | K34: 0 | L34: =L33-N34 -> 8.1823685e+09 | M34: =M33-O34 -> 56971 | N34: 0 | O34: 0
B35: 7 | C35: Each Home Loan Receivable has already given rise to the effective and full payment of at least one (1) Instalment by the Borrower. | H35: =H34-J35 -> 4.2463263e+09 | I35: =I34-K35 -> 21828 | J35: 0 | K35: 0 | L35: =L34-N35 -> 8.1823685e+09 | M35: =M34-O35 -> 56971 | N35: 0 | O35: 0
B36: 8 | C36: Each Home Loan Receivable has a Last Instalment Due Date which does not fall after 1 November 2054. | H36: =H35-J36 -> 4.2463263e+09 | I36: =I35-K36 -> 21828 | J36: 0 | K36: 0 | L36: =L35-N36 -> 8.1823685e+09 | M36: =M35-O36 -> 56971 | N36: 0 | O36: 0
B37: 9 | C37: No Home Loan Receivable is a Delinquent Home Loan Receivable, a Defaulted Home Loan Receivable or is subject to legal proceedings. | H37: =H36-J37 -> 4.2463263e+09 | I37: =I36-K37 -> 21828 | J37: 0 | K37: 0 | L37: =L36-N37 -> 8.1823685e+09 | M37: =M36-O37 -> 56971 | N37: 0 | O37: 0
B38: 10 | C38: Each Home Loan Receivable has a remaining term which does not exceed 360 months. | H38: =H37-J38 -> 4.2463263e+09 | I38: =I37-K38 -> 21828 | J38: 0 | K38: 0 | L38: =L37-N38 -> 8.1823685e+09 | M38: =M37-O38 -> 56971 | N38: 0 | O38: 0
B39: 11 | C39: Each Home Loan Receivable and the Ancillary Rights are not subject, either totally or partially, to assignment, delegation or pledge, attachment claim, set off claims or encumbrance of whatever type which would constitute an impediment to the purported assignment.
B40: 12 | C40: Each Home Loan Receivable is free and clear of any right that could be exercised by third parties against the Seller or the Issuer.
B41: 13 | C41: Each Home Loan Receivable is individualised in the information systems of the Seller in such manner as to give the Management Company the means to individualise and identify such Purchased Home Loan Receivable at any time, on or after the Purchase Date. | H41: =H38-J41 -> 4.2463263e+09 | I41: =I38-K41 -> 21828 | J41: 0 | K41: 0 | L41: =L38-N41 -> 8.1823685e+09 | M41: =M38-O41 -> 56971 | N41: 0 | O41: 0
B42: 14 | C42: The underlying property is a residential property or a mixed-used property which is located in metropolitan France (France métropolitaine). | H42: =H41-J42 -> 4.2463263e+09 | I42: =I41-K42 -> 21828 | J42: 0 | K42: 0 | L42: =L41-N42 -> 8.1823685e+09 | M42: =M41-O42 -> 56971 | N42: 0 | O42: 0
B43: 15 | C43: No Home Loan Receivable is a bridge loan (crédit relais).
B44: 16 | C44: No Home Loan Receivable is a regulated home loan (prêt immobilier réglementé).
B45: 17 | C45: No Home Loan Receivable is a bullet loan or a loan with prepaid interests. | H45: =H42-J45 -> 4.2463263e+09 | I45: =I42-K45 -> 21828 | J45: 0 | K45: 0 | L45: =L42-N45 -> 8.1823685e+09 | M45: =M42-O45 -> 56971 | N45: 0 | O45: 0
B46: 18 | C46: The original loan-to-value of each Home Loan Receivable does not exceed one hundred and twenty per cent. (120%). | H46: =H45-J46 -> 4.2463263e+09 | I46: =I45-K46 -> 21828 | J46: 0 | K46: 0 | L46: =L45-N46 -> 8.1823685e+09 | M46: =M45-O46 -> 56971 | N46: 0 | O46: 0
B47: 19 | C47: The amount of the Home Loan Eligible Security covers the outstanding amount of each Home Loan Receivable (subject to a tolerance of EUR 1).
B48: 20 | C48: No Home Loan Receivable includes transferable securities as defined in Article 4(1), point (44) of Directive 2014/65/EU of the European Parliament and of the Council, any securitisation position or any derivative.
B49: Additional Home Loan Warranties
B50: (a) | C50: each Home Loan Receivable shall comply with the Eligibility Criteria set out in section "Eligibility Criteria of the Home Loan Receivables";
B51: (b) | C51: each Home Loan Receivable derives from a Home Loan Agreement of which Eligibility Criteria are set out in section "Eligibility Criteria of the Home Loan Agreements";
B52: (c) | C52: each Home Loan Agreement has been originated in the ordinary course of the Seller's (or Crédit du Nord's, before its merger with the Seller) business pursuant to underwriting standards in respect of the acceptance of residential home loans;
B53: (d) | C53: no Borrower is registered in the Banque de France’s Fichier national des Incidents de remboursement des Crédits aux Particuliers (FICP) files at the date of origination of the Home Loan Agreement and in respect of which the Seller is not subject to any request to register such Borrower on the Banque de France’s FICP file as at the Purchase Date;
B54: (e) | C54: to the best of the Seller's knowledge, no Borrower has filed a restructuring or liquidation petition that has been accepted by an overindebtedness committee or any relevant jurisdiction;
B55: (f) | C55: each Home Loan Agreement constitutes legal, valid, binding and enforceable contractual obligations of the relevant Borrower with full recourse to the relevant Borrower and such obligations are enforceable in accordance with their respective terms;
B56: (g) | C56: it is the sole creditor and has full title to each Home Loan Receivable and its Ancillary Rights; and
B57: (h) | C57: it can dispose of each Home Loan Receivable free from rights of third parties and without the consent of the related Borrower.
J59: France | L59: Spain

Sheet 02 - Monthly Asset Follow up
P3: Cut-Off Date | Q3: ='00 - Cover'!$F$17 -> 46265
P4: Calculation Date | Q4: ='00 - Cover'!$F$19 -> 46286
P5: Payment Date | Q5: ='00 - Cover'!$F$20 -> 46293
B8: 02 - Asset Follow Up (Euros)
J10: ='02 - Monthly Asset Follow up'!M17+'02 - Monthly Asset Follow up'!BJ17+INPUT_DATA!BN4+INPUT_DATA!BN5-'04 - Repurchased Receivables'!AO13+'02 - Monthly Asset Follow up'!AK17+'02 - Monthly Asset Follow up'!AL17+'02 - Monthly Asset Follow up'!AM17+'02 - Monthly Asset Follow up'!CJ17+'02 - Monthly Asset Follow up'!CK17+'02 - Monthly Asset Follow up'!CL17 -> 2929832.1 | P10: =P17+M17+AQ17+BJ17+BL17+CP17 -> 1.054749e+10 | BJ10: 413299.32
M11: =P18-P17 -> 85431013 | P11: =P17+AQ17+BL17+CP17 -> 1.0544348e+10 | Q11: =M17+AK17+BJ17+CJ17+CK17+AL17 -> 3167094.5 | R11: =Q11-'04 - Repurchased Receivables'!AT13 -> 0
C12: PERFORMING | BA12: DEFAULTED
C13: Principal Outstanding balance | S13: Unpaid Balance | BA13: Principal Outstanding balance | BO13: Unpaid Balance
B14: Monthly Cut-Off Date | C14: Opening Outstanding Balance (Loan Receivables) | D14: New Receivables Amount | E14: Principal Instalments amount | F14: Prepayments | G14: Recapitalization into the principal outstanding balance | J14: Principal losses amount | K14: Principal balance of receivables becoming Defaulted | L14: Principal balance of receivables becoming Accelerated | M14: Outstanding Balances of the Home Loans re-transferred by the Issuer to any Seller | N14: Outstanding Balances of the Affected Home Loans | O14: Closing Outstanding Balances (Calculated) | P14: Closing Outstanding Balances (Declared) | Q14: GAP | R14: Accrued interest not yet due | S14: Opening unpaid balance | V14: New unpaid | Y14: Collections | AB14: Recapitalization into the Principal Outstanding Balance of The Home Loans | AE14: Losses Amount | AH14: Unpaid Balance becoming Defauted | AK14: Re-transferred Amount | AN14: Rescission Amount | AQ14: Closing unpaid balance (Calculated) | AT14: Closing unpaid balance (Declared) | AW14: GAP | BA14: Opening Outstanding Balance (Loan Receivables) | BB14: Principal Instalments amount | BC14: Prepayments | BD14: Recapitalization into the principal outstanding balance | BG14: Principal losses amount | BH14: Principal balance of receivables becoming Defaulted | BI14: Principal balance of receivables becoming Accelerated | BJ14: Outstanding Balances of the Home Loans re-transferred by the Issuer to any Seller | BK14: Outstanding Balances of the Affected Home Loans | BL14: Closing Outstanding Balances (Calculated) | BM14: Closing Outstanding Balances (Declared) | BN14: GAP | BO14: Opening unpaid balance | BR14: New unpaid | BU14: Collections | BX14: Recapitalization into the Principal 0utstanding Balance of The Home Loans | CA14: Losses Amount | CD14: Unpaid Balance becoming Defaulted | CG14: Unpaid Balance becoming Accelerated | CJ14: Re-transferred Amount | CM14: Rescission Amount | CP14: Closing unpaid balance (Calculated) | CS14: Closing unpaid balance (Declared) | CV14: GAP
G15: Miscellaneous but arrears | H15: Interests arrears | I15: Other arrears | S15: Principal | T15: Interest | U15: Others | V15: Principal | W15: Interest | X15: Others | Y15: Principal | Z15: Interest | AA15: Others | AB15: Principal | AC15: Interest | AD15: Others | AE15: Principal | AF15: Interest | AG15: Others | AH15: Principal | AI15: Interest | AJ15: Others | AK15: Principal | AL15: Interest | AM15: Others | AN15: Principal | AO15: Interest | AP15: Others | AQ15: Principal | AR15: Interest | AS15: Others | AT15: Principal | AU15: Interest | AV15: Others | AW15: Principal | AX15: Interest | AY15: Others | BD15: Miscellaneous but arrears | BE15: Interests arrears | BF15: Other arrears | BO15: Principal | BP15: Interest | BQ15: Others | BR15: Principal | BS15: Interest | BT15: Others | BU15: Principal | BV15: Interest | BW15: Others | BX15: Principal | BY15: Interest | BZ15: Others | CA15: Principal | CB15: Interest | CC15: Others | CD15: Principal | CE15: Interest | CF15: Others | CG15: Principal | CH15: Interest | CI15: Others | CJ15: Principal | CK15: Interest | CL15: Others | CM15: Principal | CN15: Interest | CO15: Others | CP15: Principal | CQ15: Interest | CR15: Others | CS15: Principal | CT15: Interest | CU15: Others | CV15: Principal | CW15: Interest | CX15: Others
B17: ='00 - Cover'!F16 -> 46265 | C17: =IF($B17=0,"",SUMIFS(INPUT_DATA!C:C,INPUT_DATA!$A:$A,$B17,INPUT_DATA!$B:$B,"S")) -> 1.0627881e+10 | D17: =IF($B17=0,"",SUMIFS(INPUT_DATA!D:D,INPUT_DATA!$A:$A,$B17,INPUT_DATA!$B:$B,"S")) -> 0 | E17: =IF($B17=0,"",SUMIFS(INPUT_DATA!E:E,INPUT_DATA!$A:$A,$B17,INPUT_DATA!$B:$B,"S")) -> 57131840 | F17: =IF($B17=0,"",SUMIFS(INPUT_DATA!F:F,INPUT_DATA!$A:$A,$B17,INPUT_DATA!$B:$B,"S")) -> 24671071 | G17: =IF($B17=0,"",SUMIFS(INPUT_DATA!G:G,INPUT_DATA!$A:$A,$B17,INPUT_DATA!$B:$B,"S")) -> 0 | H17: =IF($B17=0,"",SUMIFS(INPUT_DATA!H:H,INPUT_DATA!$A:$A,$B17,INPUT_DATA!$B:$B,"S")) -> 0 | I17: =IF($B17=0,"",SUMIFS(INPUT_DATA!I:I,INPUT_DATA!$A:$A,$B17,INPUT_DATA!$B:$B,"S")) -> 0 | J17: =IF($B17=0,"",SUMIFS(INPUT_DATA!J:J,INPUT_DATA!$A:$A,$B17,INPUT_DATA!$B:$B,"S")) -> 0 | K17: =IF($B17=0,"",SUMIFS(INPUT_DATA!K:K,INPUT_DATA!$A:$A,$B17,INPUT_DATA!$B:$B,"S")) -> 1173747.9 | L17: =IF($B17=0,"",SUMIFS(INPUT_DATA!L:L,INPUT_DATA!$A:$A,$B17,INPUT_DATA!$B:$B,"S")) -> 0 | M17: =IF($B17=0,"",SUMIFS(INPUT_DATA!M:M,INPUT_DATA!$A:$A,$B17,INPUT_DATA!$B:$B,"S")) -> 2454354.2 | N17: =IF($B17=0,"",SUMIFS(INPUT_DATA!N:N,INPUT_DATA!$A:$A,$B17,INPUT_DATA!$B:$B,"S")) -> 0 | O17: =IF($B17=0,"",C17+D17-E17-F17+G17+H17+I17-J17-K17-M17-N17-L17) -> 1.054245e+10 | P17: =IF($B17=0,"",SUMIFS(INPUT_DATA!O:O,INPUT_DATA!$A:$A,$B17,INPUT_DATA!$B:$B,"S")) -> 1.054245e+10 | Q17: =IF($B17=0,"",O17-P17) -> 1.9073486e-06 | R17: =IF($B17=0,"",SUMIFS(INPUT_DATA!BL:BL,INPUT_DATA!$A:$A,$B17,INPUT_DATA!$B:$B,"S")) -> 11750241 | S17: =IF($B17=0,"",SUMIFS(INPUT_DATA!P:P,INPUT_DATA!$A:$A,$B17,INPUT_DATA!$B:$B,"S")) -> 730783.24 | T17: =IF($B17=0,"",SUMIFS(INPUT_DATA!Q:Q,INPUT_DATA!$A:$A,$B17,INPUT_DATA!$B:$B,"S")) -> 150463.81 | U17: =IF($B17=0,"",SUMIFS(INPUT_DATA!R:R,INPUT_DATA!$A:$A,$B17,INPUT_DATA!$B:$B,"S")) -> 0 | V17: =IF($B17=0,"",SUMIFS(INPUT_DATA!S:S,INPUT_DATA!$A:$A,$B17,INPUT_DATA!$B:$B,"S")) -> 218991.74 | W17: =IF($B17=0,"",SUMIFS(INPUT_DATA!T:T,INPUT_DATA!$A:$A,$B17,INPUT_DATA!$B:$B,"S")) -> 55289.46 | X17: =IF($B17=0,"",SUMIFS(INPUT_DATA!U:U,INPUT_DATA!$A:$A,$B17,INPUT_DATA!$B:$B,"S")) -> 0 | Y17: =IF($B17=0,"",SUMIFS(INPUT_DATA!V:V,INPUT_DATA!$A:$A,$B17,INPUT_DATA!$B:$B,"S")) -> 215273.51 | Z17: =IF($B17=0,"",SUMIFS(INPUT_DATA!W:W,INPUT_DATA!$A:$A,$B17,INPUT_DATA!$B:$B,"S")) -> 42557.34 | AA17: =IF($B17=0,"",SUMIFS(INPUT_DATA!X:X,INPUT_DATA!$A:$A,$B17,INPUT_DATA!$B:$B,"S")) -> 0 | AB17: =IF($B17=0,"",SUMIFS(INPUT_DATA!Y:Y,INPUT_DATA!$A:$A,$B17,INPUT_DATA!$B:$B,"S")) -> 0 | AC17: =IF($B17=0,"",SUMIFS(INPUT_DATA!Z:Z,INPUT_DATA!$A:$A,$B17,INPUT_DATA!$B:$B,"S")) -> 0 | AD17: =IF($B17=0,"",SUMIFS(INPUT_DATA!AA:AA,INPUT_DATA!$A:$A,$B17,INPUT_DATA!$B:$B,"S")) -> 0 | AE17: =IF($B17=0,"",SUMIFS(INPUT_DATA!AB:AB,INPUT_DATA!$A:$A,$B17,INPUT_DATA!$B:$B,"S")) -> 0 | AF17: =IF($B17=0,"",SUMIFS(INPUT_DATA!AC:AC,INPUT_DATA!$A:$A,$B17,INPUT_DATA!$B:$B,"S")) -> 0 | AG17: =IF($B17=0,"",SUMIFS(INPUT_DATA!AD:AD,INPUT_DATA!$A:$A,$B17,INPUT_DATA!$B:$B,"S")) -> 0 | AH17: =IF($B17=0,"",SUMIFS(INPUT_DATA!AE:AE,INPUT_DATA!$A:$A,$B17,INPUT_DATA!$B:$B,"S")) -> 33394.2 | AI17: =IF($B17=0,"",SUMIFS(INPUT_DATA!AF:AF,INPUT_DATA!$A:$A,$B17,INPUT_DATA!$B:$B,"S")) -> 4784.77 | AJ17: =IF($B17=0,"",SUMIFS(INPUT_DATA!AG:AG,INPUT_DATA!$A:$A,$B17,INPUT_DATA!$B:$B,"S")) -> 0 | AK17: =IF($B17=0,"",SUMIFS(INPUT_DATA!AK:AK,INPUT_DATA!$A:$A,$B17,INPUT_DATA!$B:$B,"S")) -> 5919.06 | AL17: =IF($B17=0,"",SUMIFS(INPUT_DATA!AL:AL,INPUT_DATA!$A:$A,$B17,INPUT_DATA!$B:$B,"S")) -> 127.1 | AM17: =IF($B17=0,"",SUMIFS(INPUT_DATA!AM:AM,INPUT_DATA!$A:$A,$B17,INPUT_DATA!$B:$B,"S")) -> 0 | AN17: =IF($B17=0,"",SUMIFS(INPUT_DATA!AN:AN,INPUT_DATA!$A:$A,$B17,INPUT_DATA!$B:$B,"S")) -> 0 | AO17: =IF($B17=0,"",SUMIFS(INPUT_DATA!AO:AO,INPUT_DATA!$A:$A,$B17,INPUT_DATA!$B:$B,"S")) -> 0 | AP17: =IF($B17=0,"",SUMIFS(INPUT_DATA!AP:AP,INPUT_DATA!$A:$A,$B17,INPUT_DATA!$B:$B,"S")) -> 0 | AQ17: =IF($B17=0,"",S17+V17-Y17-AB17-AE17-AH17-AK17-AN17) -> 695188.21 | AR17: =IF($B17=0,"",T17+W17-Z17-AC17-AF17-AI17-AL17-AO17) -> 158284.06 | AS17: =IF($B17=0,"",U17+X17-AA17-AD17-AG17-AJ17-AM17-AP17) -> 0 | AT17: =IF($B17=0,"",SUMIFS(INPUT_DATA!AQ:AQ,INPUT_DATA!$A:$A,$B17,INPUT_DATA!$B:$B,"S")) -> 695188.21 | AU17: =IF($B17=0,"",SUMIFS(INPUT_DATA!AR:AR,INPUT_DATA!$A:$A,$B17,INPUT_DATA!$B:$B,"S")) -> 158284.06 | AV17: =IF($B17=0,"",SUMIFS(INPUT_DATA!AS:AS,INPUT_DATA!$A:$A,$B17,INPUT_DATA!$B:$B,"S")) -> 0 | AW17: =IF($B17=0,"",AQ17-AT17) -> 0 | AX17: =IF($B17=0,"",AR17-AU17) -> 0 | AY17: =IF($B17=0,"",AS17-AV17) -> 0 | BA17: =IF($B17=0,"",SUMIFS(INPUT_DATA!C:C,INPUT_DATA!$A:$A,$B17,INPUT_DATA!$B:$B,"D")) -> 689410.54 | BB17: =IF($B17=0,"",SUMIFS(INPUT_DATA!E:E,INPUT_DATA!$A:$A,$B17,INPUT_DATA!$B:$B,"D")) -> 151671.11 | BC17: =IF($B17=0,"",SUMIFS(INPUT_DATA!F:F,INPUT_DATA!$A:$A,$B17,INPUT_DATA!$B:$B,"D")) -> 0 | BD17: =IF($B17=0,"",SUMIFS(INPUT_DATA!G:G,INPUT_DATA!$A:$A,$B17,INPUT_DATA!$B:$B,"D")) -> 0 | BE17: =IF($B17=0,"",SUMIFS(INPUT_DATA!H:H,INPUT_DATA!$A:$A,$B17,INPUT_DATA!$B:$B,"D")) -> 0 | BF17: =IF($B17=0,"",SUMIFS(INPUT_DATA!I:I,INPUT_DATA!$A:$A,$B17,INPUT_DATA!$B:$B,"D")) -> 0 | BG17: =IF($B17=0,"",SUMIFS(INPUT_DATA!J:J,INPUT_DATA!$A:$A,$B17,INPUT_DATA!$B:$B,"D")) -> 0 | BH17: =IF($B17=0,"",SUMIFS(INPUT_DATA!K:K,INPUT_DATA!$A:$A,$B17,INPUT_DATA!$B:$B,"D")) -> 1173747.9 | BI17: =IF($B17=0,"",SUMIFS(INPUT_DATA!L:L,INPUT_DATA!$A:$A,$B17,INPUT_DATA!$B:$B,"D")) -> 0 | BJ17: =IF($B17=0,"",SUMIFS(INPUT_DATA!M:M,INPUT_DATA!$A:$A,$B17,INPUT_DATA!$B:$B,"D")) -> 687200.85 | BK17: =IF($B17=0,"",SUMIFS(INPUT_DATA!N:N,INPUT_DATA!$A:$A,$B17,INPUT_DATA!$B:$B,"D")) -> 0 | BL17: =IF($B17=0,"",BA17-BB17-BC17+BD17+BE17+BF17-BG17+BH17-BJ17-BK17) -> 1024286.5 | BM17: =IF($B17=0,"",SUMIFS(INPUT_DATA!O:O,INPUT_DATA!$A:$A,$B17,INPUT_DATA!$B:$B,"D")) -> 1024286.5 | BN17: =IF($B17=0,"",BL17-BM17) -> -1.1641532e-10 | BO17: =IF($B17=0,"",SUMIFS(INPUT_DATA!P:P,INPUT_DATA!$A:$A,$B17,INPUT_DATA!$B:$B,"D")) -> 499271.63 | BP17: =IF($B17=0,"",SUMIFS(INPUT_DATA!Q:Q,INPUT_DATA!$A:$A,$B17,INPUT_DATA!$B:$B,"D")) -> 8071.44 | BQ17: =IF($B17=0,"",SUMIFS(INPUT_DATA!R:R,INPUT_DATA!$A:$A,$B17,INPUT_DATA!$B:$B,"D")) -> 0 | BR17: =IF($B17=0,"",SUMIFS(INPUT_DATA!S:S,INPUT_DATA!$A:$A,$B17,INPUT_DATA!$B:$B,"D")) -> 148069.62 | BS17: =IF($B17=0,"",SUMIFS(INPUT_DATA!T:T,INPUT_DATA!$A:$A,$B17,INPUT_DATA!$B:$B,"D")) -> 930.13 | BT17: =IF($B17=0,"",SUMIFS(INPUT_DATA!U:U,INPUT_DATA!$A:$A,$B17,INPUT_DATA!$B:$B,"D")) -> 0 | BU17: =IF($B17=0,"",SUMIFS(INPUT_DATA!V:V,INPUT_DATA!$A:$A,$B17,INPUT_DATA!$B:$B,"D")) -> 487158.23 | BV17: =IF($B17=0,"",SUMIFS(INPUT_DATA!W:W,INPUT_DATA!$A:$A,$B17,INPUT_DATA!$B:$B,"D")) -> 3098.08 | BW17: =IF($B17=0,"",SUMIFS(INPUT_DATA!X:X,INPUT_DATA!$A:$A,$B17,INPUT_DATA!$B:$B,"D")) -> 0 | BX17: =IF($B17=0,"",SUMIFS(INPUT_DATA!Y:Y,INPUT_DATA!$A:$A,$B17,INPUT_DATA!$B:$B,"D")) -> 0 | BY17: =IF($B17=0,"",SUMIFS(INPUT_DATA!Z:Z,INPUT_DATA!$A:$A,$B17,INPUT_DATA!$B:$B,"D")) -> 0 | BZ17: =IF($B17=0,"",SUMIFS(INPUT_DATA!AA:AA,INPUT_DATA!$A:$A,$B17,INPUT_DATA!$B:$B,"D")) -> 0 | CA17: =IF($B17=0,"",SUMIFS(INPUT_DATA!AB:AB,INPUT_DATA!$A:$A,$B17,INPUT_DATA!$B:$B,"D")) -> 0 | CB17: =IF($B17=0,"",SUMIFS(INPUT_DATA!AC:AC,INPUT_DATA!$A:$A,$B17,INPUT_DATA!$B:$B,"D")) -> 0 | CC17: =IF($B17=0,"",SUMIFS(INPUT_DATA!AD:AD,INPUT_DATA!$A:$A,$B17,INPUT_DATA!$B:$B,"D")) -> 0 | CD17: =IF($B17=0,"",SUMIFS(INPUT_DATA!AE:AE,INPUT_DATA!$A:$A,$B17,INPUT_DATA!$B:$B,"D")) -> 33394.2 | CE17: =IF($B17=0,"",SUMIFS(INPUT_DATA!AF:AF,INPUT_DATA!$A:$A,$B17,INPUT_DATA!$B:$B,"D")) -> 4784.77 | CF17: =IF($B17=0,"",SUMIFS(INPUT_DATA!AG:AG,INPUT_DATA!$A:$A,$B17,INPUT_DATA!$B:$B,"D")) -> 0 | CG17: =IF($B17=0,"",SUMIFS(INPUT_DATA!AH:AH,INPUT_DATA!$A:$A,$B17,INPUT_DATA!$B:$B,"D")) -> 0 | CH17: =IF($B17=0,"",SUMIFS(INPUT_DATA!AI:AI,INPUT_DATA!$A:$A,$B17,INPUT_DATA!$B:$B,"D")) -> 0 | CI17: =IF($B17=0,"",SUMIFS(INPUT_DATA!AJ:AJ,INPUT_DATA!$A:$A,$B17,INPUT_DATA!$B:$B,"D")) -> 0 | CJ17: =IF($B17=0,"",SUMIFS(INPUT_DATA!AK:AK,INPUT_DATA!$A:$A,$B17,INPUT_DATA!$B:$B,"D")) -> 15050.63 | CK17: =IF($B17=0,"",SUMIFS(INPUT_DATA!AL:AL,INPUT_DATA!$A:$A,$B17,INPUT_DATA!$B:$B,"D")) -> 4442.62 | CL17: =IF($B17=0,"",SUMIFS(INPUT_DATA!AM:AM,INPUT_DATA!$A:$A,$B17,INPUT_DATA!$B:$B,"D")) -> 0 | CM17: =IF($B17=0,"",SUMIFS(INPUT_DATA!AN:AN,INPUT_DATA!$A:$A,$B17,INPUT_DATA!$B:$B,"D")) -> 0 | CN17: =IF($B17=0,"",SUMIFS(INPUT_DATA!AO:AO,INPUT_DATA!$A:$A,$B17,INPUT_DATA!$B:$B,"D")) -> 0 | CO17: =IF($B17=0,"",SUMIFS(INPUT_DATA!AP:AP,INPUT_DATA!$A:$A,$B17,INPUT_DATA!$B:$B,"D")) -> 0 | CP17: =IF($B17=0,"",BO17+BR17-BU17-BX17-CA17+CD17-CJ17-CM17+CG17) -> 178526.59 | CQ17: =IF($B17=0,"",BP17+BS17-BV17-BY17-CB17+CE17-CK17-CN17+CH17) -> 6245.64 | CR17: =IF($B17=0,"",BQ17+BT17-BW17-BZ17-CC17+CF17-CL17-CO17+CI17) -> 0 | CS17: =IF($B17=0,"",SUMIFS(INPUT_DATA!AQ:AQ,INPUT_DATA!$A:$A,$B17,INPUT_DATA!$B:$B,"D")) -> 178526.59 | CT17: =IF($B17=0,"",SUMIFS(INPUT_DATA!AR:AR,INPUT_DATA!$A:$A,$B17,INPUT_DATA!$B:$B,"D")) -> 6245.64 | CU17: =IF($B17=0,"",SUMIFS(INPUT_DATA!AS:AS,INPUT_DATA!$A:$A,$B17,INPUT_DATA!$B:$B,"D")) -> 0 | CV17: =IF($B17=0,"",CP17-CS17) -> 2.910383e-11 | CW17: =IF($B17=0,"",CQ17-CT17) -> 0 | CX17: =IF($B17=0,"",CR17-CU17) -> 0
B18: =INPUT_DATA!CR5 -> 46234 | C18: =IF($B18=0,"",SUMIFS(INPUT_DATA!C:C,INPUT_DATA!$A:$A,$B18,INPUT_DATA!$B:$B,"S")) -> 1.073141e+10 | D18: =IF($B18=0,"",SUMIFS(INPUT_DATA!D:D,INPUT_DATA!$A:$A,$B18,INPUT_DATA!$B:$B,"S")) -> 0 | E18: =IF($B18=0,"",SUMIFS(INPUT_DATA!E:E,INPUT_DATA!$A:$A,$B18,INPUT_DATA!$B:$B,"S")) -> 57503357 | F18: =IF($B18=0,"",SUMIFS(INPUT_DATA!F:F,INPUT_DATA!$A:$A,$B18,INPUT_DATA!$B:$B,"S")) -> 38053833 | G18: =IF($B18=0,"",SUMIFS(INPUT_DATA!G:G,INPUT_DATA!$A:$A,$B18,INPUT_DATA!$B:$B,"S")) -> 0 | H18: =IF($B18=0,"",SUMIFS(INPUT_DATA!H:H,INPUT_DATA!$A:$A,$B18,INPUT_DATA!$B:$B,"S")) -> 0 | I18: =IF($B18=0,"",SUMIFS(INPUT_DATA!I:I,INPUT_DATA!$A:$A,$B18,INPUT_DATA!$B:$B,"S")) -> 0 | J18: =IF($B18=0,"",SUMIFS(INPUT_DATA!J:J,INPUT_DATA!$A:$A,$B18,INPUT_DATA!$B:$B,"S")) -> 0 | K18: =IF($B18=0,"",SUMIFS(INPUT_DATA!K:K,INPUT_DATA!$A:$A,$B18,INPUT_DATA!$B:$B,"S")) -> 1165783.6 | L18: =IF($B18=0,"",SUMIFS(INPUT_DATA!L:L,INPUT_DATA!$A:$A,$B18,INPUT_DATA!$B:$B,"S")) -> 0 | M18: =IF($B18=0,"",SUMIFS(INPUT_DATA!M:M,INPUT_DATA!$A:$A,$B18,INPUT_DATA!$B:$B,"S")) -> 6668772.8 | N18: =IF($B18=0,"",SUMIFS(INPUT_DATA!N:N,INPUT_DATA!$A:$A,$B18,INPUT_DATA!$B:$B,"S")) -> 136951.16 | O18: =IF($B18=0,"",C18+D18-E18-F18+G18+H18+I18-J18-K18-M18-N18-L18) -> 1.0627881e+10 | P18: =IF($B18=0,"",SUMIFS(INPUT_DATA!O:O,INPUT_DATA!$A:$A,$B18,INPUT_DATA!$B:$B,"S")) -> 1.0627881e+10 | Q18: =IF($B18=0,"",O18-P18) -> 0 | R18: =IF($B18=0,"",SUMIFS(INPUT_DATA!BL:BL,INPUT_DATA!$A:$A,$B18,INPUT_DATA!$B:$B,"S")) -> 11258.03 | S18: =IF($B18=0,"",SUMIFS(INPUT_DATA!P:P,INPUT_DATA!$A:$A,$B18,INPUT_DATA!$B:$B,"S")) -> 755787.33 | T18: =IF($B18=0,"",SUMIFS(INPUT_DATA!Q:Q,INPUT_DATA!$A:$A,$B18,INPUT_DATA!$B:$B,"S")) -> 164249.82 | U18: =IF($B18=0,"",SUMIFS(INPUT_DATA!R:R,INPUT_DATA!$A:$A,$B18,INPUT_DATA!$B:$B,"S")) -> 0 | V18: =IF($B18=0,"",SUMIFS(INPUT_DATA!S:S,INPUT_DATA!$A:$A,$B18,INPUT_DATA!$B:$B,"S")) -> 222999.95 | W18: =IF($B18=0,"",SUMIFS(INPUT_DATA!T:T,INPUT_DATA!$A:$A,$B18,INPUT_DATA!$B:$B,"S")) -> 49149.88 | X18: =IF($B18=0,"",SUMIFS(INPUT_DATA!U:U,INPUT_DATA!$A:$A,$B18,INPUT_DATA!$B:$B,"S")) -> 0 | Y18: =IF($B18=0,"",SUMIFS(INPUT_DATA!V:V,INPUT_DATA!$A:$A,$B18,INPUT_DATA!$B:$B,"S")) -> 208042.44 | Z18: =IF($B18=0,"",SUMIFS(INPUT_DATA!W:W,INPUT_DATA!$A:$A,$B18,INPUT_DATA!$B:$B,"S")) -> 53091.33 | AA18: =IF($B18=0,"",SUMIFS(INPUT_DATA!X:X,INPUT_DATA!$A:$A,$B18,INPUT_DATA!$B:$B,"S")) -> 0 | AB18: =IF($B18=0,"",SUMIFS(INPUT_DATA!Y:Y,INPUT_DATA!$A:$A,$B18,INPUT_DATA!$B:$B,"S")) -> 0 | AC18: =IF($B18=0,"",SUMIFS(INPUT_DATA!Z:Z,INPUT_DATA!$A:$A,$B18,INPUT_DATA!$B:$B,"S")) -> 0 | AD18: =IF($B18=0,"",SUMIFS(INPUT_DATA!AA:AA,INPUT_DATA!$A:$A,$B18,INPUT_DATA!$B:$B,"S")) -> 0 | AE18: =IF($B18=0,"",SUMIFS(INPUT_DATA!AB:AB,INPUT_DATA!$A:$A,$B18,INPUT_DATA!$B:$B,"S")) -> 0 | AF18: =IF($B18=0,"",SUMIFS(INPUT_DATA!AC:AC,INPUT_DATA!$A:$A,$B18,INPUT_DATA!$B:$B,"S")) -> 0 | AG18: =IF($B18=0,"",SUMIFS(INPUT_DATA!AD:AD,INPUT_DATA!$A:$A,$B18,INPUT_DATA!$B:$B,"S")) -> 0 | AH18: =IF($B18=0,"",SUMIFS(INPUT_DATA!AE:AE,INPUT_DATA!$A:$A,$B18,INPUT_DATA!$B:$B,"S")) -> 37612.91 | AI18: =IF($B18=0,"",SUMIFS(INPUT_DATA!AF:AF,INPUT_DATA!$A:$A,$B18,INPUT_DATA!$B:$B,"S")) -> 9513.95 | AJ18: =IF($B18=0,"",SUMIFS(INPUT_DATA!AG:AG,INPUT_DATA!$A:$A,$B18,INPUT_DATA!$B:$B,"S")) -> 0 | AK18: =IF($B18=0,"",SUMIFS(INPUT_DATA!AK:AK,INPUT_DATA!$A:$A,$B18,INPUT_DATA!$B:$B,"S")) -> 2348.69 | AL18: =IF($B18=0,"",SUMIFS(INPUT_DATA!AL:AL,INPUT_DATA!$A:$A,$B18,INPUT_DATA!$B:$B,"S")) -> 330.61 | AM18: =IF($B18=0,"",SUMIFS(INPUT_DATA!AM:AM,INPUT_DATA!$A:$A,$B18,INPUT_DATA!$B:$B,"S")) -> 0 | AN18: =IF($B18=0,"",SUMIFS(INPUT_DATA!AN:AN,INPUT_DATA!$A:$A,$B18,INPUT_DATA!$B:$B,"S")) -> 0 | AO18: =IF($B18=0,"",SUMIFS(INPUT_DATA!AO:AO,INPUT_DATA!$A:$A,$B18,INPUT_DATA!$B:$B,"S")) -> 0 | AP18: =IF($B18=0,"",SUMIFS(INPUT_DATA!AP:AP,INPUT_DATA!$A:$A,$B18,INPUT_DATA!$B:$B,"S")) -> 0 | AQ18: =IF($B18=0,"",S18+V18-Y18-AB18-AE18-AH18-AK18-AN18) -> 730783.24 | AR18: =IF($B18=0,"",T18+W18-Z18-AC18-AF18-AI18-AL18-AO18) -> 150463.81 | AS18: =IF($B18=0,"",U18+X18-AA18-AD18-AG18-AJ18-AM18-AP18) -> 0 | AT18: =IF($B18=0,"",SUMIFS(INPUT_DATA!AQ:AQ,INPUT_DATA!$A:$A,$B18,INPUT_DATA!$B:$B,"S")) -> 730783.24 | AU18: =IF($B18=0,"",SUMIFS(INPUT_DATA!AR:AR,INPUT_DATA!$A:$A,$B18,INPUT_DATA!$B:$B,"S")) -> 150463.81 | AV18: =IF($B18=0,"",SUMIFS(INPUT_DATA!AS:AS,INPUT_DATA!$A:$A,$B18,INPUT_DATA!$B:$B,"S")) -> 0 | AW18: =IF($B18=0,"",AQ18-AT18) -> 1.1641532e-10 | AX18: =IF($B18=0,"",AR18-AU18) -> 0 | AY18: =IF($B18=0,"",AS18-AV18) -> 0 | BA18: =IF($B18=0,"",SUMIFS(INPUT_DATA!C:C,INPUT_DATA!$A:$A,$B18,INPUT_DATA!$B:$B,"D")) -> 751161.99 | BB18: =IF($B18=0,"",SUMIFS(INPUT_DATA!E:E,INPUT_DATA!$A:$A,$B18,INPUT_DATA!$B:$B,"D")) -> 476966.13 | BC18: =IF($B18=0,"",SUMIFS(INPUT_DATA!F:F,INPUT_DATA!$A:$A,$B18,INPUT_DATA!$B:$B,"D")) -> 0 | BD18: =IF($B18=0,"",SUMIFS(INPUT_DATA!G:G,INPUT_DATA!$A:$A,$B18,INPUT_DATA!$B:$B,"D")) -> 0 | BE18: =IF($B18=0,"",SUMIFS(INPUT_DATA!H:H,INPUT_DATA!$A:$A,$B18,INPUT_DATA!$B:$B,"D")) -> 0 | BF18: =IF($B18=0,"",SUMIFS(INPUT_DATA!I:I,INPUT_DATA!$A:$A,$B18,INPUT_DATA!$B:$B,"D")) -> 0 | BG18: =IF($B18=0,"",SUMIFS(INPUT_DATA!J:J,INPUT_DATA!$A:$A,$B18,INPUT_DATA!$B:$B,"D")) -> 0 | BH18: =IF($B18=0,"",SUMIFS(INPUT_DATA!K:K,INPUT_DATA!$A:$A,$B18,INPUT_DATA!$B:$B,"D")) -> 1165783.6 | BI18: =IF($B18=0,"",SUMIFS(INPUT_DATA!L:L,INPUT_DATA!$A:$A,$B18,INPUT_DATA!$B:$B,"D")) -> 0 | BJ18: =IF($B18=0,"",SUMIFS(INPUT_DATA!M:M,INPUT_DATA!$A:$A,$B18,INPUT_DATA!$B:$B,"D")) -> 750568.93 | BK18: =IF($B18=0,"",SUMIFS(INPUT_DATA!N:N,INPUT_DATA!$A:$A,$B18,INPUT_DATA!$B:$B,"D")) -> 0 | BL18: =IF($B18=0,"",AZ18+BA18-BB18-BC18+BD18+BE18+BF18-BG18+BH18-BJ18-BK18) -> 689410.54 | BM18: =IF($B18=0,"",SUMIFS(INPUT_DATA!O:O,INPUT_DATA!$A:$A,$B18,INPUT_DATA!$B:$B,"D")) -> 689410.54 | BN18: =IF($B18=0,"",BL18-BM18) -> 1.1641532e-10 | BO18: =IF($B18=0,"",SUMIFS(INPUT_DATA!P:P,INPUT_DATA!$A:$A,$B18,INPUT_DATA!$B:$B,"D")) -> 167034.37 | BP18: =IF($B18=0,"",SUMIFS(INPUT_DATA!Q:Q,INPUT_DATA!$A:$A,$B18,INPUT_DATA!$B:$B,"D")) -> 5520.75 | BQ18: =IF($B18=0,"",SUMIFS(INPUT_DATA!R:R,INPUT_DATA!$A:$A,$B18,INPUT_DATA!$B:$B,"D")) -> 0 | BR18: =IF($B18=0,"",SUMIFS(INPUT_DATA!S:S,INPUT_DATA!$A:$A,$B18,INPUT_DATA!$B:$B,"D")) -> 462247.3 | BS18: =IF($B18=0,"",SUMIFS(INPUT_DATA!T:T,INPUT_DATA!$A:$A,$B18,INPUT_DATA!$B:$B,"D")) -> 1080.67 | BT18: =IF($B18=0,"",SUMIFS(INPUT_DATA!U:U,INPUT_DATA!$A:$A,$B18,INPUT_DATA!$B:$B,"D")) -> 0 | BU18: =IF($B18=0,"",SUMIFS(INPUT_DATA!V:V,INPUT_DATA!$A:$A,$B18,INPUT_DATA!$B:$B,"D")) -> 20322.59 | BV18: =IF($B18=0,"",SUMIFS(INPUT_DATA!W:W,INPUT_DATA!$A:$A,$B18,INPUT_DATA!$B:$B,"D")) -> 3887.26 | BW18: =IF($B18=0,"",SUMIFS(INPUT_DATA!X:X,INPUT_DATA!$A:$A,$B18,INPUT_DATA!$B:$B,"D")) -> 0 | BX18: =IF($B18=0,"",SUMIFS(INPUT_DATA!Y:Y,INPUT_DATA!$A:$A,$B18,INPUT_DATA!$B:$B,"D")) -> 0 | BY18: =IF($B18=0,"",SUMIFS(INPUT_DATA!Z:Z,INPUT_DATA!$A:$A,$B18,INPUT_DATA!$B:$B,"D")) -> 0 | BZ18: =IF($B18=0,"",SUMIFS(INPUT_DATA!AA:AA,INPUT_DATA!$A:$A,$B18,INPUT_DATA!$B:$B,"D")) -> 0 | CA18: =IF($B18=0,"",SUMIFS(INPUT_DATA!AB:AB,INPUT_DATA!$A:$A,$B18,INPUT_DATA!$B:$B,"D")) -> 0 | CB18: =IF($B18=0,"",SUMIFS(INPUT_DATA!AC:AC,INPUT_DATA!$A:$A,$B18,INPUT_DATA!$B:$B,"D")) -> 0 | CC18: =IF($B18=0,"",SUMIFS(INPUT_DATA!AD:AD,INPUT_DATA!$A:$A,$B18,INPUT_DATA!$B:$B,"D")) -> 0 | CD18: =IF($B18=0,"",SUMIFS(INPUT_DATA!AE:AE,INPUT_DATA!$A:$A,$B18,INPUT_DATA!$B:$B,"D")) -> 37612.91 | CE18: =IF($B18=0,"",SUMIFS(INPUT_DATA!AF:AF,INPUT_DATA!$A:$A,$B18,INPUT_DATA!$B:$B,"D")) -> 9513.95 | CF18: =IF($B18=0,"",SUMIFS(INPUT_DATA!AG:AG,INPUT_DATA!$A:$A,$B18,INPUT_DATA!$B:$B,"D")) -> 0 | CG18: =IF($B18=0,"",SUMIFS(INPUT_DATA!AH:AH,INPUT_DATA!$A:$A,$B18,INPUT_DATA!$B:$B,"D")) -> 0 | CH18: =IF($B18=0,"",SUMIFS(INPUT_DATA!AI:AI,INPUT_DATA!$A:$A,$B18,INPUT_DATA!$B:$B,"D")) -> 0 | CI18: =IF($B18=0,"",SUMIFS(INPUT_DATA!AJ:AJ,INPUT_DATA!$A:$A,$B18,INPUT_DATA!$B:$B,"D")) -> 0 | CJ18: =IF($B18=0,"",SUMIFS(INPUT_DATA!AK:AK,INPUT_DATA!$A:$A,$B18,INPUT_DATA!$B:$B,"D")) -> 147300.36 | CK18: =IF($B18=0,"",SUMIFS(INPUT_DATA!AL:AL,INPUT_DATA!$A:$A,$B18,INPUT_DATA!$B:$B,"D")) -> 4156.67 | CL18: =IF($B18=0,"",SUMIFS(INPUT_DATA!AM:AM,INPUT_DATA!$A:$A,$B18,INPUT_DATA!$B:$B,"D")) -> 0 | CM18: =IF($B18=0,"",SUMIFS(INPUT_DATA!AN:AN,INPUT_DATA!$A:$A,$B18,INPUT_DATA!$B:$B,"D")) -> 0 | CN18: =IF($B18=0,"",SUMIFS(INPUT_DATA!AO:AO,INPUT_DATA!$A:$A,$B18,INPUT_DATA!$B:$B,"D")) -> 0 | CO18: =IF($B18=0,"",SUMIFS(INPUT_DATA!AP:AP,INPUT_DATA!$A:$A,$B18,INPUT_DATA!$B:$B,"D")) -> 0 | CP18: =IF($B18=0,"",BO18+BR18-BU18-BX18-CA18+CD18-CJ18-CM18+CG18) -> 499271.63 | CQ18: =IF($B18=0,"",BP18+BS18-BV18-BY18-CB18+CE18-CK18-CN18+CH18) -> 8071.44 | CR18: =IF($B18=0,"",BQ18+BT18-BW18-BZ18-CC18+CF18-CL18-CO18+CI18) -> 0 | CS18: =IF($B18=0,"",SUMIFS(INPUT_DATA!AQ:AQ,INPUT_DATA!$A:$A,$B18,INPUT_DATA!$B:$B,"D")) -> 499271.63 | CT18: =IF($B18=0,"",SUMIFS(INPUT_DATA!AR:AR,INPUT_DATA!$A:$A,$B18,INPUT_DATA!$B:$B,"D")) -> 8071.44 | CU18: =IF($B18=0,"",SUMIFS(INPUT_DATA!AS:AS,INPUT_DATA!$A:$A,$B18,INPUT_DATA!$B:$B,"D")) -> 0 | CV18: =IF($B18=0,"",CP18-CS18) -> 0 | CW18: =IF($B18=0,"",CQ18-CT18) -> 9.094947e-13 | CX18: =IF($B18=0,"",CR18-CU18) -> 0 | CZ18: =SUM(C18:BA18) -> 3.2094729e+10
B19: =INPUT_DATA!CR6 -> 46203 | C19: =IF($B19=0,"",SUMIFS(INPUT_DATA!C:C,INPUT_DATA!$A:$A,$B19,INPUT_DATA!$B:$B,"S")) -> 1.0826314e+10 | D19: =IF($B19=0,"",SUMIFS(INPUT_DATA!D:D,INPUT_DATA!$A:$A,$B19,INPUT_DATA!$B:$B,"S")) -> 0 | E19: =IF($B19=0,"",SUMIFS(INPUT_DATA!E:E,INPUT_DATA!$A:$A,$B19,INPUT_DATA!$B:$B,"S")) -> 57741420 | F19: =IF($B19=0,"",SUMIFS(INPUT_DATA!F:F,INPUT_DATA!$A:$A,$B19,INPUT_DATA!$B:$B,"S")) -> 21785340 | G19: =IF($B19=0,"",SUMIFS(INPUT_DATA!G:G,INPUT_DATA!$A:$A,$B19,INPUT_DATA!$B:$B,"S")) -> 0 | H19: =IF($B19=0,"",SUMIFS(INPUT_DATA!H:H,INPUT_DATA!$A:$A,$B19,INPUT_DATA!$B:$B,"S")) -> 0 | I19: =IF($B19=0,"",SUMIFS(INPUT_DATA!I:I,INPUT_DATA!$A:$A,$B19,INPUT_DATA!$B:$B,"S")) -> 0 | J19: =IF($B19=0,"",SUMIFS(INPUT_DATA!J:J,INPUT_DATA!$A:$A,$B19,INPUT_DATA!$B:$B,"S")) -> 0 | K19: =IF($B19=0,"",SUMIFS(INPUT_DATA!K:K,INPUT_DATA!$A:$A,$B19,INPUT_DATA!$B:$B,"S")) -> 1114351.1 | L19: =IF($B19=0,"",SUMIFS(INPUT_DATA!L:L,INPUT_DATA!$A:$A,$B19,INPUT_DATA!$B:$B,"S")) -> 0 | M19: =IF($B19=0,"",SUMIFS(INPUT_DATA!M:M,INPUT_DATA!$A:$A,$B19,INPUT_DATA!$B:$B,"S")) -> 6910945.5 | N19: =IF($B19=0,"",SUMIFS(INPUT_DATA!N:N,INPUT_DATA!$A:$A,$B19,INPUT_DATA!$B:$B,"S")) -> 7352411.7 | O19: =IF($B19=0,"",C19+D19-E19-F19+G19+H19+I19-J19-K19-M19-N19-L19) -> 1.073141e+10 | P19: =IF($B19=0,"",SUMIFS(INPUT_DATA!O:O,INPUT_DATA!$A:$A,$B19,INPUT_DATA!$B:$B,"S")) -> 1.073141e+10 | Q19: =IF($B19=0,"",O19-P19) -> 1.9073486e-06 | R19: =IF($B19=0,"",SUMIFS(INPUT_DATA!BL:BL,INPUT_DATA!$A:$A,$B19,INPUT_DATA!$B:$B,"S")) -> 11854716 | S19: =IF($B19=0,"",SUMIFS(INPUT_DATA!P:P,INPUT_DATA!$A:$A,$B19,INPUT_DATA!$B:$B,"S")) -> 725774.75 | T19: =IF($B19=0,"",SUMIFS(INPUT_DATA!Q:Q,INPUT_DATA!$A:$A,$B19,INPUT_DATA!$B:$B,"S")) -> 150401.02 | U19: =IF($B19=0,"",SUMIFS(INPUT_DATA!R:R,INPUT_DATA!$A:$A,$B19,INPUT_DATA!$B:$B,"S")) -> 0 | V19: =IF($B19=0,"",SUMIFS(INPUT_DATA!S:S,INPUT_DATA!$A:$A,$B19,INPUT_DATA!$B:$B,"S")) -> 235995.63 | W19: =IF($B19=0,"",SUMIFS(INPUT_DATA!T:T,INPUT_DATA!$A:$A,$B19,INPUT_DATA!$B:$B,"S")) -> 60128.87 | X19: =IF($B19=0,"",SUMIFS(INPUT_DATA!U:U,INPUT_DATA!$A:$A,$B19,INPUT_DATA!$B:$B,"S")) -> 0 | Y19: =IF($B19=0,"",SUMIFS(INPUT_DATA!V:V,INPUT_DATA!$A:$A,$B19,INPUT_DATA!$B:$B,"S")) -> 176875.08 | Z19: =IF($B19=0,"",SUMIFS(INPUT_DATA!W:W,INPUT_DATA!$A:$A,$B19,INPUT_DATA!$B:$B,"S")) -> 35922.3 | AA19: =IF($B19=0,"",SUMIFS(INPUT_DATA!X:X,INPUT_DATA!$A:$A,$B19,INPUT_DATA!$B:$B,"S")) -> 0 | AB19: =IF($B19=0,"",SUMIFS(INPUT_DATA!Y:Y,INPUT_DATA!$A:$A,$B19,INPUT_DATA!$B:$B,"S")) -> 0 | AC19: =IF($B19=0,"",SUMIFS(INPUT_DATA!Z:Z,INPUT_DATA!$A:$A,$B19,INPUT_DATA!$B:$B,"S")) -> 0 | AD19: =IF($B19=0,"",SUMIFS(INPUT_DATA!AA:AA,INPUT_DATA!$A:$A,$B19,INPUT_DATA!$B:$B,"S")) -> 0 | AE19: =IF($B19=0,"",SUMIFS(INPUT_DATA!AB:AB,INPUT_DATA!$A:$A,$B19,INPUT_DATA!$B:$B,"S")) -> 0 | AF19: =IF($B19=0,"",SUMIFS(INPUT_DATA!AC:AC,INPUT_DATA!$A:$A,$B19,INPUT_DATA!$B:$B,"S")) -> 0 | AG19: =IF($B19=0,"",SUMIFS(INPUT_DATA!AD:AD,INPUT_DATA!$A:$A,$B19,INPUT_DATA!$B:$B,"S")) -> 0 | AH19: =IF($B19=0,"",SUMIFS(INPUT_DATA!AE:AE,INPUT_DATA!$A:$A,$B19,INPUT_DATA!$B:$B,"S")) -> 16355.01 | AI19: =IF($B19=0,"",SUMIFS(INPUT_DATA!AF:AF,INPUT_DATA!$A:$A,$B19,INPUT_DATA!$B:$B,"S")) -> 3562.25 | AJ19: =IF($B19=0,"",SUMIFS(INPUT_DATA!AG:AG,INPUT_DATA!$A:$A,$B19,INPUT_DATA!$B:$B,"S")) -> 0 | AK19: =IF($B19=0,"",SUMIFS(INPUT_DATA!AK:AK,INPUT_DATA!$A:$A,$B19,INPUT_DATA!$B:$B,"S")) -> 480.84 | AL19: =IF($B19=0,"",SUMIFS(INPUT_DATA!AL:AL,INPUT_DATA!$A:$A,$B19,INPUT_DATA!$B:$B,"S")) -> 59.79 | AM19: =IF($B19=0,"",SUMIFS(INPUT_DATA!AM:AM,INPUT_DATA!$A:$A,$B19,INPUT_DATA!$B:$B,"S")) -> 0 | AN19: =IF($B19=0,"",SUMIFS(INPUT_DATA!AN:AN,INPUT_DATA!$A:$A,$B19,INPUT_DATA!$B:$B,"S")) -> 12272.12 | AO19: =IF($B19=0,"",SUMIFS(INPUT_DATA!AO:AO,INPUT_DATA!$A:$A,$B19,INPUT_DATA!$B:$B,"S")) -> 6735.73 | AP19: =IF($B19=0,"",SUMIFS(INPUT_DATA!AP:AP,INPUT_DATA!$A:$A,$B19,INPUT_DATA!$B:$B,"S")) -> 0 | AQ19: =IF($B19=0,"",S19+V19-Y19-AB19-AE19-AH19-AK19-AN19) -> 755787.33 | AR19: =IF($B19=0,"",T19+W19-Z19-AC19-AF19-AI19-AL19-AO19) -> 164249.82 | AS19: =IF($B19=0,"",U19+X19-AA19-AD19-AG19-AJ19-AM19-AP19) -> 0 | AT19: =IF($B19=0,"",SUMIFS(INPUT_DATA!AQ:AQ,INPUT_DATA!$A:$A,$B19,INPUT_DATA!$B:$B,"S")) -> 755787.33 | AU19: =IF($B19=0,"",SUMIFS(INPUT_DATA!AR:AR,INPUT_DATA!$A:$A,$B19,INPUT_DATA!$B:$B,"S")) -> 164249.82 | AV19: =IF($B19=0,"",SUMIFS(INPUT_DATA!AS:AS,INPUT_DATA!$A:$A,$B19,INPUT_DATA!$B:$B,"S")) -> 0 | AW19: =IF($B19=0,"",AQ19-AT19) -> 1.1641532e-10 | AX19: =IF($B19=0,"",AR19-AU19) -> -5.8207661e-11 | AY19: =IF($B19=0,"",AS19-AV19) -> 0 | BA19: =IF($B19=0,"",SUMIFS(INPUT_DATA!C:C,INPUT_DATA!$A:$A,$B19,INPUT_DATA!$B:$B,"D")) -> 874993.34 | BB19: =IF($B19=0,"",SUMIFS(INPUT_DATA!E:E,INPUT_DATA!$A:$A,$B19,INPUT_DATA!$B:$B,"D")) -> 365956.22 | BC19: =IF($B19=0,"",SUMIFS(INPUT_DATA!F:F,INPUT_DATA!$A:$A,$B19,INPUT_DATA!$B:$B,"D")) -> 0 | BD19: =IF($B19=0,"",SUMIFS(INPUT_DATA!G:G,INPUT_DATA!$A:$A,$B19,INPUT_DATA!$B:$B,"D")) -> 0 | BE19: =IF($B19=0,"",SUMIFS(INPUT_DATA!H:H,INPUT_DATA!$A:$A,$B19,INPUT_DATA!$B:$B,"D")) -> 0 | BF19: =IF($B19=0,"",SUMIFS(INPUT_DATA!I:I,INPUT_DATA!$A:$A,$B19,INPUT_DATA!$B:$B,"D")) -> 0 | BG19: =IF($B19=0,"",SUMIFS(INPUT_DATA!J:J,INPUT_DATA!$A:$A,$B19,INPUT_DATA!$B:$B,"D")) -> 0 | BH19: =IF($B19=0,"",SUMIFS(INPUT_DATA!K:K,INPUT_DATA!$A:$A,$B19,INPUT_DATA!$B:$B,"D")) -> 1114351.1 | BI19: =IF($B19=0,"",SUMIFS(INPUT_DATA!L:L,INPUT_DATA!$A:$A,$B19,INPUT_DATA!$B:$B,"D")) -> 0 | BJ19: =IF($B19=0,"",SUMIFS(INPUT_DATA!M:M,INPUT_DATA!$A:$A,$B19,INPUT_DATA!$B:$B,"D")) -> 872226.22 | BK19: =IF($B19=0,"",SUMIFS(INPUT_DATA!N:N,INPUT_DATA!$A:$A,$B19,INPUT_DATA!$B:$B,"D")) -> 0 | BL19: =IF($B19=0,"",AZ19+BA19-BB19-BC19+BD19+BE19+BF19-BG19+BH19-BJ19-BK19) -> 751161.99 | BM19: =IF($B19=0,"",SUMIFS(INPUT_DATA!O:O,INPUT_DATA!$A:$A,$B19,INPUT_DATA!$B:$B,"D")) -> 751161.99 | BN19: =IF($B19=0,"",BL19-BM19) -> 0 | BO19: =IF($B19=0,"",SUMIFS(INPUT_DATA!P:P,INPUT_DATA!$A:$A,$B19,INPUT_DATA!$B:$B,"D")) -> 31279.87 | BP19: =IF($B19=0,"",SUMIFS(INPUT_DATA!Q:Q,INPUT_DATA!$A:$A,$B19,INPUT_DATA!$B:$B,"D")) -> 10195.69 | BQ19: =IF($B19=0,"",SUMIFS(INPUT_DATA!R:R,INPUT_DATA!$A:$A,$B19,INPUT_DATA!$B:$B,"D")) -> 0 | BR19: =IF($B19=0,"",SUMIFS(INPUT_DATA!S:S,INPUT_DATA!$A:$A,$B19,INPUT_DATA!$B:$B,"D")) -> 309615.06 | BS19: =IF($B19=0,"",SUMIFS(INPUT_DATA!T:T,INPUT_DATA!$A:$A,$B19,INPUT_DATA!$B:$B,"D")) -> 1554.45 | BT19: =IF($B19=0,"",SUMIFS(INPUT_DATA!U:U,INPUT_DATA!$A:$A,$B19,INPUT_DATA!$B:$B,"D")) -> 0 | BU19: =IF($B19=0,"",SUMIFS(INPUT_DATA!V:V,INPUT_DATA!$A:$A,$B19,INPUT_DATA!$B:$B,"D")) -> 0 | BV19: =IF($B19=0,"",SUMIFS(INPUT_DATA!W:W,INPUT_DATA!$A:$A,$B19,INPUT_DATA!$B:$B,"D")) -> 0 | BW19: =IF($B19=0,"",SUMIFS(INPUT_DATA!X:X,INPUT_DATA!$A:$A,$B19,INPUT_DATA!$B:$B,"D")) -> 0 | BX19: =IF($B19=0,"",SUMIFS(INPUT_DATA!Y:Y,INPUT_DATA!$A:$A,$B19,INPUT_DATA!$B:$B,"D")) -> 0 | BY19: =IF($B19=0,"",SUMIFS(INPUT_DATA!Z:Z,INPUT_DATA!$A:$A,$B19,INPUT_DATA!$B:$B,"D")) -> 0 | BZ19: =IF($B19=0,"",SUMIFS(INPUT_DATA!AA:AA,INPUT_DATA!$A:$A,$B19,INPUT_DATA!$B:$B,"D")) -> 0 | CA19: =IF($B19=0,"",SUMIFS(INPUT_DATA!AB:AB,INPUT_DATA!$A:$A,$B19,INPUT_DATA!$B:$B,"D")) -> 0 | CB19: =IF($B19=0,"",SUMIFS(INPUT_DATA!AC:AC,INPUT_DATA!$A:$A,$B19,INPUT_DATA!$B:$B,"D")) -> 0 | CC19: =IF($B19=0,"",SUMIFS(INPUT_DATA!AD:AD,INPUT_DATA!$A:$A,$B19,INPUT_DATA!$B:$B,"D")) -> 0 | CD19: =IF($B19=0,"",SUMIFS(INPUT_DATA!AE:AE,INPUT_DATA!$A:$A,$B19,INPUT_DATA!$B:$B,"D")) -> 16355.01 | CE19: =IF($B19=0,"",SUMIFS(INPUT_DATA!AF:AF,INPUT_DATA!$A:$A,$B19,INPUT_DATA!$B:$B,"D")) -> 3562.25 | CF19: =IF($B19=0,"",SUMIFS(INPUT_DATA!AG:AG,INPUT_DATA!$A:$A,$B19,INPUT_DATA!$B:$B,"D")) -> 0 | CG19: =IF($B19=0,"",SUMIFS(INPUT_DATA!AH:AH,INPUT_DATA!$A:$A,$B19,INPUT_DATA!$B:$B,"D")) -> 0 | CH19: =IF($B19=0,"",SUMIFS(INPUT_DATA!AI:AI,INPUT_DATA!$A:$A,$B19,INPUT_DATA!$B:$B,"D")) -> 0 | CI19: =IF($B19=0,"",SUMIFS(INPUT_DATA!AJ:AJ,INPUT_DATA!$A:$A,$B19,INPUT_DATA!$B:$B,"D")) -> 0 | CJ19: =IF($B19=0,"",SUMIFS(INPUT_DATA!AK:AK,INPUT_DATA!$A:$A,$B19,INPUT_DATA!$B:$B,"D")) -> 190215.57 | CK19: =IF($B19=0,"",SUMIFS(INPUT_DATA!AL:AL,INPUT_DATA!$A:$A,$B19,INPUT_DATA!$B:$B,"D")) -> 9791.64 | CL19: =IF($B19=0,"",SUMIFS(INPUT_DATA!AM:AM,INPUT_DATA!$A:$A,$B19,INPUT_DATA!$B:$B,"D")) -> 0 | CM19: =IF($B19=0,"",SUMIFS(INPUT_DATA!AN:AN,INPUT_DATA!$A:$A,$B19,INPUT_DATA!$B:$B,"D")) -> 0 | CN19: =IF($B19=0,"",SUMIFS(INPUT_DATA!AO:AO,INPUT_DATA!$A:$A,$B19,INPUT_DATA!$B:$B,"D")) -> 0 | CO19: =IF($B19=0,"",SUMIFS(INPUT_DATA!AP:AP,INPUT_DATA!$A:$A,$B19,INPUT_DATA!$B:$B,"D")) -> 0 | CP19: =IF($B19=0,"",BO19+BR19-BU19-BX19-CA19+CD19-CJ19-CM19+CG19) -> 167034.37 | CQ19: =IF($B19=0,"",BP19+BS19-BV19-BY19-CB19+CE19-CK19-CN19+CH19) -> 5520.75 | CR19: =IF($B19=0,"",BQ19+BT19-BW19-BZ19-CC19+CF19-CL19-CO19+CI19) -> 0 | CS19: =IF($B19=0,"",SUMIFS(INPUT_DATA!AQ:AQ,INPUT_DATA!$A:$A,$B19,INPUT_DATA!$B:$B,"D")) -> 167034.37 | CT19: =IF($B19=0,"",SUMIFS(INPUT_DATA!AR:AR,INPUT_DATA!$A:$A,$B19,INPUT_DATA!$B:$B,"D")) -> 5520.75 | CU19: =IF($B19=0,"",SUMIFS(INPUT_DATA!AS:AS,INPUT_DATA!$A:$A,$B19,INPUT_DATA!$B:$B,"D")) -> 0 | CV19: =IF($B19=0,"",CP19-CS19) -> 0 | CW19: =IF($B19=0,"",CQ19-CT19) -> 1.8189894e-12 | CX19: =IF($B19=0,"",CR19-CU19) -> 0
B20: =INPUT_DATA!CR7 -> 46173 | C20: =IF($B20=0,"",SUMIFS(INPUT_DATA!C:C,INPUT_DATA!$A:$A,$B20,INPUT_DATA!$B:$B,"S")) -> 1.0910642e+10 | D20: =IF($B20=0,"",SUMIFS(INPUT_DATA!D:D,INPUT_DATA!$A:$A,$B20,INPUT_DATA!$B:$B,"S")) -> 0 | E20: =IF($B20=0,"",SUMIFS(INPUT_DATA!E:E,INPUT_DATA!$A:$A,$B20,INPUT_DATA!$B:$B,"S")) -> 57680745 | F20: =IF($B20=0,"",SUMIFS(INPUT_DATA!F:F,INPUT_DATA!$A:$A,$B20,INPUT_DATA!$B:$B,"S")) -> 20665137 | G20: =IF($B20=0,"",SUMIFS(INPUT_DATA!G:G,INPUT_DATA!$A:$A,$B20,INPUT_DATA!$B:$B,"S")) -> 0 | H20: =IF($B20=0,"",SUMIFS(INPUT_DATA!H:H,INPUT_DATA!$A:$A,$B20,INPUT_DATA!$B:$B,"S")) -> 0 | I20: =IF($B20=0,"",SUMIFS(INPUT_DATA!I:I,INPUT_DATA!$A:$A,$B20,INPUT_DATA!$B:$B,"S")) -> 0 | J20: =IF($B20=0,"",SUMIFS(INPUT_DATA!J:J,INPUT_DATA!$A:$A,$B20,INPUT_DATA!$B:$B,"S")) -> 0 | K20: =IF($B20=0,"",SUMIFS(INPUT_DATA!K:K,INPUT_DATA!$A:$A,$B20,INPUT_DATA!$B:$B,"S")) -> 1035980.5 | L20: =IF($B20=0,"",SUMIFS(INPUT_DATA!L:L,INPUT_DATA!$A:$A,$B20,INPUT_DATA!$B:$B,"S")) -> 0 | M20: =IF($B20=0,"",SUMIFS(INPUT_DATA!M:M,INPUT_DATA!$A:$A,$B20,INPUT_DATA!$B:$B,"S")) -> 4433458.8 | N20: =IF($B20=0,"",SUMIFS(INPUT_DATA!N:N,INPUT_DATA!$A:$A,$B20,INPUT_DATA!$B:$B,"S")) -> 512839.92 | O20: =IF($B20=0,"",C20+D20-E20-F20+G20+H20+I20-J20-K20-M20-N20-L20) -> 1.0826314e+10 | P20: =IF($B20=0,"",SUMIFS(INPUT_DATA!O:O,INPUT_DATA!$A:$A,$B20,INPUT_DATA!$B:$B,"S")) -> 1.0826314e+10 | Q20: =IF($B20=0,"",O20-P20) -> 0 | R20: =IF($B20=0,"",SUMIFS(INPUT_DATA!BL:BL,INPUT_DATA!$A:$A,$B20,INPUT_DATA!$B:$B,"S")) -> 12059614 | S20: =IF($B20=0,"",SUMIFS(INPUT_DATA!P:P,INPUT_DATA!$A:$A,$B20,INPUT_DATA!$B:$B,"S")) -> 663276.38 | T20: =IF($B20=0,"",SUMIFS(INPUT_DATA!Q:Q,INPUT_DATA!$A:$A,$B20,INPUT_DATA!$B:$B,"S")) -> 144234.53 | U20: =IF($B20=0,"",SUMIFS(INPUT_DATA!R:R,INPUT_DATA!$A:$A,$B20,INPUT_DATA!$B:$B,"S")) -> 0 | V20: =IF($B20=0,"",SUMIFS(INPUT_DATA!S:S,INPUT_DATA!$A:$A,$B20,INPUT_DATA!$B:$B,"S")) -> 234166.69 | W20: =IF($B20=0,"",SUMIFS(INPUT_DATA!T:T,INPUT_DATA!$A:$A,$B20,INPUT_DATA!$B:$B,"S")) -> 45965.76 | X20: =IF($B20=0,"",SUMIFS(INPUT_DATA!U:U,INPUT_DATA!$A:$A,$B20,INPUT_DATA!$B:$B,"S")) -> 0 | Y20: =IF($B20=0,"",SUMIFS(INPUT_DATA!V:V,INPUT_DATA!$A:$A,$B20,INPUT_DATA!$B:$B,"S")) -> 143120.76 | Z20: =IF($B20=0,"",SUMIFS(INPUT_DATA!W:W,INPUT_DATA!$A:$A,$B20,INPUT_DATA!$B:$B,"S")) -> 31356.69 | AA20: =IF($B20=0,"",SUMIFS(INPUT_DATA!X:X,INPUT_DATA!$A:$A,$B20,INPUT_DATA!$B:$B,"S")) -> 0 | AB20: =IF($B20=0,"",SUMIFS(INPUT_DATA!Y:Y,INPUT_DATA!$A:$A,$B20,INPUT_DATA!$B:$B,"S")) -> 0 | AC20: =IF($B20=0,"",SUMIFS(INPUT_DATA!Z:Z,INPUT_DATA!$A:$A,$B20,INPUT_DATA!$B:$B,"S")) -> 0 | AD20: =IF($B20=0,"",SUMIFS(INPUT_DATA!AA:AA,INPUT_DATA!$A:$A,$B20,INPUT_DATA!$B:$B,"S")) -> 0 | AE20: =IF($B20=0,"",SUMIFS(INPUT_DATA!AB:AB,INPUT_DATA!$A:$A,$B20,INPUT_DATA!$B:$B,"S")) -> 0 | AF20: =IF($B20=0,"",SUMIFS(INPUT_DATA!AC:AC,INPUT_DATA!$A:$A,$B20,INPUT_DATA!$B:$B,"S")) -> 0 | AG20: =IF($B20=0,"",SUMIFS(INPUT_DATA!AD:AD,INPUT_DATA!$A:$A,$B20,INPUT_DATA!$B:$B,"S")) -> 0 | AH20: =IF($B20=0,"",SUMIFS(INPUT_DATA!AE:AE,INPUT_DATA!$A:$A,$B20,INPUT_DATA!$B:$B,"S")) -> 28547.56 | AI20: =IF($B20=0,"",SUMIFS(INPUT_DATA!AF:AF,INPUT_DATA!$A:$A,$B20,INPUT_DATA!$B:$B,"S")) -> 8442.58 | AJ20: =IF($B20=0,"",SUMIFS(INPUT_DATA!AG:AG,INPUT_DATA!$A:$A,$B20,INPUT_DATA!$B:$B,"S")) -> 0 | AK20: =IF($B20=0,"",SUMIFS(INPUT_DATA!AK:AK,INPUT_DATA!$A:$A,$B20,INPUT_DATA!$B:$B,"S")) -> 0 | AL20: =IF($B20=0,"",SUMIFS(INPUT_DATA!AL:AL,INPUT_DATA!$A:$A,$B20,INPUT_DATA!$B:$B,"S")) -> 0 | AM20: =IF($B20=0,"",SUMIFS(INPUT_DATA!AM:AM,INPUT_DATA!$A:$A,$B20,INPUT_DATA!$B:$B,"S")) -> 0 | AN20: =IF($B20=0,"",SUMIFS(INPUT_DATA!AN:AN,INPUT_DATA!$A:$A,$B20,INPUT_DATA!$B:$B,"S")) -> 0 | AO20: =IF($B20=0,"",SUMIFS(INPUT_DATA!AO:AO,INPUT_DATA!$A:$A,$B20,INPUT_DATA!$B:$B,"S")) -> 0 | AP20: =IF($B20=0,"",SUMIFS(INPUT_DATA!AP:AP,INPUT_DATA!$A:$A,$B20,INPUT_DATA!$B:$B,"S")) -> 0 | AQ20: =IF($B20=0,"",S20+V20-Y20-AB20-AE20-AH20-AK20-AN20) -> 725774.75 | AR20: =IF($B20=0,"",T20+W20-Z20-AC20-AF20-AI20-AL20-AO20) -> 150401.02 | AS20: =IF($B20=0,"",U20+X20-AA20-AD20-AG20-AJ20-AM20-AP20) -> 0 | AT20: =IF($B20=0,"",SUMIFS(INPUT_DATA!AQ:AQ,INPUT_DATA!$A:$A,$B20,INPUT_DATA!$B:$B,"S")) -> 725774.75 | AU20: =IF($B20=0,"",SUMIFS(INPUT_DATA!AR:AR,INPUT_DATA!$A:$A,$B20,INPUT_DATA!$B:$B,"S")) -> 150401.02 | AV20: =IF($B20=0,"",SUMIFS(INPUT_DATA!AS:AS,INPUT_DATA!$A:$A,$B20,INPUT_DATA!$B:$B,"S")) -> 0 | AW20: =IF($B20=0,"",AQ20-AT20) -> 0 | AX20: =IF($B20=0,"",AR20-AU20) -> 2.910383e-11 | AY20: =IF($B20=0,"",AS20-AV20) -> 0 | BA20: =IF($B20=0,"",SUMIFS(INPUT_DATA!C:C,INPUT_DATA!$A:$A,$B20,INPUT_DATA!$B:$B,"D")) -> 643443.9 | BB20: =IF($B20=0,"",SUMIFS(INPUT_DATA!E:E,INPUT_DATA!$A:$A,$B20,INPUT_DATA!$B:$B,"D")) -> 161506.52 | BC20: =IF($B20=0,"",SUMIFS(INPUT_DATA!F:F,INPUT_DATA!$A:$A,$B20,INPUT_DATA!$B:$B,"D")) -> 0 | BD20: =IF($B20=0,"",SUMIFS(INPUT_DATA!G:G,INPUT_DATA!$A:$A,$B20,INPUT_DATA!$B:$B,"D")) -> 0 | BE20: =IF($B20=0,"",SUMIFS(INPUT_DATA!H:H,INPUT_DATA!$A:$A,$B20,INPUT_DATA!$B:$B,"D")) -> 0 | BF20: =IF($B20=0,"",SUMIFS(INPUT_DATA!I:I,INPUT_DATA!$A:$A,$B20,INPUT_DATA!$B:$B,"D")) -> 0 | BG20: =IF($B20=0,"",SUMIFS(INPUT_DATA!J:J,INPUT_DATA!$A:$A,$B20,INPUT_DATA!$B:$B,"D")) -> 0 | BH20: =IF($B20=0,"",SUMIFS(INPUT_DATA!K:K,INPUT_DATA!$A:$A,$B20,INPUT_DATA!$B:$B,"D")) -> 1035980.5 | BI20: =IF($B20=0,"",SUMIFS(INPUT_DATA!L:L,INPUT_DATA!$A:$A,$B20,INPUT_DATA!$B:$B,"D")) -> 0 | BJ20: =IF($B20=0,"",SUMIFS(INPUT_DATA!M:M,INPUT_DATA!$A:$A,$B20,INPUT_DATA!$B:$B,"D")) -> 642924.51 | BK20: =IF($B20=0,"",SUMIFS(INPUT_DATA!N:N,INPUT_DATA!$A:$A,$B20,INPUT_DATA!$B:$B,"D")) -> 0 | BL20: =IF($B20=0,"",AZ20+BA20-BB20-BC20+BD20+BE20+BF20-BG20+BH20-BJ20-BK20) -> 874993.34 | BM20: =IF($B20=0,"",SUMIFS(INPUT_DATA!O:O,INPUT_DATA!$A:$A,$B20,INPUT_DATA!$B:$B,"D")) -> 874993.34 | BN20: =IF($B20=0,"",BL20-BM20) -> 1.1641532e-10 | BO20: =IF($B20=0,"",SUMIFS(INPUT_DATA!P:P,INPUT_DATA!$A:$A,$B20,INPUT_DATA!$B:$B,"D")) -> 4125.7 | BP20: =IF($B20=0,"",SUMIFS(INPUT_DATA!Q:Q,INPUT_DATA!$A:$A,$B20,INPUT_DATA!$B:$B,"D")) -> 2477.91 | BQ20: =IF($B20=0,"",SUMIFS(INPUT_DATA!R:R,INPUT_DATA!$A:$A,$B20,INPUT_DATA!$B:$B,"D")) -> 0 | BR20: =IF($B20=0,"",SUMIFS(INPUT_DATA!S:S,INPUT_DATA!$A:$A,$B20,INPUT_DATA!$B:$B,"D")) -> 3251.7 | BS20: =IF($B20=0,"",SUMIFS(INPUT_DATA!T:T,INPUT_DATA!$A:$A,$B20,INPUT_DATA!$B:$B,"D")) -> 966.11 | BT20: =IF($B20=0,"",SUMIFS(INPUT_DATA!U:U,INPUT_DATA!$A:$A,$B20,INPUT_DATA!$B:$B,"D")) -> 0 | BU20: =IF($B20=0,"",SUMIFS(INPUT_DATA!V:V,INPUT_DATA!$A:$A,$B20,INPUT_DATA!$B:$B,"D")) -> 0 | BV20: =IF($B20=0,"",SUMIFS(INPUT_DATA!W:W,INPUT_DATA!$A:$A,$B20,INPUT_DATA!$B:$B,"D")) -> 0 | BW20: =IF($B20=0,"",SUMIFS(INPUT_DATA!X:X,INPUT_DATA!$A:$A,$B20,INPUT_DATA!$B:$B,"D")) -> 0 | BX20: =IF($B20=0,"",SUMIFS(INPUT_DATA!Y:Y,INPUT_DATA!$A:$A,$B20,INPUT_DATA!$B:$B,"D")) -> 0 | BY20: =IF($B20=0,"",SUMIFS(INPUT_DATA!Z:Z,INPUT_DATA!$A:$A,$B20,INPUT_DATA!$B:$B,"D")) -> 0 | BZ20: =IF($B20=0,"",SUMIFS(INPUT_DATA!AA:AA,INPUT_DATA!$A:$A,$B20,INPUT_DATA!$B:$B,"D")) -> 0 | CA20: =IF($B20=0,"",SUMIFS(INPUT_DATA!AB:AB,INPUT_DATA!$A:$A,$B20,INPUT_DATA!$B:$B,"D")) -> 0 | CB20: =IF($B20=0,"",SUMIFS(INPUT_DATA!AC:AC,INPUT_DATA!$A:$A,$B20,INPUT_DATA!$B:$B,"D")) -> 0 | CC20: =IF($B20=0,"",SUMIFS(INPUT_DATA!AD:AD,INPUT_DATA!$A:$A,$B20,INPUT_DATA!$B:$B,"D")) -> 0 | CD20: =IF($B20=0,"",SUMIFS(INPUT_DATA!AE:AE,INPUT_DATA!$A:$A,$B20,INPUT_DATA!$B:$B,"D")) -> 28547.56 | CE20: =IF($B20=0,"",SUMIFS(INPUT_DATA!AF:AF,INPUT_DATA!$A:$A,$B20,INPUT_DATA!$B:$B,"D")) -> 8442.58 | CF20: =IF($B20=0,"",SUMIFS(INPUT_DATA!AG:AG,INPUT_DATA!$A:$A,$B20,INPUT_DATA!$B:$B,"D")) -> 0 | CG20: =IF($B20=0,"",SUMIFS(INPUT_DATA!AH:AH,INPUT_DATA!$A:$A,$B20,INPUT_DATA!$B:$B,"D")) -> 0 | CH20: =IF($B20=0,"",SUMIFS(INPUT_DATA!AI:AI,INPUT_DATA!$A:$A,$B20,INPUT_DATA!$B:$B,"D")) -> 0 | CI20: =IF($B20=0,"",SUMIFS(INPUT_DATA!AJ:AJ,INPUT_DATA!$A:$A,$B20,INPUT_DATA!$B:$B,"D")) -> 0 | CJ20: =IF($B20=0,"",SUMIFS(INPUT_DATA!AK:AK,INPUT_DATA!$A:$A,$B20,INPUT_DATA!$B:$B,"D")) -> 4645.09 | CK20: =IF($B20=0,"",SUMIFS(INPUT_DATA!AL:AL,INPUT_DATA!$A:$A,$B20,INPUT_DATA!$B:$B,"D")) -> 1690.91 | CL20: =IF($B20=0,"",SUMIFS(INPUT_DATA!AM:AM,INPUT_DATA!$A:$A,$B20,INPUT_DATA!$B:$B,"D")) -> 0 | CM20: =IF($B20=0,"",SUMIFS(INPUT_DATA!AN:AN,INPUT_DATA!$A:$A,$B20,INPUT_DATA!$B:$B,"D")) -> 0 | CN20: =IF($B20=0,"",SUMIFS(INPUT_DATA!AO:AO,INPUT_DATA!$A:$A,$B20,INPUT_DATA!$B:$B,"D")) -> 0 | CO20: =IF($B20=0,"",SUMIFS(INPUT_DATA!AP:AP,INPUT_DATA!$A:$A,$B20,INPUT_DATA!$B:$B,"D")) -> 0 | CP20: =IF($B20=0,"",BO20+BR20-BU20-BX20-CA20+CD20-CJ20-CM20+CG20) -> 31279.87 | CQ20: =IF($B20=0,"",BP20+BS20-BV20-BY20-CB20+CE20-CK20-CN20+CH20) -> 10195.69 | CR20: =IF($B20=0,"",BQ20+BT20-BW20-BZ20-CC20+CF20-CL20-CO20+CI20) -> 0 | CS20: =IF($B20=0,"",SUMIFS(INPUT_DATA!AQ:AQ,INPUT_DATA!$A:$A,$B20,INPUT_DATA!$B:$B,"D")) -> 31279.87 | CT20: =IF($B20=0,"",SUMIFS(INPUT_DATA!AR:AR,INPUT_DATA!$A:$A,$B20,INPUT_DATA!$B:$B,"D")) -> 10195.69 | CU20: =IF($B20=0,"",SUMIFS(INPUT_DATA!AS:AS,INPUT_DATA!$A:$A,$B20,INPUT_DATA!$B:$B,"D")) -> 0 | CV20: =IF($B20=0,"",CP20-CS20) -> 0 | CW20: =IF($B20=0,"",CQ20-CT20) -> 0 | CX20: =IF($B20=0,"",CR20-CU20) -> 0
B21: =INPUT_DATA!CR8 -> 46142 | C21: =IF($B21=0,"",SUMIFS(INPUT_DATA!C:C,INPUT_DATA!$A:$A,$B21,INPUT_DATA!$B:$B,"S")) -> 1.1003433e+10 | D21: =IF($B21=0,"",SUMIFS(INPUT_DATA!D:D,INPUT_DATA!$A:$A,$B21,INPUT_DATA!$B:$B,"S")) -> 0 | E21: =IF($B21=0,"",SUMIFS(INPUT_DATA!E:E,INPUT_DATA!$A:$A,$B21,INPUT_DATA!$B:$B,"S")) -> 57814016 | F21: =IF($B21=0,"",SUMIFS(INPUT_DATA!F:F,INPUT_DATA!$A:$A,$B21,INPUT_DATA!$B:$B,"S")) -> 25843781 | G21: =IF($B21=0,"",SUMIFS(INPUT_DATA!G:G,INPUT_DATA!$A:$A,$B21,INPUT_DATA!$B:$B,"S")) -> 0 | H21: =IF($B21=0,"",SUMIFS(INPUT_DATA!H:H,INPUT_DATA!$A:$A,$B21,INPUT_DATA!$B:$B,"S")) -> 0 | I21: =IF($B21=0,"",SUMIFS(INPUT_DATA!I:I,INPUT_DATA!$A:$A,$B21,INPUT_DATA!$B:$B,"S")) -> 0 | J21: =IF($B21=0,"",SUMIFS(INPUT_DATA!J:J,INPUT_DATA!$A:$A,$B21,INPUT_DATA!$B:$B,"S")) -> 0 | K21: =IF($B21=0,"",SUMIFS(INPUT_DATA!K:K,INPUT_DATA!$A:$A,$B21,INPUT_DATA!$B:$B,"S")) -> 644714.96 | L21: =IF($B21=0,"",SUMIFS(INPUT_DATA!L:L,INPUT_DATA!$A:$A,$B21,INPUT_DATA!$B:$B,"S")) -> 0 | M21: =IF($B21=0,"",SUMIFS(INPUT_DATA!M:M,INPUT_DATA!$A:$A,$B21,INPUT_DATA!$B:$B,"S")) -> 8185783.8 | N21: =IF($B21=0,"",SUMIFS(INPUT_DATA!N:N,INPUT_DATA!$A:$A,$B21,INPUT_DATA!$B:$B,"S")) -> 302542.68 | O21: =IF($B21=0,"",C21+D21-E21-F21+G21+H21+I21-J21-K21-M21-N21-L21) -> 1.0910642e+10 | P21: =IF($B21=0,"",SUMIFS(INPUT_DATA!O:O,INPUT_DATA!$A:$A,$B21,INPUT_DATA!$B:$B,"S")) -> 1.0910642e+10 | Q21: =IF($B21=0,"",O21-P21) -> 0 | R21: =IF($B21=0,"",SUMIFS(INPUT_DATA!BL:BL,INPUT_DATA!$A:$A,$B21,INPUT_DATA!$B:$B,"S")) -> 12036303 | S21: =IF($B21=0,"",SUMIFS(INPUT_DATA!P:P,INPUT_DATA!$A:$A,$B21,INPUT_DATA!$B:$B,"S")) -> 611021.68 | T21: =IF($B21=0,"",SUMIFS(INPUT_DATA!Q:Q,INPUT_DATA!$A:$A,$B21,INPUT_DATA!$B:$B,"S")) -> 131070.13 | U21: =IF($B21=0,"",SUMIFS(INPUT_DATA!R:R,INPUT_DATA!$A:$A,$B21,INPUT_DATA!$B:$B,"S")) -> 0 | V21: =IF($B21=0,"",SUMIFS(INPUT_DATA!S:S,INPUT_DATA!$A:$A,$B21,INPUT_DATA!$B:$B,"S")) -> 222338.23 | W21: =IF($B21=0,"",SUMIFS(INPUT_DATA!T:T,INPUT_DATA!$A:$A,$B21,INPUT_DATA!$B:$B,"S")) -> 51062.47 | X21: =IF($B21=0,"",SUMIFS(INPUT_DATA!U:U,INPUT_DATA!$A:$A,$B21,INPUT_DATA!$B:$B,"S")) -> 0 | Y21: =IF($B21=0,"",SUMIFS(INPUT_DATA!V:V,INPUT_DATA!$A:$A,$B21,INPUT_DATA!$B:$B,"S")) -> 165626.97 | Z21: =IF($B21=0,"",SUMIFS(INPUT_DATA!W:W,INPUT_DATA!$A:$A,$B21,INPUT_DATA!$B:$B,"S")) -> 34872.81 | AA21: =IF($B21=0,"",SUMIFS(INPUT_DATA!X:X,INPUT_DATA!$A:$A,$B21,INPUT_DATA!$B:$B,"S")) -> 0 | AB21: =IF($B21=0,"",SUMIFS(INPUT_DATA!Y:Y,INPUT_DATA!$A:$A,$B21,INPUT_DATA!$B:$B,"S")) -> 0 | AC21: =IF($B21=0,"",SUMIFS(INPUT_DATA!Z:Z,INPUT_DATA!$A:$A,$B21,INPUT_DATA!$B:$B,"S")) -> 0 | AD21: =IF($B21=0,"",SUMIFS(INPUT_DATA!AA:AA,INPUT_DATA!$A:$A,$B21,INPUT_DATA!$B:$B,"S")) -> 0 | AE21: =IF($B21=0,"",SUMIFS(INPUT_DATA!AB:AB,INPUT_DATA!$A:$A,$B21,INPUT_DATA!$B:$B,"S")) -> 0 | AF21: =IF($B21=0,"",SUMIFS(INPUT_DATA!AC:AC,INPUT_DATA!$A:$A,$B21,INPUT_DATA!$B:$B,"S")) -> 0 | AG21: =IF($B21=0,"",SUMIFS(INPUT_DATA!AD:AD,INPUT_DATA!$A:$A,$B21,INPUT_DATA!$B:$B,"S")) -> 0 | AH21: =IF($B21=0,"",SUMIFS(INPUT_DATA!AE:AE,INPUT_DATA!$A:$A,$B21,INPUT_DATA!$B:$B,"S")) -> 4098.88 | AI21: =IF($B21=0,"",SUMIFS(INPUT_DATA!AF:AF,INPUT_DATA!$A:$A,$B21,INPUT_DATA!$B:$B,"S")) -> 2549.12 | AJ21: =IF($B21=0,"",SUMIFS(INPUT_DATA!AG:AG,INPUT_DATA!$A:$A,$B21,INPUT_DATA!$B:$B,"S")) -> 0 | AK21: =IF($B21=0,"",SUMIFS(INPUT_DATA!AK:AK,INPUT_DATA!$A:$A,$B21,INPUT_DATA!$B:$B,"S")) -> 357.68 | AL21: =IF($B21=0,"",SUMIFS(INPUT_DATA!AL:AL,INPUT_DATA!$A:$A,$B21,INPUT_DATA!$B:$B,"S")) -> 476.14 | AM21: =IF($B21=0,"",SUMIFS(INPUT_DATA!AM:AM,INPUT_DATA!$A:$A,$B21,INPUT_DATA!$B:$B,"S")) -> 0 | AN21: =IF($B21=0,"",SUMIFS(INPUT_DATA!AN:AN,INPUT_DATA!$A:$A,$B21,INPUT_DATA!$B:$B,"S")) -> 0 | AO21: =IF($B21=0,"",SUMIFS(INPUT_DATA!AO:AO,INPUT_DATA!$A:$A,$B21,INPUT_DATA!$B:$B,"S")) -> 0 | AP21: =IF($B21=0,"",SUMIFS(INPUT_DATA!AP:AP,INPUT_DATA!$A:$A,$B21,INPUT_DATA!$B:$B,"S")) -> 0 | AQ21: =IF($B21=0,"",S21+V21-Y21-AB21-AE21-AH21-AK21-AN21) -> 663276.38 | AR21: =IF($B21=0,"",T21+W21-Z21-AC21-AF21-AI21-AL21-AO21) -> 144234.53 | AS21: =IF($B21=0,"",U21+X21-AA21-AD21-AG21-AJ21-AM21-AP21) -> 0 | AT21: =IF($B21=0,"",SUMIFS(INPUT_DATA!AQ:AQ,INPUT_DATA!$A:$A,$B21,INPUT_DATA!$B:$B,"S")) -> 663276.38 | AU21: =IF($B21=0,"",SUMIFS(INPUT_DATA!AR:AR,INPUT_DATA!$A:$A,$B21,INPUT_DATA!$B:$B,"S")) -> 144234.53 | AV21: =IF($B21=0,"",SUMIFS(INPUT_DATA!AS:AS,INPUT_DATA!$A:$A,$B21,INPUT_DATA!$B:$B,"S")) -> 0 | AW21: =IF($B21=0,"",AQ21-AT21) -> 0 | AX21: =IF($B21=0,"",AR21-AU21) -> 0 | AY21: =IF($B21=0,"",AS21-AV21) -> 0 | BA21: =IF($B21=0,"",SUMIFS(INPUT_DATA!C:C,INPUT_DATA!$A:$A,$B21,INPUT_DATA!$B:$B,"D")) -> 431707.43 | BB21: =IF($B21=0,"",SUMIFS(INPUT_DATA!E:E,INPUT_DATA!$A:$A,$B21,INPUT_DATA!$B:$B,"D")) -> 1984.19 | BC21: =IF($B21=0,"",SUMIFS(INPUT_DATA!F:F,INPUT_DATA!$A:$A,$B21,INPUT_DATA!$B:$B,"D")) -> 0 | BD21: =IF($B21=0,"",SUMIFS(INPUT_DATA!G:G,INPUT_DATA!$A:$A,$B21,INPUT_DATA!$B:$B,"D")) -> 0 | BE21: =IF($B21=0,"",SUMIFS(INPUT_DATA!H:H,INPUT_DATA!$A:$A,$B21,INPUT_DATA!$B:$B,"D")) -> 0 | BF21: =IF($B21=0,"",SUMIFS(INPUT_DATA!I:I,INPUT_DATA!$A:$A,$B21,INPUT_DATA!$B:$B,"D")) -> 0 | BG21: =IF($B21=0,"",SUMIFS(INPUT_DATA!J:J,INPUT_DATA!$A:$A,$B21,INPUT_DATA!$B:$B,"D")) -> 0 | BH21: =IF($B21=0,"",SUMIFS(INPUT_DATA!K:K,INPUT_DATA!$A:$A,$B21,INPUT_DATA!$B:$B,"D")) -> 644714.96 | BI21: =IF($B21=0,"",SUMIFS(INPUT_DATA!L:L,INPUT_DATA!$A:$A,$B21,INPUT_DATA!$B:$B,"D")) -> 0 | BJ21: =IF($B21=0,"",SUMIFS(INPUT_DATA!M:M,INPUT_DATA!$A:$A,$B21,INPUT_DATA!$B:$B,"D")) -> 430994.3 | BK21: =IF($B21=0,"",SUMIFS(INPUT_DATA!N:N,INPUT_DATA!$A:$A,$B21,INPUT_DATA!$B:$B,"D")) -> 0 | BL21: =IF($B21=0,"",AZ21+BA21-BB21-BC21+BD21+BE21+BF21-BG21+BH21-BJ21-BK21) -> 643443.9 | BM21: =IF($B21=0,"",SUMIFS(INPUT_DATA!O:O,INPUT_DATA!$A:$A,$B21,INPUT_DATA!$B:$B,"D")) -> 643443.9 | BN21: =IF($B21=0,"",BL21-BM21) -> -1.1641532e-10 | BO21: =IF($B21=0,"",SUMIFS(INPUT_DATA!P:P,INPUT_DATA!$A:$A,$B21,INPUT_DATA!$B:$B,"D")) -> 4544.2 | BP21: =IF($B21=0,"",SUMIFS(INPUT_DATA!Q:Q,INPUT_DATA!$A:$A,$B21,INPUT_DATA!$B:$B,"D")) -> 3412.91 | BQ21: =IF($B21=0,"",SUMIFS(INPUT_DATA!R:R,INPUT_DATA!$A:$A,$B21,INPUT_DATA!$B:$B,"D")) -> 0 | BR21: =IF($B21=0,"",SUMIFS(INPUT_DATA!S:S,INPUT_DATA!$A:$A,$B21,INPUT_DATA!$B:$B,"D")) -> 1230.6 | BS21: =IF($B21=0,"",SUMIFS(INPUT_DATA!T:T,INPUT_DATA!$A:$A,$B21,INPUT_DATA!$B:$B,"D")) -> 879.92 | BT21: =IF($B21=0,"",SUMIFS(INPUT_DATA!U:U,INPUT_DATA!$A:$A,$B21,INPUT_DATA!$B:$B,"D")) -> 0 | BU21: =IF($B21=0,"",SUMIFS(INPUT_DATA!V:V,INPUT_DATA!$A:$A,$B21,INPUT_DATA!$B:$B,"D")) -> 491.75 | BV21: =IF($B21=0,"",SUMIFS(INPUT_DATA!W:W,INPUT_DATA!$A:$A,$B21,INPUT_DATA!$B:$B,"D")) -> 1228.25 | BW21: =IF($B21=0,"",SUMIFS(INPUT_DATA!X:X,INPUT_DATA!$A:$A,$B21,INPUT_DATA!$B:$B,"D")) -> 0 | BX21: =IF($B21=0,"",SUMIFS(INPUT_DATA!Y:Y,INPUT_DATA!$A:$A,$B21,INPUT_DATA!$B:$B,"D")) -> 0 | BY21: =IF($B21=0,"",SUMIFS(INPUT_DATA!Z:Z,INPUT_DATA!$A:$A,$B21,INPUT_DATA!$B:$B,"D")) -> 0 | BZ21: =IF($B21=0,"",SUMIFS(INPUT_DATA!AA:AA,INPUT_DATA!$A:$A,$B21,INPUT_DATA!$B:$B,"D")) -> 0 | CA21: =IF($B21=0,"",SUMIFS(INPUT_DATA!AB:AB,INPUT_DATA!$A:$A,$B21,INPUT_DATA!$B:$B,"D")) -> 0 | CB21: =IF($B21=0,"",SUMIFS(INPUT_DATA!AC:AC,INPUT_DATA!$A:$A,$B21,INPUT_DATA!$B:$B,"D")) -> 0 | CC21: =IF($B21=0,"",SUMIFS(INPUT_DATA!AD:AD,INPUT_DATA!$A:$A,$B21,INPUT_DATA!$B:$B,"D")) -> 0 | CD21: =IF($B21=0,"",SUMIFS(INPUT_DATA!AE:AE,INPUT_DATA!$A:$A,$B21,INPUT_DATA!$B:$B,"D")) -> 4098.88 | CE21: =IF($B21=0,"",SUMIFS(INPUT_DATA!AF:AF,INPUT_DATA!$A:$A,$B21,INPUT_DATA!$B:$B,"D")) -> 2549.12 | CF21: =IF($B21=0,"",SUMIFS(INPUT_DATA!AG:AG,INPUT_DATA!$A:$A,$B21,INPUT_DATA!$B:$B,"D")) -> 0 | CG21: =IF($B21=0,"",SUMIFS(INPUT_DATA!AH:AH,INPUT_DATA!$A:$A,$B21,INPUT_DATA!$B:$B,"D")) -> 0 | CH21: =IF($B21=0,"",SUMIFS(INPUT_DATA!AI:AI,INPUT_DATA!$A:$A,$B21,INPUT_DATA!$B:$B,"D")) -> 0 | CI21: =IF($B21=0,"",SUMIFS(INPUT_DATA!AJ:AJ,INPUT_DATA!$A:$A,$B21,INPUT_DATA!$B:$B,"D")) -> 0 | CJ21: =IF($B21=0,"",SUMIFS(INPUT_DATA!AK:AK,INPUT_DATA!$A:$A,$B21,INPUT_DATA!$B:$B,"D")) -> 5256.23 | CK21: =IF($B21=0,"",SUMIFS(INPUT_DATA!AL:AL,INPUT_DATA!$A:$A,$B21,INPUT_DATA!$B:$B,"D")) -> 3135.79 | CL21: =IF($B21=0,"",SUMIFS(INPUT_DATA!AM:AM,INPUT_DATA!$A:$A,$B21,INPUT_DATA!$B:$B,"D")) -> 0 | CM21: =IF($B21=0,"",SUMIFS(INPUT_DATA!AN:AN,INPUT_DATA!$A:$A,$B21,INPUT_DATA!$B:$B,"D")) -> 0 | CN21: =IF($B21=0,"",SUMIFS(INPUT_DATA!AO:AO,INPUT_DATA!$A:$A,$B21,INPUT_DATA!$B:$B,"D")) -> 0 | CO21: =IF($B21=0,"",SUMIFS(INPUT_DATA!AP:AP,INPUT_DATA!$A:$A,$B21,INPUT_DATA!$B:$B,"D")) -> 0 | CP21: =IF($B21=0,"",BO21+BR21-BU21-BX21-CA21+CD21-CJ21-CM21+CG21) -> 4125.7 | CQ21: =IF($B21=0,"",BP21+BS21-BV21-BY21-CB21+CE21-CK21-CN21+CH21) -> 2477.91 | CR21: =IF($B21=0,"",BQ21+BT21-BW21-BZ21-CC21+CF21-CL21-CO21+CI21) -> 0 | CS21: =IF($B21=0,"",SUMIFS(INPUT_DATA!AQ:AQ,INPUT_DATA!$A:$A,$B21,INPUT_DATA!$B:$B,"D")) -> 4125.7 | CT21: =IF($B21=0,"",SUMIFS(INPUT_DATA!AR:AR,INPUT_DATA!$A:$A,$B21,INPUT_DATA!$B:$B,"D")) -> 2477.91 | CU21: =IF($B21=0,"",SUMIFS(INPUT_DATA!AS:AS,INPUT_DATA!$A:$A,$B21,INPUT_DATA!$B:$B,"D")) -> 0 | CV21: =IF($B21=0,"",CP21-CS21) -> 9.094947e-13 | CW21: =IF($B21=0,"",CQ21-CT21) -> 0 | CX21: =IF($B21=0,"",CR21-CU21) -> 0
B22: =INPUT_DATA!CR9 -> 46112 | C22: =IF($B22=0,"",SUMIFS(INPUT_DATA!C:C,INPUT_DATA!$A:$A,$B22,INPUT_DATA!$B:$B,"S")) -> 1.112462e+10 | D22: =IF($B22=0,"",SUMIFS(INPUT_DATA!D:D,INPUT_DATA!$A:$A,$B22,INPUT_DATA!$B:$B,"S")) -> 0 | E22: =IF($B22=0,"",SUMIFS(INPUT_DATA!E:E,INPUT_DATA!$A:$A,$B22,INPUT_DATA!$B:$B,"S")) -> 57960643 | F22: =IF($B22=0,"",SUMIFS(INPUT_DATA!F:F,INPUT_DATA!$A:$A,$B22,INPUT_DATA!$B:$B,"S")) -> 27792091 | G22: =IF($B22=0,"",SUMIFS(INPUT_DATA!G:G,INPUT_DATA!$A:$A,$B22,INPUT_DATA!$B:$B,"S")) -> 0 | H22: =IF($B22=0,"",SUMIFS(INPUT_DATA!H:H,INPUT_DATA!$A:$A,$B22,INPUT_DATA!$B:$B,"S")) -> 0 | I22: =IF($B22=0,"",SUMIFS(INPUT_DATA!I:I,INPUT_DATA!$A:$A,$B22,INPUT_DATA!$B:$B,"S")) -> 0 | J22: =IF($B22=0,"",SUMIFS(INPUT_DATA!J:J,INPUT_DATA!$A:$A,$B22,INPUT_DATA!$B:$B,"S")) -> 0 | K22: =IF($B22=0,"",SUMIFS(INPUT_DATA!K:K,INPUT_DATA!$A:$A,$B22,INPUT_DATA!$B:$B,"S")) -> 533922.61 | L22: =IF($B22=0,"",SUMIFS(INPUT_DATA!L:L,INPUT_DATA!$A:$A,$B22,INPUT_DATA!$B:$B,"S")) -> 0 | M22: =IF($B22=0,"",SUMIFS(INPUT_DATA!M:M,INPUT_DATA!$A:$A,$B22,INPUT_DATA!$B:$B,"S")) -> 18071852 | N22: =IF($B22=0,"",SUMIFS(INPUT_DATA!N:N,INPUT_DATA!$A:$A,$B22,INPUT_DATA!$B:$B,"S")) -> 16828653 | O22: =IF($B22=0,"",C22+D22-E22-F22+G22+H22+I22-J22-K22-M22-N22-L22) -> 1.1003433e+10 | P22: =IF($B22=0,"",SUMIFS(INPUT_DATA!O:O,INPUT_DATA!$A:$A,$B22,INPUT_DATA!$B:$B,"S")) -> 1.1003433e+10 | Q22: =IF($B22=0,"",O22-P22) -> 0 | R22: =IF($B22=0,"",SUMIFS(INPUT_DATA!BL:BL,INPUT_DATA!$A:$A,$B22,INPUT_DATA!$B:$B,"S")) -> 12253985 | S22: =IF($B22=0,"",SUMIFS(INPUT_DATA!P:P,INPUT_DATA!$A:$A,$B22,INPUT_DATA!$B:$B,"S")) -> 560557.56 | T22: =IF($B22=0,"",SUMIFS(INPUT_DATA!Q:Q,INPUT_DATA!$A:$A,$B22,INPUT_DATA!$B:$B,"S")) -> 117845.56 | U22: =IF($B22=0,"",SUMIFS(INPUT_DATA!R:R,INPUT_DATA!$A:$A,$B22,INPUT_DATA!$B:$B,"S")) -> 0 | V22: =IF($B22=0,"",SUMIFS(INPUT_DATA!S:S,INPUT_DATA!$A:$A,$B22,INPUT_DATA!$B:$B,"S")) -> 226634.02 | W22: =IF($B22=0,"",SUMIFS(INPUT_DATA!T:T,INPUT_DATA!$A:$A,$B22,INPUT_DATA!$B:$B,"S")) -> 50143.96 | X22: =IF($B22=0,"",SUMIFS(INPUT_DATA!U:U,INPUT_DATA!$A:$A,$B22,INPUT_DATA!$B:$B,"S")) -> 0 | Y22: =IF($B22=0,"",SUMIFS(INPUT_DATA!V:V,INPUT_DATA!$A:$A,$B22,INPUT_DATA!$B:$B,"S")) -> 172767.69 | Z22: =IF($B22=0,"",SUMIFS(INPUT_DATA!W:W,INPUT_DATA!$A:$A,$B22,INPUT_DATA!$B:$B,"S")) -> 35307.91 | AA22: =IF($B22=0,"",SUMIFS(INPUT_DATA!X:X,INPUT_DATA!$A:$A,$B22,INPUT_DATA!$B:$B,"S")) -> 0 | AB22: =IF($B22=0,"",SUMIFS(INPUT_DATA!Y:Y,INPUT_DATA!$A:$A,$B22,INPUT_DATA!$B:$B,"S")) -> 0 | AC22: =IF($B22=0,"",SUMIFS(INPUT_DATA!Z:Z,INPUT_DATA!$A:$A,$B22,INPUT_DATA!$B:$B,"S")) -> 0 | AD22: =IF($B22=0,"",SUMIFS(INPUT_DATA!AA:AA,INPUT_DATA!$A:$A,$B22,INPUT_DATA!$B:$B,"S")) -> 0 | AE22: =IF($B22=0,"",SUMIFS(INPUT_DATA!AB:AB,INPUT_DATA!$A:$A,$B22,INPUT_DATA!$B:$B,"S")) -> 0 | AF22: =IF($B22=0,"",SUMIFS(INPUT_DATA!AC:AC,INPUT_DATA!$A:$A,$B22,INPUT_DATA!$B:$B,"S")) -> 0 | AG22: =IF($B22=0,"",SUMIFS(INPUT_DATA!AD:AD,INPUT_DATA!$A:$A,$B22,INPUT_DATA!$B:$B,"S")) -> 0 | AH22: =IF($B22=0,"",SUMIFS(INPUT_DATA!AE:AE,INPUT_DATA!$A:$A,$B22,INPUT_DATA!$B:$B,"S")) -> 3328.24 | AI22: =IF($B22=0,"",SUMIFS(INPUT_DATA!AF:AF,INPUT_DATA!$A:$A,$B22,INPUT_DATA!$B:$B,"S")) -> 1575.94 | AJ22: =IF($B22=0,"",SUMIFS(INPUT_DATA!AG:AG,INPUT_DATA!$A:$A,$B22,INPUT_DATA!$B:$B,"S")) -> 0 | AK22: =IF($B22=0,"",SUMIFS(INPUT_DATA!AK:AK,INPUT_DATA!$A:$A,$B22,INPUT_DATA!$B:$B,"S")) -> 73.97 | AL22: =IF($B22=0,"",SUMIFS(INPUT_DATA!AL:AL,INPUT_DATA!$A:$A,$B22,INPUT_DATA!$B:$B,"S")) -> 35.54 | AM22: =IF($B22=0,"",SUMIFS(INPUT_DATA!AM:AM,INPUT_DATA!$A:$A,$B22,INPUT_DATA!$B:$B,"S")) -> 0 | AN22: =IF($B22=0,"",SUMIFS(INPUT_DATA!AN:AN,INPUT_DATA!$A:$A,$B22,INPUT_DATA!$B:$B,"S")) -> 0 | AO22: =IF($B22=0,"",SUMIFS(INPUT_DATA!AO:AO,INPUT_DATA!$A:$A,$B22,INPUT_DATA!$B:$B,"S")) -> 0 | AP22: =IF($B22=0,"",SUMIFS(INPUT_DATA!AP:AP,INPUT_DATA!$A:$A,$B22,INPUT_DATA!$B:$B,"S")) -> 0 | AQ22: =IF($B22=0,"",S22+V22-Y22-AB22-AE22-AH22-AK22-AN22) -> 611021.68 | AR22: =IF($B22=0,"",T22+W22-Z22-AC22-AF22-AI22-AL22-AO22) -> 131070.13 | AS22: =IF($B22=0,"",U22+X22-AA22-AD22-AG22-AJ22-AM22-AP22) -> 0 | AT22: =IF($B22=0,"",SUMIFS(INPUT_DATA!AQ:AQ,INPUT_DATA!$A:$A,$B22,INPUT_DATA!$B:$B,"S")) -> 611021.68 | AU22: =IF($B22=0,"",SUMIFS(INPUT_DATA!AR:AR,INPUT_DATA!$A:$A,$B22,INPUT_DATA!$B:$B,"S")) -> 131070.13 | AV22: =IF($B22=0,"",SUMIFS(INPUT_DATA!AS:AS,INPUT_DATA!$A:$A,$B22,INPUT_DATA!$B:$B,"S")) -> 0 | AW22: =IF($B22=0,"",AQ22-AT22) -> 1.1641532e-10 | AX22: =IF($B22=0,"",AR22-AU22) -> -1.4551915e-11 | AY22: =IF($B22=0,"",AS22-AV22) -> 0 | BA22: =IF($B22=0,"",SUMIFS(INPUT_DATA!C:C,INPUT_DATA!$A:$A,$B22,INPUT_DATA!$B:$B,"D")) -> 281667.24 | BB22: =IF($B22=0,"",SUMIFS(INPUT_DATA!E:E,INPUT_DATA!$A:$A,$B22,INPUT_DATA!$B:$B,"D")) -> 102215.18 | BC22: =IF($B22=0,"",SUMIFS(INPUT_DATA!F:F,INPUT_DATA!$A:$A,$B22,INPUT_DATA!$B:$B,"D")) -> 0 | BD22: =IF($B22=0,"",SUMIFS(INPUT_DATA!G:G,INPUT_DATA!$A:$A,$B22,INPUT_DATA!$B:$B,"D")) -> 0 | BE22: =IF($B22=0,"",SUMIFS(INPUT_DATA!H:H,INPUT_DATA!$A:$A,$B22,INPUT_DATA!$B:$B,"D")) -> 0 | BF22: =IF($B22=0,"",SUMIFS(INPUT_DATA!I:I,INPUT_DATA!$A:$A,$B22,INPUT_DATA!$B:$B,"D")) -> 0 | BG22: =IF($B22=0,"",SUMIFS(INPUT_DATA!J:J,INPUT_DATA!$A:$A,$B22,INPUT_DATA!$B:$B,"D")) -> 0 | BH22: =IF($B22=0,"",SUMIFS(INPUT_DATA!K:K,INPUT_DATA!$A:$A,$B22,INPUT_DATA!$B:$B,"D")) -> 533922.61 | BI22: =IF($B22=0,"",SUMIFS(INPUT_DATA!L:L,INPUT_DATA!$A:$A,$B22,INPUT_DATA!$B:$B,"D")) -> 0 | BJ22: =IF($B22=0,"",SUMIFS(INPUT_DATA!M:M,INPUT_DATA!$A:$A,$B22,INPUT_DATA!$B:$B,"D")) -> 281667.24 | BK22: =IF($B22=0,"",SUMIFS(INPUT_DATA!N:N,INPUT_DATA!$A:$A,$B22,INPUT_DATA!$B:$B,"D")) -> 0 | BL22: =IF($B22=0,"",AZ22+BA22-BB22-BC22+BD22+BE22+BF22-BG22+BH22-BJ22-BK22) -> 431707.43 | BM22: =IF($B22=0,"",SUMIFS(INPUT_DATA!O:O,INPUT_DATA!$A:$A,$B22,INPUT_DATA!$B:$B,"D")) -> 431707.43 | BN22: =IF($B22=0,"",BL22-BM22) -> -5.8207661e-11 | BO22: =IF($B22=0,"",SUMIFS(INPUT_DATA!P:P,INPUT_DATA!$A:$A,$B22,INPUT_DATA!$B:$B,"D")) -> 0 | BP22: =IF($B22=0,"",SUMIFS(INPUT_DATA!Q:Q,INPUT_DATA!$A:$A,$B22,INPUT_DATA!$B:$B,"D")) -> 971.61 | BQ22: =IF($B22=0,"",SUMIFS(INPUT_DATA!R:R,INPUT_DATA!$A:$A,$B22,INPUT_DATA!$B:$B,"D")) -> 0 | BR22: =IF($B22=0,"",SUMIFS(INPUT_DATA!S:S,INPUT_DATA!$A:$A,$B22,INPUT_DATA!$B:$B,"D")) -> 1215.96 | BS22: =IF($B22=0,"",SUMIFS(INPUT_DATA!T:T,INPUT_DATA!$A:$A,$B22,INPUT_DATA!$B:$B,"D")) -> 865.36 | BT22: =IF($B22=0,"",SUMIFS(INPUT_DATA!U:U,INPUT_DATA!$A:$A,$B22,INPUT_DATA!$B:$B,"D")) -> 0 | BU22: =IF($B22=0,"",SUMIFS(INPUT_DATA!V:V,INPUT_DATA!$A:$A,$B22,INPUT_DATA!$B:$B,"D")) -> 0 | BV22: =IF($B22=0,"",SUMIFS(INPUT_DATA!W:W,INPUT_DATA!$A:$A,$B22,INPUT_DATA!$B:$B,"D")) -> 0 | BW22: =IF($B22=0,"",SUMIFS(INPUT_DATA!X:X,INPUT_DATA!$A:$A,$B22,INPUT_DATA!$B:$B,"D")) -> 0 | BX22: =IF($B22=0,"",SUMIFS(INPUT_DATA!Y:Y,INPUT_DATA!$A:$A,$B22,INPUT_DATA!$B:$B,"D")) -> 0 | BY22: =IF($B22=0,"",SUMIFS(INPUT_DATA!Z:Z,INPUT_DATA!$A:$A,$B22,INPUT_DATA!$B:$B,"D")) -> 0 | BZ22: =IF($B22=0,"",SUMIFS(INPUT_DATA!AA:AA,INPUT_DATA!$A:$A,$B22,INPUT_DATA!$B:$B,"D")) -> 0 | CA22: =IF($B22=0,"",SUMIFS(INPUT_DATA!AB:AB,INPUT_DATA!$A:$A,$B22,INPUT_DATA!$B:$B,"D")) -> 0 | CB22: =IF($B22=0,"",SUMIFS(INPUT_DATA!AC:AC,INPUT_DATA!$A:$A,$B22,INPUT_DATA!$B:$B,"D")) -> 0 | CC22: =IF($B22=0,"",SUMIFS(INPUT_DATA!AD:AD,INPUT_DATA!$A:$A,$B22,INPUT_DATA!$B:$B,"D")) -> 0 | CD22: =IF($B22=0,"",SUMIFS(INPUT_DATA!AE:AE,INPUT_DATA!$A:$A,$B22,INPUT_DATA!$B:$B,"D")) -> 3328.24 | CE22: =IF($B22=0,"",SUMIFS(INPUT_DATA!AF:AF,INPUT_DATA!$A:$A,$B22,INPUT_DATA!$B:$B,"D")) -> 1575.94 | CF22: =IF($B22=0,"",SUMIFS(INPUT_DATA!AG:AG,INPUT_DATA!$A:$A,$B22,INPUT_DATA!$B:$B,"D")) -> 0 | CG22: =IF($B22=0,"",SUMIFS(INPUT_DATA!AH:AH,INPUT_DATA!$A:$A,$B22,INPUT_DATA!$B:$B,"D")) -> 0 | CH22: =IF($B22=0,"",SUMIFS(INPUT_DATA!AI:AI,INPUT_DATA!$A:$A,$B22,INPUT_DATA!$B:$B,"D")) -> 0 | CI22: =IF($B22=0,"",SUMIFS(INPUT_DATA!AJ:AJ,INPUT_DATA!$A:$A,$B22,INPUT_DATA!$B:$B,"D")) -> 0 | CJ22: =IF($B22=0,"",SUMIFS(INPUT_DATA!AK:AK,INPUT_DATA!$A:$A,$B22,INPUT_DATA!$B:$B,"D")) -> 0 | CK22: =IF($B22=0,"",SUMIFS(INPUT_DATA!AL:AL,INPUT_DATA!$A:$A,$B22,INPUT_DATA!$B:$B,"D")) -> 0 | CL22: =IF($B22=0,"",SUMIFS(INPUT_DATA!AM:AM,INPUT_DATA!$A:$A,$B22,INPUT_DATA!$B:$B,"D")) -> 0 | CM22: =IF($B22=0,"",SUMIFS(INPUT_DATA!AN:AN,INPUT_DATA!$A:$A,$B22,INPUT_DATA!$B:$B,"D")) -> 0 | CN22: =IF($B22=0,"",SUMIFS(INPUT_DATA!AO:AO,INPUT_DATA!$A:$A,$B22,INPUT_DATA!$B:$B,"D")) -> 0 | CO22: =IF($B22=0,"",SUMIFS(INPUT_DATA!AP:AP,INPUT_DATA!$A:$A,$B22,INPUT_DATA!$B:$B,"D")) -> 0 | CP22: =IF($B22=0,"",BO22+BR22-BU22-BX22-CA22+CD22-CJ22-CM22+CG22) -> 4544.2 | CQ22: =IF($B22=0,"",BP22+BS22-BV22-BY22-CB22+CE22-CK22-CN22+CH22) -> 3412.91 | CR22: =IF($B22=0,"",BQ22+BT22-BW22-BZ22-CC22+CF22-CL22-CO22+CI22) -> 0 | CS22: =IF($B22=0,"",SUMIFS(INPUT_DATA!AQ:AQ,INPUT_DATA!$A:$A,$B22,INPUT_DATA!$B:$B,"D")) -> 4544.2 | CT22: =IF($B22=0,"",SUMIFS(INPUT_DATA!AR:AR,INPUT_DATA!$A:$A,$B22,INPUT_DATA!$B:$B,"D")) -> 3412.91 | CU22: =IF($B22=0,"",SUMIFS(INPUT_DATA!AS:AS,INPUT_DATA!$A:$A,$B22,INPUT_DATA!$B:$B,"D")) -> 0 | CV22: =IF($B22=0,"",CP22-CS22) -> 0 | CW22: =IF($B22=0,"",CQ22-CT22) -> 0 | CX22: =IF($B22=0,"",CR22-CU22) -> 0
B23: =INPUT_DATA!CR10 -> 46081 | C23: =IF($B23=0,"",SUMIFS(INPUT_DATA!C:C,INPUT_DATA!$A:$A,$B23,INPUT_DATA!$B:$B,"S")) -> 1.121508e+10 | D23: =IF($B23=0,"",SUMIFS(INPUT_DATA!D:D,INPUT_DATA!$A:$A,$B23,INPUT_DATA!$B:$B,"S")) -> 0 | E23: =IF($B23=0,"",SUMIFS(INPUT_DATA!E:E,INPUT_DATA!$A:$A,$B23,INPUT_DATA!$B:$B,"S")) -> 58086852 | F23: =IF($B23=0,"",SUMIFS(INPUT_DATA!F:F,INPUT_DATA!$A:$A,$B23,INPUT_DATA!$B:$B,"S")) -> 26628699 | G23: =IF($B23=0,"",SUMIFS(INPUT_DATA!G:G,INPUT_DATA!$A:$A,$B23,INPUT_DATA!$B:$B,"S")) -> 0 | H23: =IF($B23=0,"",SUMIFS(INPUT_DATA!H:H,INPUT_DATA!$A:$A,$B23,INPUT_DATA!$B:$B,"S")) -> 0 | I23: =IF($B23=0,"",SUMIFS(INPUT_DATA!I:I,INPUT_DATA!$A:$A,$B23,INPUT_DATA!$B:$B,"S")) -> 0 | J23: =IF($B23=0,"",SUMIFS(INPUT_DATA!J:J,INPUT_DATA!$A:$A,$B23,INPUT_DATA!$B:$B,"S")) -> 0 | K23: =IF($B23=0,"",SUMIFS(INPUT_DATA!K:K,INPUT_DATA!$A:$A,$B23,INPUT_DATA!$B:$B,"S")) -> 340969.13 | L23: =IF($B23=0,"",SUMIFS(INPUT_DATA!L:L,INPUT_DATA!$A:$A,$B23,INPUT_DATA!$B:$B,"S")) -> 0 | M23: =IF($B23=0,"",SUMIFS(INPUT_DATA!M:M,INPUT_DATA!$A:$A,$B23,INPUT_DATA!$B:$B,"S")) -> 5034758.2 | N23: =IF($B23=0,"",SUMIFS(INPUT_DATA!N:N,INPUT_DATA!$A:$A,$B23,INPUT_DATA!$B:$B,"S")) -> 368578.4 | O23: =IF($B23=0,"",C23+D23-E23-F23+G23+H23+I23-J23-K23-M23-N23-L23) -> 1.112462e+10 | P23: =IF($B23=0,"",SUMIFS(INPUT_DATA!O:O,INPUT_DATA!$A:$A,$B23,INPUT_DATA!$B:$B,"S")) -> 1.112462e+10 | Q23: =IF($B23=0,"",O23-P23) -> 0 | R23: =IF($B23=0,"",SUMIFS(INPUT_DATA!BL:BL,INPUT_DATA!$A:$A,$B23,INPUT_DATA!$B:$B,"S")) -> 11938207 | S23: =IF($B23=0,"",SUMIFS(INPUT_DATA!P:P,INPUT_DATA!$A:$A,$B23,INPUT_DATA!$B:$B,"S")) -> 542917.97 | T23: =IF($B23=0,"",SUMIFS(INPUT_DATA!Q:Q,INPUT_DATA!$A:$A,$B23,INPUT_DATA!$B:$B,"S")) -> 110820.17 | U23: =IF($B23=0,"",SUMIFS(INPUT_DATA!R:R,INPUT_DATA!$A:$A,$B23,INPUT_DATA!$B:$B,"S")) -> 0 | V23: =IF($B23=0,"",SUMIFS(INPUT_DATA!S:S,INPUT_DATA!$A:$A,$B23,INPUT_DATA!$B:$B,"S")) -> 224502.1 | W23: =IF($B23=0,"",SUMIFS(INPUT_DATA!T:T,INPUT_DATA!$A:$A,$B23,INPUT_DATA!$B:$B,"S")) -> 48120.14 | X23: =IF($B23=0,"",SUMIFS(INPUT_DATA!U:U,INPUT_DATA!$A:$A,$B23,INPUT_DATA!$B:$B,"S")) -> 0 | Y23: =IF($B23=0,"",SUMIFS(INPUT_DATA!V:V,INPUT_DATA!$A:$A,$B23,INPUT_DATA!$B:$B,"S")) -> 206862.51 | Z23: =IF($B23=0,"",SUMIFS(INPUT_DATA!W:W,INPUT_DATA!$A:$A,$B23,INPUT_DATA!$B:$B,"S")) -> 41094.75 | AA23: =IF($B23=0,"",SUMIFS(INPUT_DATA!X:X,INPUT_DATA!$A:$A,$B23,INPUT_DATA!$B:$B,"S")) -> 0 | AB23: =IF($B23=0,"",SUMIFS(INPUT_DATA!Y:Y,INPUT_DATA!$A:$A,$B23,INPUT_DATA!$B:$B,"S")) -> 0 | AC23: =IF($B23=0,"",SUMIFS(INPUT_DATA!Z:Z,INPUT_DATA!$A:$A,$B23,INPUT_DATA!$B:$B,"S")) -> 0 | AD23: =IF($B23=0,"",SUMIFS(INPUT_DATA!AA:AA,INPUT_DATA!$A:$A,$B23,INPUT_DATA!$B:$B,"S")) -> 0 | AE23: =IF($B23=0,"",SUMIFS(INPUT_DATA!AB:AB,INPUT_DATA!$A:$A,$B23,INPUT_DATA!$B:$B,"S")) -> 0 | AF23: =IF($B23=0,"",SUMIFS(INPUT_DATA!AC:AC,INPUT_DATA!$A:$A,$B23,INPUT_DATA!$B:$B,"S")) -> 0 | AG23: =IF($B23=0,"",SUMIFS(INPUT_DATA!AD:AD,INPUT_DATA!$A:$A,$B23,INPUT_DATA!$B:$B,"S")) -> 0 | AH23: =IF($B23=0,"",SUMIFS(INPUT_DATA!AE:AE,INPUT_DATA!$A:$A,$B23,INPUT_DATA!$B:$B,"S")) -> 0 | AI23: =IF($B23=0,"",SUMIFS(INPUT_DATA!AF:AF,INPUT_DATA!$A:$A,$B23,INPUT_DATA!$B:$B,"S")) -> 0 | AJ23: =IF($B23=0,"",SUMIFS(INPUT_DATA!AG:AG,INPUT_DATA!$A:$A,$B23,INPUT_DATA!$B:$B,"S")) -> 0 | AK23: =IF($B23=0,"",SUMIFS(INPUT_DATA!AK:AK,INPUT_DATA!$A:$A,$B23,INPUT_DATA!$B:$B,"S")) -> 0 | AL23: =IF($B23=0,"",SUMIFS(INPUT_DATA!AL:AL,INPUT_DATA!$A:$A,$B23,INPUT_DATA!$B:$B,"S")) -> 0 | AM23: =IF($B23=0,"",SUMIFS(INPUT_DATA!AM:AM,INPUT_DATA!$A:$A,$B23,INPUT_DATA!$B:$B,"S")) -> 0 | AN23: =IF($B23=0,"",SUMIFS(INPUT_DATA!AN:AN,INPUT_DATA!$A:$A,$B23,INPUT_DATA!$B:$B,"S")) -> 0 | AO23: =IF($B23=0,"",SUMIFS(INPUT_DATA!AO:AO,INPUT_DATA!$A:$A,$B23,INPUT_DATA!$B:$B,"S")) -> 0 | AP23: =IF($B23=0,"",SUMIFS(INPUT_DATA!AP:AP,INPUT_DATA!$A:$A,$B23,INPUT_DATA!$B:$B,"S")) -> 0 | AQ23: =IF($B23=0,"",S23+V23-Y23-AB23-AE23-AH23-AK23-AN23) -> 560557.56 | AR23: =IF($B23=0,"",T23+W23-Z23-AC23-AF23-AI23-AL23-AO23) -> 117845.56 | AS23: =IF($B23=0,"",U23+X23-AA23-AD23-AG23-AJ23-AM23-AP23) -> 0 | AT23: =IF($B23=0,"",SUMIFS(INPUT_DATA!AQ:AQ,INPUT_DATA!$A:$A,$B23,INPUT_DATA!$B:$B,"S")) -> 560557.56 | AU23: =IF($B23=0,"",SUMIFS(INPUT_DATA!AR:AR,INPUT_DATA!$A:$A,$B23,INPUT_DATA!$B:$B,"S")) -> 117845.56 | AV23: =IF($B23=0,"",SUMIFS(INPUT_DATA!AS:AS,INPUT_DATA!$A:$A,$B23,INPUT_DATA!$B:$B,"S")) -> 0 | AW23: =IF($B23=0,"",AQ23-AT23) -> -1.1641532e-10 | AX23: =IF($B23=0,"",AR23-AU23) -> 0 | AY23: =IF($B23=0,"",AS23-AV23) -> 0 | BA23: =IF($B23=0,"",SUMIFS(INPUT_DATA!C:C,INPUT_DATA!$A:$A,$B23,INPUT_DATA!$B:$B,"D")) -> 1763372.9 | BB23: =IF($B23=0,"",SUMIFS(INPUT_DATA!E:E,INPUT_DATA!$A:$A,$B23,INPUT_DATA!$B:$B,"D")) -> 69961.85 | BC23: =IF($B23=0,"",SUMIFS(INPUT_DATA!F:F,INPUT_DATA!$A:$A,$B23,INPUT_DATA!$B:$B,"D")) -> 0 | BD23: =IF($B23=0,"",SUMIFS(INPUT_DATA!G:G,INPUT_DATA!$A:$A,$B23,INPUT_DATA!$B:$B,"D")) -> 0 | BE23: =IF($B23=0,"",SUMIFS(INPUT_DATA!H:H,INPUT_DATA!$A:$A,$B23,INPUT_DATA!$B:$B,"D")) -> 0 | BF23: =IF($B23=0,"",SUMIFS(INPUT_DATA!I:I,INPUT_DATA!$A:$A,$B23,INPUT_DATA!$B:$B,"D")) -> 0 | BG23: =IF($B23=0,"",SUMIFS(INPUT_DATA!J:J,INPUT_DATA!$A:$A,$B23,INPUT_DATA!$B:$B,"D")) -> 0 | BH23: =IF($B23=0,"",SUMIFS(INPUT_DATA!K:K,INPUT_DATA!$A:$A,$B23,INPUT_DATA!$B:$B,"D")) -> 340969.13 | BI23: =IF($B23=0,"",SUMIFS(INPUT_DATA!L:L,INPUT_DATA!$A:$A,$B23,INPUT_DATA!$B:$B,"D")) -> 0 | BJ23: =IF($B23=0,"",SUMIFS(INPUT_DATA!M:M,INPUT_DATA!$A:$A,$B23,INPUT_DATA!$B:$B,"D")) -> 1752713 | BK23: =IF($B23=0,"",SUMIFS(INPUT_DATA!N:N,INPUT_DATA!$A:$A,$B23,INPUT_DATA!$B:$B,"D")) -> 0 | BL23: =IF($B23=0,"",AZ23+BA23-BB23-BC23+BD23+BE23+BF23-BG23+BH23-BJ23-BK23) -> 281667.24 | BM23: =IF($B23=0,"",SUMIFS(INPUT_DATA!O:O,INPUT_DATA!$A:$A,$B23,INPUT_DATA!$B:$B,"D")) -> 281667.24 | BN23: =IF($B23=0,"",BL23-BM23) -> -2.3283064e-10 | BO23: =IF($B23=0,"",SUMIFS(INPUT_DATA!P:P,INPUT_DATA!$A:$A,$B23,INPUT_DATA!$B:$B,"D")) -> 244073.99 | BP23: =IF($B23=0,"",SUMIFS(INPUT_DATA!Q:Q,INPUT_DATA!$A:$A,$B23,INPUT_DATA!$B:$B,"D")) -> 11254.83 | BQ23: =IF($B23=0,"",SUMIFS(INPUT_DATA!R:R,INPUT_DATA!$A:$A,$B23,INPUT_DATA!$B:$B,"D")) -> 0 | BR23: =IF($B23=0,"",SUMIFS(INPUT_DATA!S:S,INPUT_DATA!$A:$A,$B23,INPUT_DATA!$B:$B,"D")) -> 10659.96 | BS23: =IF($B23=0,"",SUMIFS(INPUT_DATA!T:T,INPUT_DATA!$A:$A,$B23,INPUT_DATA!$B:$B,"D")) -> 2414.26 | BT23: =IF($B23=0,"",SUMIFS(INPUT_DATA!U:U,INPUT_DATA!$A:$A,$B23,INPUT_DATA!$B:$B,"D")) -> 0 | BU23: =IF($B23=0,"",SUMIFS(INPUT_DATA!V:V,INPUT_DATA!$A:$A,$B23,INPUT_DATA!$B:$B,"D")) -> 104780.21 | BV23: =IF($B23=0,"",SUMIFS(INPUT_DATA!W:W,INPUT_DATA!$A:$A,$B23,INPUT_DATA!$B:$B,"D")) -> 112.8 | BW23: =IF($B23=0,"",SUMIFS(INPUT_DATA!X:X,INPUT_DATA!$A:$A,$B23,INPUT_DATA!$B:$B,"D")) -> 0 | BX23: =IF($B23=0,"",SUMIFS(INPUT_DATA!Y:Y,INPUT_DATA!$A:$A,$B23,INPUT_DATA!$B:$B,"D")) -> 0 | BY23: =IF($B23=0,"",SUMIFS(INPUT_DATA!Z:Z,INPUT_DATA!$A:$A,$B23,INPUT_DATA!$B:$B,"D")) -> 0 | BZ23: =IF($B23=0,"",SUMIFS(INPUT_DATA!AA:AA,INPUT_DATA!$A:$A,$B23,INPUT_DATA!$B:$B,"D")) -> 0 | CA23: =IF($B23=0,"",SUMIFS(INPUT_DATA!AB:AB,INPUT_DATA!$A:$A,$B23,INPUT_DATA!$B:$B,"D")) -> 0 | CB23: =IF($B23=0,"",SUMIFS(INPUT_DATA!AC:AC,INPUT_DATA!$A:$A,$B23,INPUT_DATA!$B:$B,"D")) -> 0 | CC23: =IF($B23=0,"",SUMIFS(INPUT_DATA!AD:AD,INPUT_DATA!$A:$A,$B23,INPUT_DATA!$B:$B,"D")) -> 0 | CD23: =IF($B23=0,"",SUMIFS(INPUT_DATA!AE:AE,INPUT_DATA!$A:$A,$B23,INPUT_DATA!$B:$B,"D")) -> 0 | CE23: =IF($B23=0,"",SUMIFS(INPUT_DATA!AF:AF,INPUT_DATA!$A:$A,$B23,INPUT_DATA!$B:$B,"D")) -> 0 | CF23: =IF($B23=0,"",SUMIFS(INPUT_DATA!AG:AG,INPUT_DATA!$A:$A,$B23,INPUT_DATA!$B:$B,"D")) -> 0 | CG23: =IF($B23=0,"",SUMIFS(INPUT_DATA!AH:AH,INPUT_DATA!$A:$A,$B23,INPUT_DATA!$B:$B,"D")) -> 0 | CH23: =IF($B23=0,"",SUMIFS(INPUT_DATA!AI:AI,INPUT_DATA!$A:$A,$B23,INPUT_DATA!$B:$B,"D")) -> 0 | CI23: =IF($B23=0,"",SUMIFS(INPUT_DATA!AJ:AJ,INPUT_DATA!$A:$A,$B23,INPUT_DATA!$B:$B,"D")) -> 0 | CJ23: =IF($B23=0,"",SUMIFS(INPUT_DATA!AK:AK,INPUT_DATA!$A:$A,$B23,INPUT_DATA!$B:$B,"D")) -> 149953.74 | CK23: =IF($B23=0,"",SUMIFS(INPUT_DATA!AL:AL,INPUT_DATA!$A:$A,$B23,INPUT_DATA!$B:$B,"D")) -> 12584.68 | CL23: =IF($B23=0,"",SUMIFS(INPUT_DATA!AM:AM,INPUT_DATA!$A:$A,$B23,INPUT_DATA!$B:$B,"D")) -> 0 | CM23: =IF($B23=0,"",SUMIFS(INPUT_DATA!AN:AN,INPUT_DATA!$A:$A,$B23,INPUT_DATA!$B:$B,"D")) -> 0 | CN23: =IF($B23=0,"",SUMIFS(INPUT_DATA!AO:AO,INPUT_DATA!$A:$A,$B23,INPUT_DATA!$B:$B,"D")) -> 0 | CO23: =IF($B23=0,"",SUMIFS(INPUT_DATA!AP:AP,INPUT_DATA!$A:$A,$B23,INPUT_DATA!$B:$B,"D")) -> 0 | CP23: =IF($B23=0,"",BO23+BR23-BU23-BX23-CA23+CD23-CJ23-CM23+CG23) -> 0 | CQ23: =IF($B23=0,"",BP23+BS23-BV23-BY23-CB23+CE23-CK23-CN23+CH23) -> 971.61 | CR23: =IF($B23=0,"",BQ23+BT23-BW23-BZ23-CC23+CF23-CL23-CO23+CI23) -> 0 | CS23: =IF($B23=0,"",SUMIFS(INPUT_DATA!AQ:AQ,INPUT_DATA!$A:$A,$B23,INPUT_DATA!$B:$B,"D")) -> 0 | CT23: =IF($B23=0,"",SUMIFS(INPUT_DATA!AR:AR,INPUT_DATA!$A:$A,$B23,INPUT_DATA!$B:$B,"D")) -> 971.61 | CU23: =IF($B23=0,"",SUMIFS(INPUT_DATA!AS:AS,INPUT_DATA!$A:$A,$B23,INPUT_DATA!$B:$B,"D")) -> 0 | CV23: =IF($B23=0,"",CP23-CS23) -> 0 | CW23: =IF($B23=0,"",CQ23-CT23) -> 5.6843419e-13 | CX23: =IF($B23=0,"",CR23-CU23) -> 0
B24: =INPUT_DATA!CR11 -> 46053 | C24: =IF($B24=0,"",SUMIFS(INPUT_DATA!C:C,INPUT_DATA!$A:$A,$B24,INPUT_DATA!$B:$B,"S")) -> 1.1314221e+10 | D24: =IF($B24=0,"",SUMIFS(INPUT_DATA!D:D,INPUT_DATA!$A:$A,$B24,INPUT_DATA!$B:$B,"S")) -> 0 | E24: =IF($B24=0,"",SUMIFS(INPUT_DATA!E:E,INPUT_DATA!$A:$A,$B24,INPUT_DATA!$B:$B,"S")) -> 59269466 | F24: =IF($B24=0,"",SUMIFS(INPUT_DATA!F:F,INPUT_DATA!$A:$A,$B24,INPUT_DATA!$B:$B,"S")) -> 31941080 | G24: =IF($B24=0,"",SUMIFS(INPUT_DATA!G:G,INPUT_DATA!$A:$A,$B24,INPUT_DATA!$B:$B,"S")) -> 0 | H24: =IF($B24=0,"",SUMIFS(INPUT_DATA!H:H,INPUT_DATA!$A:$A,$B24,INPUT_DATA!$B:$B,"S")) -> 0 | I24: =IF($B24=0,"",SUMIFS(INPUT_DATA!I:I,INPUT_DATA!$A:$A,$B24,INPUT_DATA!$B:$B,"S")) -> 0 | J24: =IF($B24=0,"",SUMIFS(INPUT_DATA!J:J,INPUT_DATA!$A:$A,$B24,INPUT_DATA!$B:$B,"S")) -> 0 | K24: =IF($B24=0,"",SUMIFS(INPUT_DATA!K:K,INPUT_DATA!$A:$A,$B24,INPUT_DATA!$B:$B,"S")) -> 2770700.2 | L24: =IF($B24=0,"",SUMIFS(INPUT_DATA!L:L,INPUT_DATA!$A:$A,$B24,INPUT_DATA!$B:$B,"S")) -> 0 | M24: =IF($B24=0,"",SUMIFS(INPUT_DATA!M:M,INPUT_DATA!$A:$A,$B24,INPUT_DATA!$B:$B,"S")) -> 4660292.3 | N24: =IF($B24=0,"",SUMIFS(INPUT_DATA!N:N,INPUT_DATA!$A:$A,$B24,INPUT_DATA!$B:$B,"S")) -> 498798.16 | O24: =IF($B24=0,"",C24+D24-E24-F24+G24+H24+I24-J24-K24-M24-N24-L24) -> 1.121508e+10 | P24: =IF($B24=0,"",SUMIFS(INPUT_DATA!O:O,INPUT_DATA!$A:$A,$B24,INPUT_DATA!$B:$B,"S")) -> 1.121508e+10 | Q24: =IF($B24=0,"",O24-P24) -> 0 | R24: =IF($B24=0,"",SUMIFS(INPUT_DATA!BL:BL,INPUT_DATA!$A:$A,$B24,INPUT_DATA!$B:$B,"S")) -> 12489715 | S24: =IF($B24=0,"",SUMIFS(INPUT_DATA!P:P,INPUT_DATA!$A:$A,$B24,INPUT_DATA!$B:$B,"S")) -> 564136.54 | T24: =IF($B24=0,"",SUMIFS(INPUT_DATA!Q:Q,INPUT_DATA!$A:$A,$B24,INPUT_DATA!$B:$B,"S")) -> 122020.02 | U24: =IF($B24=0,"",SUMIFS(INPUT_DATA!R:R,INPUT_DATA!$A:$A,$B24,INPUT_DATA!$B:$B,"S")) -> 0 | V24: =IF($B24=0,"",SUMIFS(INPUT_DATA!S:S,INPUT_DATA!$A:$A,$B24,INPUT_DATA!$B:$B,"S")) -> 246104.19 | W24: =IF($B24=0,"",SUMIFS(INPUT_DATA!T:T,INPUT_DATA!$A:$A,$B24,INPUT_DATA!$B:$B,"S")) -> 53257.49 | X24: =IF($B24=0,"",SUMIFS(INPUT_DATA!U:U,INPUT_DATA!$A:$A,$B24,INPUT_DATA!$B:$B,"S")) -> 0 | Y24: =IF($B24=0,"",SUMIFS(INPUT_DATA!V:V,INPUT_DATA!$A:$A,$B24,INPUT_DATA!$B:$B,"S")) -> 182598.61 | Z24: =IF($B24=0,"",SUMIFS(INPUT_DATA!W:W,INPUT_DATA!$A:$A,$B24,INPUT_DATA!$B:$B,"S")) -> 40030.28 | AA24: =IF($B24=0,"",SUMIFS(INPUT_DATA!X:X,INPUT_DATA!$A:$A,$B24,INPUT_DATA!$B:$B,"S")) -> 0 | AB24: =IF($B24=0,"",SUMIFS(INPUT_DATA!Y:Y,INPUT_DATA!$A:$A,$B24,INPUT_DATA!$B:$B,"S")) -> 0 | AC24: =IF($B24=0,"",SUMIFS(INPUT_DATA!Z:Z,INPUT_DATA!$A:$A,$B24,INPUT_DATA!$B:$B,"S")) -> 0 | AD24: =IF($B24=0,"",SUMIFS(INPUT_DATA!AA:AA,INPUT_DATA!$A:$A,$B24,INPUT_DATA!$B:$B,"S")) -> 0 | AE24: =IF($B24=0,"",SUMIFS(INPUT_DATA!AB:AB,INPUT_DATA!$A:$A,$B24,INPUT_DATA!$B:$B,"S")) -> 0 | AF24: =IF($B24=0,"",SUMIFS(INPUT_DATA!AC:AC,INPUT_DATA!$A:$A,$B24,INPUT_DATA!$B:$B,"S")) -> 0 | AG24: =IF($B24=0,"",SUMIFS(INPUT_DATA!AD:AD,INPUT_DATA!$A:$A,$B24,INPUT_DATA!$B:$B,"S")) -> 0 | AH24: =IF($B24=0,"",SUMIFS(INPUT_DATA!AE:AE,INPUT_DATA!$A:$A,$B24,INPUT_DATA!$B:$B,"S")) -> 67809.8 | AI24: =IF($B24=0,"",SUMIFS(INPUT_DATA!AF:AF,INPUT_DATA!$A:$A,$B24,INPUT_DATA!$B:$B,"S")) -> 21320.78 | AJ24: =IF($B24=0,"",SUMIFS(INPUT_DATA!AG:AG,INPUT_DATA!$A:$A,$B24,INPUT_DATA!$B:$B,"S")) -> 0 | AK24: =IF($B24=0,"",SUMIFS(INPUT_DATA!AK:AK,INPUT_DATA!$A:$A,$B24,INPUT_DATA!$B:$B,"S")) -> 16914.35 | AL24: =IF($B24=0,"",SUMIFS(INPUT_DATA!AL:AL,INPUT_DATA!$A:$A,$B24,INPUT_DATA!$B:$B,"S")) -> 3106.28 | AM24: =IF($B24=0,"",SUMIFS(INPUT_DATA!AM:AM,INPUT_DATA!$A:$A,$B24,INPUT_DATA!$B:$B,"S")) -> 0 | AN24: =IF($B24=0,"",SUMIFS(INPUT_DATA!AN:AN,INPUT_DATA!$A:$A,$B24,INPUT_DATA!$B:$B,"S")) -> 0 | AO24: =IF($B24=0,"",SUMIFS(INPUT_DATA!AO:AO,INPUT_DATA!$A:$A,$B24,INPUT_DATA!$B:$B,"S")) -> 0 | AP24: =IF($B24=0,"",SUMIFS(INPUT_DATA!AP:AP,INPUT_DATA!$A:$A,$B24,INPUT_DATA!$B:$B,"S")) -> 0 | AQ24: =IF($B24=0,"",S24+V24-Y24-AB24-AE24-AH24-AK24-AN24) -> 542917.97 | AR24: =IF($B24=0,"",T24+W24-Z24-AC24-AF24-AI24-AL24-AO24) -> 110820.17 | AS24: =IF($B24=0,"",U24+X24-AA24-AD24-AG24-AJ24-AM24-AP24) -> 0 | AT24: =IF($B24=0,"",SUMIFS(INPUT_DATA!AQ:AQ,INPUT_DATA!$A:$A,$B24,INPUT_DATA!$B:$B,"S")) -> 542917.97 | AU24: =IF($B24=0,"",SUMIFS(INPUT_DATA!AR:AR,INPUT_DATA!$A:$A,$B24,INPUT_DATA!$B:$B,"S")) -> 110820.17 | AV24: =IF($B24=0,"",SUMIFS(INPUT_DATA!AS:AS,INPUT_DATA!$A:$A,$B24,INPUT_DATA!$B:$B,"S")) -> 0 | AW24: =IF($B24=0,"",AQ24-AT24) -> 0 | AX24: =IF($B24=0,"",AR24-AU24) -> 1.4551915e-11 | AY24: =IF($B24=0,"",AS24-AV24) -> 0 | BA24: =IF($B24=0,"",SUMIFS(INPUT_DATA!C:C,INPUT_DATA!$A:$A,$B24,INPUT_DATA!$B:$B,"D")) -> 616282.83 | BB24: =IF($B24=0,"",SUMIFS(INPUT_DATA!E:E,INPUT_DATA!$A:$A,$B24,INPUT_DATA!$B:$B,"D")) -> 1008097 | BC24: =IF($B24=0,"",SUMIFS(INPUT_DATA!F:F,INPUT_DATA!$A:$A,$B24,INPUT_DATA!$B:$B,"D")) -> 0 | BD24: =IF($B24=0,"",SUMIFS(INPUT_DATA!G:G,INPUT_DATA!$A:$A,$B24,INPUT_DATA!$B:$B,"D")) -> 0 | BE24: =IF($B24=0,"",SUMIFS(INPUT_DATA!H:H,INPUT_DATA!$A:$A,$B24,INPUT_DATA!$B:$B,"D")) -> 0 | BF24: =IF($B24=0,"",SUMIFS(INPUT_DATA!I:I,INPUT_DATA!$A:$A,$B24,INPUT_DATA!$B:$B,"D")) -> 0 | BG24: =IF($B24=0,"",SUMIFS(INPUT_DATA!J:J,INPUT_DATA!$A:$A,$B24,INPUT_DATA!$B:$B,"D")) -> 0 | BH24: =IF($B24=0,"",SUMIFS(INPUT_DATA!K:K,INPUT_DATA!$A:$A,$B24,INPUT_DATA!$B:$B,"D")) -> 2770700.2 | BI24: =IF($B24=0,"",SUMIFS(INPUT_DATA!L:L,INPUT_DATA!$A:$A,$B24,INPUT_DATA!$B:$B,"D")) -> 0 | BJ24: =IF($B24=0,"",SUMIFS(INPUT_DATA!M:M,INPUT_DATA!$A:$A,$B24,INPUT_DATA!$B:$B,"D")) -> 615513.06 | BK24: =IF($B24=0,"",SUMIFS(INPUT_DATA!N:N,INPUT_DATA!$A:$A,$B24,INPUT_DATA!$B:$B,"D")) -> 0 | BL24: =IF($B24=0,"",AZ24+BA24-BB24-BC24+BD24+BE24+BF24-BG24+BH24-BJ24-BK24) -> 1763372.9 | BM24: =IF($B24=0,"",SUMIFS(INPUT_DATA!O:O,INPUT_DATA!$A:$A,$B24,INPUT_DATA!$B:$B,"D")) -> 1763372.9 | BN24: =IF($B24=0,"",BL24-BM24) -> 0 | BO24: =IF($B24=0,"",SUMIFS(INPUT_DATA!P:P,INPUT_DATA!$A:$A,$B24,INPUT_DATA!$B:$B,"D")) -> 379759.33 | BP24: =IF($B24=0,"",SUMIFS(INPUT_DATA!Q:Q,INPUT_DATA!$A:$A,$B24,INPUT_DATA!$B:$B,"D")) -> 749.6 | BQ24: =IF($B24=0,"",SUMIFS(INPUT_DATA!R:R,INPUT_DATA!$A:$A,$B24,INPUT_DATA!$B:$B,"D")) -> 0 | BR24: =IF($B24=0,"",SUMIFS(INPUT_DATA!S:S,INPUT_DATA!$A:$A,$B24,INPUT_DATA!$B:$B,"D")) -> 189245.87 | BS24: =IF($B24=0,"",SUMIFS(INPUT_DATA!T:T,INPUT_DATA!$A:$A,$B24,INPUT_DATA!$B:$B,"D")) -> 2156.38 | BT24: =IF($B24=0,"",SUMIFS(INPUT_DATA!U:U,INPUT_DATA!$A:$A,$B24,INPUT_DATA!$B:$B,"D")) -> 0 | BU24: =IF($B24=0,"",SUMIFS(INPUT_DATA!V:V,INPUT_DATA!$A:$A,$B24,INPUT_DATA!$B:$B,"D")) -> 12981.68 | BV24: =IF($B24=0,"",SUMIFS(INPUT_DATA!W:W,INPUT_DATA!$A:$A,$B24,INPUT_DATA!$B:$B,"D")) -> 12222.33 | BW24: =IF($B24=0,"",SUMIFS(INPUT_DATA!X:X,INPUT_DATA!$A:$A,$B24,INPUT_DATA!$B:$B,"D")) -> 0 | BX24: =IF($B24=0,"",SUMIFS(INPUT_DATA!Y:Y,INPUT_DATA!$A:$A,$B24,INPUT_DATA!$B:$B,"D")) -> 0 | BY24: =IF($B24=0,"",SUMIFS(INPUT_DATA!Z:Z,INPUT_DATA!$A:$A,$B24,INPUT_DATA!$B:$B,"D")) -> 0 | BZ24: =IF($B24=0,"",SUMIFS(INPUT_DATA!AA:AA,INPUT_DATA!$A:$A,$B24,INPUT_DATA!$B:$B,"D")) -> 0 | CA24: =IF($B24=0,"",SUMIFS(INPUT_DATA!AB:AB,INPUT_DATA!$A:$A,$B24,INPUT_DATA!$B:$B,"D")) -> 0 | CB24: =IF($B24=0,"",SUMIFS(INPUT_DATA!AC:AC,INPUT_DATA!$A:$A,$B24,INPUT_DATA!$B:$B,"D")) -> 0 | CC24: =IF($B24=0,"",SUMIFS(INPUT_DATA!AD:AD,INPUT_DATA!$A:$A,$B24,INPUT_DATA!$B:$B,"D")) -> 0 | CD24: =IF($B24=0,"",SUMIFS(INPUT_DATA!AE:AE,INPUT_DATA!$A:$A,$B24,INPUT_DATA!$B:$B,"D")) -> 67809.8 | CE24: =IF($B24=0,"",SUMIFS(INPUT_DATA!AF:AF,INPUT_DATA!$A:$A,$B24,INPUT_DATA!$B:$B,"D")) -> 21320.78 | CF24: =IF($B24=0,"",SUMIFS(INPUT_DATA!AG:AG,INPUT_DATA!$A:$A,$B24,INPUT_DATA!$B:$B,"D")) -> 0 | CG24: =IF($B24=0,"",SUMIFS(INPUT_DATA!AH:AH,INPUT_DATA!$A:$A,$B24,INPUT_DATA!$B:$B,"D")) -> 0 | CH24: =IF($B24=0,"",SUMIFS(INPUT_DATA!AI:AI,INPUT_DATA!$A:$A,$B24,INPUT_DATA!$B:$B,"D")) -> 0 | CI24: =IF($B24=0,"",SUMIFS(INPUT_DATA!AJ:AJ,INPUT_DATA!$A:$A,$B24,INPUT_DATA!$B:$B,"D")) -> 0 | CJ24: =IF($B24=0,"",SUMIFS(INPUT_DATA!AK:AK,INPUT_DATA!$A:$A,$B24,INPUT_DATA!$B:$B,"D")) -> 379759.33 | CK24: =IF($B24=0,"",SUMIFS(INPUT_DATA!AL:AL,INPUT_DATA!$A:$A,$B24,INPUT_DATA!$B:$B,"D")) -> 749.6 | CL24: =IF($B24=0,"",SUMIFS(INPUT_DATA!AM:AM,INPUT_DATA!$A:$A,$B24,INPUT_DATA!$B:$B,"D")) -> 0 | CM24: =IF($B24=0,"",SUMIFS(INPUT_DATA!AN:AN,INPUT_DATA!$A:$A,$B24,INPUT_DATA!$B:$B,"D")) -> 0 | CN24: =IF($B24=0,"",SUMIFS(INPUT_DATA!AO:AO,INPUT_DATA!$A:$A,$B24,INPUT_DATA!$B:$B,"D")) -> 0 | CO24: =IF($B24=0,"",SUMIFS(INPUT_DATA!AP:AP,INPUT_DATA!$A:$A,$B24,INPUT_DATA!$B:$B,"D")) -> 0 | CP24: =IF($B24=0,"",BO24+BR24-BU24-BX24-CA24+CD24-CJ24-CM24+CG24) -> 244073.99 | CQ24: =IF($B24=0,"",BP24+BS24-BV24-BY24-CB24+CE24-CK24-CN24+CH24) -> 11254.83 | CR24: =IF($B24=0,"",BQ24+BT24-BW24-BZ24-CC24+CF24-CL24-CO24+CI24) -> 0 | CS24: =IF($B24=0,"",SUMIFS(INPUT_DATA!AQ:AQ,INPUT_DATA!$A:$A,$B24,INPUT_DATA!$B:$B,"D")) -> 244073.99 | CT24: =IF($B24=0,"",SUMIFS(INPUT_DATA!AR:AR,INPUT_DATA!$A:$A,$B24,INPUT_DATA!$B:$B,"D")) -> 11254.83 | CU24: =IF($B24=0,"",SUMIFS(INPUT_DATA!AS:AS,INPUT_DATA!$A:$A,$B24,INPUT_DATA!$B:$B,"D")) -> 0 | CV24: =IF($B24=0,"",CP24-CS24) -> -5.8207661e-11 | CW24: =IF($B24=0,"",CQ24-CT24) -> -1.8189894e-12 | CX24: =IF($B24=0,"",CR24-CU24) -> 0
B25: =INPUT_DATA!CR12 -> 46022 | C25: =IF($B25=0,"",SUMIFS(INPUT_DATA!C:C,INPUT_DATA!$A:$A,$B25,INPUT_DATA!$B:$B,"S")) -> 1.141054e+10 | D25: =IF($B25=0,"",SUMIFS(INPUT_DATA!D:D,INPUT_DATA!$A:$A,$B25,INPUT_DATA!$B:$B,"S")) -> 0 | E25: =IF($B25=0,"",SUMIFS(INPUT_DATA!E:E,INPUT_DATA!$A:$A,$B25,INPUT_DATA!$B:$B,"S")) -> 58524038 | F25: =IF($B25=0,"",SUMIFS(INPUT_DATA!F:F,INPUT_DATA!$A:$A,$B25,INPUT_DATA!$B:$B,"S")) -> 28299916 | G25: =IF($B25=0,"",SUMIFS(INPUT_DATA!G:G,INPUT_DATA!$A:$A,$B25,INPUT_DATA!$B:$B,"S")) -> 0 | H25: =IF($B25=0,"",SUMIFS(INPUT_DATA!H:H,INPUT_DATA!$A:$A,$B25,INPUT_DATA!$B:$B,"S")) -> 0 | I25: =IF($B25=0,"",SUMIFS(INPUT_DATA!I:I,INPUT_DATA!$A:$A,$B25,INPUT_DATA!$B:$B,"S")) -> 0 | J25: =IF($B25=0,"",SUMIFS(INPUT_DATA!J:J,INPUT_DATA!$A:$A,$B25,INPUT_DATA!$B:$B,"S")) -> 0 | K25: =IF($B25=0,"",SUMIFS(INPUT_DATA!K:K,INPUT_DATA!$A:$A,$B25,INPUT_DATA!$B:$B,"S")) -> 998490.2 | L25: =IF($B25=0,"",SUMIFS(INPUT_DATA!L:L,INPUT_DATA!$A:$A,$B25,INPUT_DATA!$B:$B,"S")) -> 0 | M25: =IF($B25=0,"",SUMIFS(INPUT_DATA!M:M,INPUT_DATA!$A:$A,$B25,INPUT_DATA!$B:$B,"S")) -> 6666114.6 | N25: =IF($B25=0,"",SUMIFS(INPUT_DATA!N:N,INPUT_DATA!$A:$A,$B25,INPUT_DATA!$B:$B,"S")) -> 1830911.1 | O25: =IF($B25=0,"",C25+D25-E25-F25+G25+H25+I25-J25-K25-M25-N25-L25) -> 1.1314221e+10 | P25: =IF($B25=0,"",SUMIFS(INPUT_DATA!O:O,INPUT_DATA!$A:$A,$B25,INPUT_DATA!$B:$B,"S")) -> 1.1314221e+10 | Q25: =IF($B25=0,"",O25-P25) -> -1.9073486e-06 | R25: =IF($B25=0,"",SUMIFS(INPUT_DATA!BL:BL,INPUT_DATA!$A:$A,$B25,INPUT_DATA!$B:$B,"S")) -> 12559387 | S25: =IF($B25=0,"",SUMIFS(INPUT_DATA!P:P,INPUT_DATA!$A:$A,$B25,INPUT_DATA!$B:$B,"S")) -> 556760.09 | T25: =IF($B25=0,"",SUMIFS(INPUT_DATA!Q:Q,INPUT_DATA!$A:$A,$B25,INPUT_DATA!$B:$B,"S")) -> 115694.64 | U25: =IF($B25=0,"",SUMIFS(INPUT_DATA!R:R,INPUT_DATA!$A:$A,$B25,INPUT_DATA!$B:$B,"S")) -> 0 | V25: =IF($B25=0,"",SUMIFS(INPUT_DATA!S:S,INPUT_DATA!$A:$A,$B25,INPUT_DATA!$B:$B,"S")) -> 212463.82 | W25: =IF($B25=0,"",SUMIFS(INPUT_DATA!T:T,INPUT_DATA!$A:$A,$B25,INPUT_DATA!$B:$B,"S")) -> 47612.74 | X25: =IF($B25=0,"",SUMIFS(INPUT_DATA!U:U,INPUT_DATA!$A:$A,$B25,INPUT_DATA!$B:$B,"S")) -> 0 | Y25: =IF($B25=0,"",SUMIFS(INPUT_DATA!V:V,INPUT_DATA!$A:$A,$B25,INPUT_DATA!$B:$B,"S")) -> 202390.91 | Z25: =IF($B25=0,"",SUMIFS(INPUT_DATA!W:W,INPUT_DATA!$A:$A,$B25,INPUT_DATA!$B:$B,"S")) -> 39626.28 | AA25: =IF($B25=0,"",SUMIFS(INPUT_DATA!X:X,INPUT_DATA!$A:$A,$B25,INPUT_DATA!$B:$B,"S")) -> 0 | AB25: =IF($B25=0,"",SUMIFS(INPUT_DATA!Y:Y,INPUT_DATA!$A:$A,$B25,INPUT_DATA!$B:$B,"S")) -> 0 | AC25: =IF($B25=0,"",SUMIFS(INPUT_DATA!Z:Z,INPUT_DATA!$A:$A,$B25,INPUT_DATA!$B:$B,"S")) -> 0 | AD25: =IF($B25=0,"",SUMIFS(INPUT_DATA!AA:AA,INPUT_DATA!$A:$A,$B25,INPUT_DATA!$B:$B,"S")) -> 0 | AE25: =IF($B25=0,"",SUMIFS(INPUT_DATA!AB:AB,INPUT_DATA!$A:$A,$B25,INPUT_DATA!$B:$B,"S")) -> 0 | AF25: =IF($B25=0,"",SUMIFS(INPUT_DATA!AC:AC,INPUT_DATA!$A:$A,$B25,INPUT_DATA!$B:$B,"S")) -> 0 | AG25: =IF($B25=0,"",SUMIFS(INPUT_DATA!AD:AD,INPUT_DATA!$A:$A,$B25,INPUT_DATA!$B:$B,"S")) -> 0 | AH25: =IF($B25=0,"",SUMIFS(INPUT_DATA!AE:AE,INPUT_DATA!$A:$A,$B25,INPUT_DATA!$B:$B,"S")) -> 1027.08 | AI25: =IF($B25=0,"",SUMIFS(INPUT_DATA!AF:AF,INPUT_DATA!$A:$A,$B25,INPUT_DATA!$B:$B,"S")) -> 531 | AJ25: =IF($B25=0,"",SUMIFS(INPUT_DATA!AG:AG,INPUT_DATA!$A:$A,$B25,INPUT_DATA!$B:$B,"S")) -> 0 | AK25: =IF($B25=0,"",SUMIFS(INPUT_DATA!AK:AK,INPUT_DATA!$A:$A,$B25,INPUT_DATA!$B:$B,"S")) -> 1669.38 | AL25: =IF($B25=0,"",SUMIFS(INPUT_DATA!AL:AL,INPUT_DATA!$A:$A,$B25,INPUT_DATA!$B:$B,"S")) -> 1130.08 | AM25: =IF($B25=0,"",SUMIFS(INPUT_DATA!AM:AM,INPUT_DATA!$A:$A,$B25,INPUT_DATA!$B:$B,"S")) -> 0 | AN25: =IF($B25=0,"",SUMIFS(INPUT_DATA!AN:AN,INPUT_DATA!$A:$A,$B25,INPUT_DATA!$B:$B,"S")) -> 0 | AO25: =IF($B25=0,"",SUMIFS(INPUT_DATA!AO:AO,INPUT_DATA!$A:$A,$B25,INPUT_DATA!$B:$B,"S")) -> 0 | AP25: =IF($B25=0,"",SUMIFS(INPUT_DATA!AP:AP,INPUT_DATA!$A:$A,$B25,INPUT_DATA!$B:$B,"S")) -> 0 | AQ25: =IF($B25=0,"",S25+V25-Y25-AB25-AE25-AH25-AK25-AN25) -> 564136.54 | AR25: =IF($B25=0,"",T25+W25-Z25-AC25-AF25-AI25-AL25-AO25) -> 122020.02 | AS25: =IF($B25=0,"",U25+X25-AA25-AD25-AG25-AJ25-AM25-AP25) -> 0 | AT25: =IF($B25=0,"",SUMIFS(INPUT_DATA!AQ:AQ,INPUT_DATA!$A:$A,$B25,INPUT_DATA!$B:$B,"S")) -> 564136.54 | AU25: =IF($B25=0,"",SUMIFS(INPUT_DATA!AR:AR,INPUT_DATA!$A:$A,$B25,INPUT_DATA!$B:$B,"S")) -> 122020.02 | AV25: =IF($B25=0,"",SUMIFS(INPUT_DATA!AS:AS,INPUT_DATA!$A:$A,$B25,INPUT_DATA!$B:$B,"S")) -> 0 | AW25: =IF($B25=0,"",AQ25-AT25) -> -1.1641532e-10 | AX25: =IF($B25=0,"",AR25-AU25) -> 0 | AY25: =IF($B25=0,"",AS25-AV25) -> 0 | BA25: =IF($B25=0,"",SUMIFS(INPUT_DATA!C:C,INPUT_DATA!$A:$A,$B25,INPUT_DATA!$B:$B,"D")) -> 253797.1 | BB25: =IF($B25=0,"",SUMIFS(INPUT_DATA!E:E,INPUT_DATA!$A:$A,$B25,INPUT_DATA!$B:$B,"D")) -> 382967.3 | BC25: =IF($B25=0,"",SUMIFS(INPUT_DATA!F:F,INPUT_DATA!$A:$A,$B25,INPUT_DATA!$B:$B,"D")) -> 0 | BD25: =IF($B25=0,"",SUMIFS(INPUT_DATA!G:G,INPUT_DATA!$A:$A,$B25,INPUT_DATA!$B:$B,"D")) -> 0 | BE25: =IF($B25=0,"",SUMIFS(INPUT_DATA!H:H,INPUT_DATA!$A:$A,$B25,INPUT_DATA!$B:$B,"D")) -> 0 | BF25: =IF($B25=0,"",SUMIFS(INPUT_DATA!I:I,INPUT_DATA!$A:$A,$B25,INPUT_DATA!$B:$B,"D")) -> 0 | BG25: =IF($B25=0,"",SUMIFS(INPUT_DATA!J:J,INPUT_DATA!$A:$A,$B25,INPUT_DATA!$B:$B,"D")) -> 0 | BH25: =IF($B25=0,"",SUMIFS(INPUT_DATA!K:K,INPUT_DATA!$A:$A,$B25,INPUT_DATA!$B:$B,"D")) -> 998490.2 | BI25: =IF($B25=0,"",SUMIFS(INPUT_DATA!L:L,INPUT_DATA!$A:$A,$B25,INPUT_DATA!$B:$B,"D")) -> 0 | BJ25: =IF($B25=0,"",SUMIFS(INPUT_DATA!M:M,INPUT_DATA!$A:$A,$B25,INPUT_DATA!$B:$B,"D")) -> 253037.17 | BK25: =IF($B25=0,"",SUMIFS(INPUT_DATA!N:N,INPUT_DATA!$A:$A,$B25,INPUT_DATA!$B:$B,"D")) -> 0 | BL25: =IF($B25=0,"",AZ25+BA25-BB25-BC25+BD25+BE25+BF25-BG25+BH25-BJ25-BK25) -> 616282.83 | BM25: =IF($B25=0,"",SUMIFS(INPUT_DATA!O:O,INPUT_DATA!$A:$A,$B25,INPUT_DATA!$B:$B,"D")) -> 616282.83 | BN25: =IF($B25=0,"",BL25-BM25) -> 0 | BO25: =IF($B25=0,"",SUMIFS(INPUT_DATA!P:P,INPUT_DATA!$A:$A,$B25,INPUT_DATA!$B:$B,"D")) -> 5018.46 | BP25: =IF($B25=0,"",SUMIFS(INPUT_DATA!Q:Q,INPUT_DATA!$A:$A,$B25,INPUT_DATA!$B:$B,"D")) -> 1157.96 | BQ25: =IF($B25=0,"",SUMIFS(INPUT_DATA!R:R,INPUT_DATA!$A:$A,$B25,INPUT_DATA!$B:$B,"D")) -> 0 | BR25: =IF($B25=0,"",SUMIFS(INPUT_DATA!S:S,INPUT_DATA!$A:$A,$B25,INPUT_DATA!$B:$B,"D")) -> 378732.25 | BS25: =IF($B25=0,"",SUMIFS(INPUT_DATA!T:T,INPUT_DATA!$A:$A,$B25,INPUT_DATA!$B:$B,"D")) -> 220.5 | BT25: =IF($B25=0,"",SUMIFS(INPUT_DATA!U:U,INPUT_DATA!$A:$A,$B25,INPUT_DATA!$B:$B,"D")) -> 0 | BU25: =IF($B25=0,"",SUMIFS(INPUT_DATA!V:V,INPUT_DATA!$A:$A,$B25,INPUT_DATA!$B:$B,"D")) -> 3983.18 | BV25: =IF($B25=0,"",SUMIFS(INPUT_DATA!W:W,INPUT_DATA!$A:$A,$B25,INPUT_DATA!$B:$B,"D")) -> 1123.48 | BW25: =IF($B25=0,"",SUMIFS(INPUT_DATA!X:X,INPUT_DATA!$A:$A,$B25,INPUT_DATA!$B:$B,"D")) -> 0 | BX25: =IF($B25=0,"",SUMIFS(INPUT_DATA!Y:Y,INPUT_DATA!$A:$A,$B25,INPUT_DATA!$B:$B,"D")) -> 0 | BY25: =IF($B25=0,"",SUMIFS(INPUT_DATA!Z:Z,INPUT_DATA!$A:$A,$B25,INPUT_DATA!$B:$B,"D")) -> 0 | BZ25: =IF($B25=0,"",SUMIFS(INPUT_DATA!AA:AA,INPUT_DATA!$A:$A,$B25,INPUT_DATA!$B:$B,"D")) -> 0 | CA25: =IF($B25=0,"",SUMIFS(INPUT_DATA!AB:AB,INPUT_DATA!$A:$A,$B25,INPUT_DATA!$B:$B,"D")) -> 0 | CB25: =IF($B25=0,"",SUMIFS(INPUT_DATA!AC:AC,INPUT_DATA!$A:$A,$B25,INPUT_DATA!$B:$B,"D")) -> 0 | CC25: =IF($B25=0,"",SUMIFS(INPUT_DATA!AD:AD,INPUT_DATA!$A:$A,$B25,INPUT_DATA!$B:$B,"D")) -> 0 | CD25: =IF($B25=0,"",SUMIFS(INPUT_DATA!AE:AE,INPUT_DATA!$A:$A,$B25,INPUT_DATA!$B:$B,"D")) -> 1027.08 | CE25: =IF($B25=0,"",SUMIFS(INPUT_DATA!AF:AF,INPUT_DATA!$A:$A,$B25,INPUT_DATA!$B:$B,"D")) -> 531 | CF25: =IF($B25=0,"",SUMIFS(INPUT_DATA!AG:AG,INPUT_DATA!$A:$A,$B25,INPUT_DATA!$B:$B,"D")) -> 0 | CG25: =IF($B25=0,"",SUMIFS(INPUT_DATA!AH:AH,INPUT_DATA!$A:$A,$B25,INPUT_DATA!$B:$B,"D")) -> 0 | CH25: =IF($B25=0,"",SUMIFS(INPUT_DATA!AI:AI,INPUT_DATA!$A:$A,$B25,INPUT_DATA!$B:$B,"D")) -> 0 | CI25: =IF($B25=0,"",SUMIFS(INPUT_DATA!AJ:AJ,INPUT_DATA!$A:$A,$B25,INPUT_DATA!$B:$B,"D")) -> 0 | CJ25: =IF($B25=0,"",SUMIFS(INPUT_DATA!AK:AK,INPUT_DATA!$A:$A,$B25,INPUT_DATA!$B:$B,"D")) -> 1035.28 | CK25: =IF($B25=0,"",SUMIFS(INPUT_DATA!AL:AL,INPUT_DATA!$A:$A,$B25,INPUT_DATA!$B:$B,"D")) -> 36.38 | CL25: =IF($B25=0,"",SUMIFS(INPUT_DATA!AM:AM,INPUT_DATA!$A:$A,$B25,INPUT_DATA!$B:$B,"D")) -> 0 | CM25: =IF($B25=0,"",SUMIFS(INPUT_DATA!AN:AN,INPUT_DATA!$A:$A,$B25,INPUT_DATA!$B:$B,"D")) -> 0 | CN25: =IF($B25=0,"",SUMIFS(INPUT_DATA!AO:AO,INPUT_DATA!$A:$A,$B25,INPUT_DATA!$B:$B,"D")) -> 0 | CO25: =IF($B25=0,"",SUMIFS(INPUT_DATA!AP:AP,INPUT_DATA!$A:$A,$B25,INPUT_DATA!$B:$B,"D")) -> 0 | CP25: =IF($B25=0,"",BO25+BR25-BU25-BX25-CA25+CD25-CJ25-CM25+CG25) -> 379759.33 | CQ25: =IF($B25=0,"",BP25+BS25-BV25-BY25-CB25+CE25-CK25-CN25+CH25) -> 749.6 | CR25: =IF($B25=0,"",BQ25+BT25-BW25-BZ25-CC25+CF25-CL25-CO25+CI25) -> 0 | CS25: =IF($B25=0,"",SUMIFS(INPUT_DATA!AQ:AQ,INPUT_DATA!$A:$A,$B25,INPUT_DATA!$B:$B,"D")) -> 379759.33 | CT25: =IF($B25=0,"",SUMIFS(INPUT_DATA!AR:AR,INPUT_DATA!$A:$A,$B25,INPUT_DATA!$B:$B,"D")) -> 749.6 | CU25: =IF($B25=0,"",SUMIFS(INPUT_DATA!AS:AS,INPUT_DATA!$A:$A,$B25,INPUT_DATA!$B:$B,"D")) -> 0 | CV25: =IF($B25=0,"",CP25-CS25) -> 0 | CW25: =IF($B25=0,"",CQ25-CT25) -> 0 | CX25: =IF($B25=0,"",CR25-CU25) -> 0
B26: =INPUT_DATA!CR13 -> 45991 | C26: =IF($B26=0,"",SUMIFS(INPUT_DATA!C:C,INPUT_DATA!$A:$A,$B26,INPUT_DATA!$B:$B,"S")) -> 1.1501222e+10 | D26: =IF($B26=0,"",SUMIFS(INPUT_DATA!D:D,INPUT_DATA!$A:$A,$B26,INPUT_DATA!$B:$B,"S")) -> 0 | E26: =IF($B26=0,"",SUMIFS(INPUT_DATA!E:E,INPUT_DATA!$A:$A,$B26,INPUT_DATA!$B:$B,"S")) -> 59631882 | F26: =IF($B26=0,"",SUMIFS(INPUT_DATA!F:F,INPUT_DATA!$A:$A,$B26,INPUT_DATA!$B:$B,"S")) -> 24036133 | G26: =IF($B26=0,"",SUMIFS(INPUT_DATA!G:G,INPUT_DATA!$A:$A,$B26,INPUT_DATA!$B:$B,"S")) -> 0 | H26: =IF($B26=0,"",SUMIFS(INPUT_DATA!H:H,INPUT_DATA!$A:$A,$B26,INPUT_DATA!$B:$B,"S")) -> 0 | I26: =IF($B26=0,"",SUMIFS(INPUT_DATA!I:I,INPUT_DATA!$A:$A,$B26,INPUT_DATA!$B:$B,"S")) -> 0 | J26: =IF($B26=0,"",SUMIFS(INPUT_DATA!J:J,INPUT_DATA!$A:$A,$B26,INPUT_DATA!$B:$B,"S")) -> 0 | K26: =IF($B26=0,"",SUMIFS(INPUT_DATA!K:K,INPUT_DATA!$A:$A,$B26,INPUT_DATA!$B:$B,"S")) -> 563823.34 | L26: =IF($B26=0,"",SUMIFS(INPUT_DATA!L:L,INPUT_DATA!$A:$A,$B26,INPUT_DATA!$B:$B,"S")) -> 0 | M26: =IF($B26=0,"",SUMIFS(INPUT_DATA!M:M,INPUT_DATA!$A:$A,$B26,INPUT_DATA!$B:$B,"S")) -> 4522273.4 | N26: =IF($B26=0,"",SUMIFS(INPUT_DATA!N:N,INPUT_DATA!$A:$A,$B26,INPUT_DATA!$B:$B,"S")) -> 1927717.3 | O26: =IF($B26=0,"",C26+D26-E26-F26+G26+H26+I26-J26-K26-M26-N26-L26) -> 1.141054e+10 | P26: =IF($B26=0,"",SUMIFS(INPUT_DATA!O:O,INPUT_DATA!$A:$A,$B26,INPUT_DATA!$B:$B,"S")) -> 1.141054e+10 | Q26: =IF($B26=0,"",O26-P26) -> 0 | R26: =IF($B26=0,"",SUMIFS(INPUT_DATA!BL:BL,INPUT_DATA!$A:$A,$B26,INPUT_DATA!$B:$B,"S")) -> 12539551 | S26: =IF($B26=0,"",SUMIFS(INPUT_DATA!P:P,INPUT_DATA!$A:$A,$B26,INPUT_DATA!$B:$B,"S")) -> 401562.93 | T26: =IF($B26=0,"",SUMIFS(INPUT_DATA!Q:Q,INPUT_DATA!$A:$A,$B26,INPUT_DATA!$B:$B,"S")) -> 77747.23 | U26: =IF($B26=0,"",SUMIFS(INPUT_DATA!R:R,INPUT_DATA!$A:$A,$B26,INPUT_DATA!$B:$B,"S")) -> 0 | V26: =IF($B26=0,"",SUMIFS(INPUT_DATA!S:S,INPUT_DATA!$A:$A,$B26,INPUT_DATA!$B:$B,"S")) -> 274989.53 | W26: =IF($B26=0,"",SUMIFS(INPUT_DATA!T:T,INPUT_DATA!$A:$A,$B26,INPUT_DATA!$B:$B,"S")) -> 60552.51 | X26: =IF($B26=0,"",SUMIFS(INPUT_DATA!U:U,INPUT_DATA!$A:$A,$B26,INPUT_DATA!$B:$B,"S")) -> 0 | Y26: =IF($B26=0,"",SUMIFS(INPUT_DATA!V:V,INPUT_DATA!$A:$A,$B26,INPUT_DATA!$B:$B,"S")) -> 114071.04 | Z26: =IF($B26=0,"",SUMIFS(INPUT_DATA!W:W,INPUT_DATA!$A:$A,$B26,INPUT_DATA!$B:$B,"S")) -> 21453.08 | AA26: =IF($B26=0,"",SUMIFS(INPUT_DATA!X:X,INPUT_DATA!$A:$A,$B26,INPUT_DATA!$B:$B,"S")) -> 0 | AB26: =IF($B26=0,"",SUMIFS(INPUT_DATA!Y:Y,INPUT_DATA!$A:$A,$B26,INPUT_DATA!$B:$B,"S")) -> 0 | AC26: =IF($B26=0,"",SUMIFS(INPUT_DATA!Z:Z,INPUT_DATA!$A:$A,$B26,INPUT_DATA!$B:$B,"S")) -> 0 | AD26: =IF($B26=0,"",SUMIFS(INPUT_DATA!AA:AA,INPUT_DATA!$A:$A,$B26,INPUT_DATA!$B:$B,"S")) -> 0 | AE26: =IF($B26=0,"",SUMIFS(INPUT_DATA!AB:AB,INPUT_DATA!$A:$A,$B26,INPUT_DATA!$B:$B,"S")) -> 0 | AF26: =IF($B26=0,"",SUMIFS(INPUT_DATA!AC:AC,INPUT_DATA!$A:$A,$B26,INPUT_DATA!$B:$B,"S")) -> 0 | AG26: =IF($B26=0,"",SUMIFS(INPUT_DATA!AD:AD,INPUT_DATA!$A:$A,$B26,INPUT_DATA!$B:$B,"S")) -> 0 | AH26: =IF($B26=0,"",SUMIFS(INPUT_DATA!AE:AE,INPUT_DATA!$A:$A,$B26,INPUT_DATA!$B:$B,"S")) -> 5721.33 | AI26: =IF($B26=0,"",SUMIFS(INPUT_DATA!AF:AF,INPUT_DATA!$A:$A,$B26,INPUT_DATA!$B:$B,"S")) -> 1152.02 | AJ26: =IF($B26=0,"",SUMIFS(INPUT_DATA!AG:AG,INPUT_DATA!$A:$A,$B26,INPUT_DATA!$B:$B,"S")) -> 0 | AK26: =IF($B26=0,"",SUMIFS(INPUT_DATA!AK:AK,INPUT_DATA!$A:$A,$B26,INPUT_DATA!$B:$B,"S")) -> 0 | AL26: =IF($B26=0,"",SUMIFS(INPUT_DATA!AL:AL,INPUT_DATA!$A:$A,$B26,INPUT_DATA!$B:$B,"S")) -> 0 | AM26: =IF($B26=0,"",SUMIFS(INPUT_DATA!AM:AM,INPUT_DATA!$A:$A,$B26,INPUT_DATA!$B:$B,"S")) -> 0 | AN26: =IF($B26=0,"",SUMIFS(INPUT_DATA!AN:AN,INPUT_DATA!$A:$A,$B26,INPUT_DATA!$B:$B,"S")) -> 0 | AO26: =IF($B26=0,"",SUMIFS(INPUT_DATA!AO:AO,INPUT_DATA!$A:$A,$B26,INPUT_DATA!$B:$B,"S")) -> 0 | AP26: =IF($B26=0,"",SUMIFS(INPUT_DATA!AP:AP,INPUT_DATA!$A:$A,$B26,INPUT_DATA!$B:$B,"S")) -> 0 | AQ26: =IF($B26=0,"",S26+V26-Y26-AB26-AE26-AH26-AK26-AN26) -> 556760.09 | AR26: =IF($B26=0,"",T26+W26-Z26-AC26-AF26-AI26-AL26-AO26) -> 115694.64 | AS26: =IF($B26=0,"",U26+X26-AA26-AD26-AG26-AJ26-AM26-AP26) -> 0 | AT26: =IF($B26=0,"",SUMIFS(INPUT_DATA!AQ:AQ,INPUT_DATA!$A:$A,$B26,INPUT_DATA!$B:$B,"S")) -> 556760.09 | AU26: =IF($B26=0,"",SUMIFS(INPUT_DATA!AR:AR,INPUT_DATA!$A:$A,$B26,INPUT_DATA!$B:$B,"S")) -> 115694.64 | AV26: =IF($B26=0,"",SUMIFS(INPUT_DATA!AS:AS,INPUT_DATA!$A:$A,$B26,INPUT_DATA!$B:$B,"S")) -> 0 | AW26: =IF($B26=0,"",AQ26-AT26) -> 0 | AX26: =IF($B26=0,"",AR26-AU26) -> -1.4551915e-11 | AY26: =IF($B26=0,"",AS26-AV26) -> 0 | BA26: =IF($B26=0,"",SUMIFS(INPUT_DATA!C:C,INPUT_DATA!$A:$A,$B26,INPUT_DATA!$B:$B,"D")) -> 210535.09 | BB26: =IF($B26=0,"",SUMIFS(INPUT_DATA!E:E,INPUT_DATA!$A:$A,$B26,INPUT_DATA!$B:$B,"D")) -> 310026.24 | BC26: =IF($B26=0,"",SUMIFS(INPUT_DATA!F:F,INPUT_DATA!$A:$A,$B26,INPUT_DATA!$B:$B,"D")) -> 0 | BD26: =IF($B26=0,"",SUMIFS(INPUT_DATA!G:G,INPUT_DATA!$A:$A,$B26,INPUT_DATA!$B:$B,"D")) -> 0 | BE26: =IF($B26=0,"",SUMIFS(INPUT_DATA!H:H,INPUT_DATA!$A:$A,$B26,INPUT_DATA!$B:$B,"D")) -> 0 | BF26: =IF($B26=0,"",SUMIFS(INPUT_DATA!I:I,INPUT_DATA!$A:$A,$B26,INPUT_DATA!$B:$B,"D")) -> 0 | BG26: =IF($B26=0,"",SUMIFS(INPUT_DATA!J:J,INPUT_DATA!$A:$A,$B26,INPUT_DATA!$B:$B,"D")) -> 0 | BH26: =IF($B26=0,"",SUMIFS(INPUT_DATA!K:K,INPUT_DATA!$A:$A,$B26,INPUT_DATA!$B:$B,"D")) -> 563823.34 | BI26: =IF($B26=0,"",SUMIFS(INPUT_DATA!L:L,INPUT_DATA!$A:$A,$B26,INPUT_DATA!$B:$B,"D")) -> 0 | BJ26: =IF($B26=0,"",SUMIFS(INPUT_DATA!M:M,INPUT_DATA!$A:$A,$B26,INPUT_DATA!$B:$B,"D")) -> 210535.09 | BK26: =IF($B26=0,"",SUMIFS(INPUT_DATA!N:N,INPUT_DATA!$A:$A,$B26,INPUT_DATA!$B:$B,"D")) -> 0 | BL26: =IF($B26=0,"",AZ26+BA26-BB26-BC26+BD26+BE26+BF26-BG26+BH26-BJ26-BK26) -> 253797.1 | BM26: =IF($B26=0,"",SUMIFS(INPUT_DATA!O:O,INPUT_DATA!$A:$A,$B26,INPUT_DATA!$B:$B,"D")) -> 253797.1 | BN26: =IF($B26=0,"",BL26-BM26) -> -5.8207661e-11 | BO26: =IF($B26=0,"",SUMIFS(INPUT_DATA!P:P,INPUT_DATA!$A:$A,$B26,INPUT_DATA!$B:$B,"D")) -> 19395.57 | BP26: =IF($B26=0,"",SUMIFS(INPUT_DATA!Q:Q,INPUT_DATA!$A:$A,$B26,INPUT_DATA!$B:$B,"D")) -> 192.91 | BQ26: =IF($B26=0,"",SUMIFS(INPUT_DATA!R:R,INPUT_DATA!$A:$A,$B26,INPUT_DATA!$B:$B,"D")) -> 0 | BR26: =IF($B26=0,"",SUMIFS(INPUT_DATA!S:S,INPUT_DATA!$A:$A,$B26,INPUT_DATA!$B:$B,"D")) -> 1321.45 | BS26: =IF($B26=0,"",SUMIFS(INPUT_DATA!T:T,INPUT_DATA!$A:$A,$B26,INPUT_DATA!$B:$B,"D")) -> 370.57 | BT26: =IF($B26=0,"",SUMIFS(INPUT_DATA!U:U,INPUT_DATA!$A:$A,$B26,INPUT_DATA!$B:$B,"D")) -> 0 | BU26: =IF($B26=0,"",SUMIFS(INPUT_DATA!V:V,INPUT_DATA!$A:$A,$B26,INPUT_DATA!$B:$B,"D")) -> 2024.32 | BV26: =IF($B26=0,"",SUMIFS(INPUT_DATA!W:W,INPUT_DATA!$A:$A,$B26,INPUT_DATA!$B:$B,"D")) -> 364.63 | BW26: =IF($B26=0,"",SUMIFS(INPUT_DATA!X:X,INPUT_DATA!$A:$A,$B26,INPUT_DATA!$B:$B,"D")) -> 0 | BX26: =IF($B26=0,"",SUMIFS(INPUT_DATA!Y:Y,INPUT_DATA!$A:$A,$B26,INPUT_DATA!$B:$B,"D")) -> 0 | BY26: =IF($B26=0,"",SUMIFS(INPUT_DATA!Z:Z,INPUT_DATA!$A:$A,$B26,INPUT_DATA!$B:$B,"D")) -> 0 | BZ26: =IF($B26=0,"",SUMIFS(INPUT_DATA!AA:AA,INPUT_DATA!$A:$A,$B26,INPUT_DATA!$B:$B,"D")) -> 0 | CA26: =IF($B26=0,"",SUMIFS(INPUT_DATA!AB:AB,INPUT_DATA!$A:$A,$B26,INPUT_DATA!$B:$B,"D")) -> 0 | CB26: =IF($B26=0,"",SUMIFS(INPUT_DATA!AC:AC,INPUT_DATA!$A:$A,$B26,INPUT_DATA!$B:$B,"D")) -> 0 | CC26: =IF($B26=0,"",SUMIFS(INPUT_DATA!AD:AD,INPUT_DATA!$A:$A,$B26,INPUT_DATA!$B:$B,"D")) -> 0 | CD26: =IF($B26=0,"",SUMIFS(INPUT_DATA!AE:AE,INPUT_DATA!$A:$A,$B26,INPUT_DATA!$B:$B,"D")) -> 5721.33 | CE26: =IF($B26=0,"",SUMIFS(INPUT_DATA!AF:AF,INPUT_DATA!$A:$A,$B26,INPUT_DATA!$B:$B,"D")) -> 1152.02 | CF26: =IF($B26=0,"",SUMIFS(INPUT_DATA!AG:AG,INPUT_DATA!$A:$A,$B26,INPUT_DATA!$B:$B,"D")) -> 0 | CG26: =IF($B26=0,"",SUMIFS(INPUT_DATA!AH:AH,INPUT_DATA!$A:$A,$B26,INPUT_DATA!$B:$B,"D")) -> 0 | CH26: =IF($B26=0,"",SUMIFS(INPUT_DATA!AI:AI,INPUT_DATA!$A:$A,$B26,INPUT_DATA!$B:$B,"D")) -> 0 | CI26: =IF($B26=0,"",SUMIFS(INPUT_DATA!AJ:AJ,INPUT_DATA!$A:$A,$B26,INPUT_DATA!$B:$B,"D")) -> 0 | CJ26: =IF($B26=0,"",SUMIFS(INPUT_DATA!AK:AK,INPUT_DATA!$A:$A,$B26,INPUT_DATA!$B:$B,"D")) -> 19395.57 | CK26: =IF($B26=0,"",SUMIFS(INPUT_DATA!AL:AL,INPUT_DATA!$A:$A,$B26,INPUT_DATA!$B:$B,"D")) -> 192.91 | CL26: =IF($B26=0,"",SUMIFS(INPUT_DATA!AM:AM,INPUT_DATA!$A:$A,$B26,INPUT_DATA!$B:$B,"D")) -> 0 | CM26: =IF($B26=0,"",SUMIFS(INPUT_DATA!AN:AN,INPUT_DATA!$A:$A,$B26,INPUT_DATA!$B:$B,"D")) -> 0 | CN26: =IF($B26=0,"",SUMIFS(INPUT_DATA!AO:AO,INPUT_DATA!$A:$A,$B26,INPUT_DATA!$B:$B,"D")) -> 0 | CO26: =IF($B26=0,"",SUMIFS(INPUT_DATA!AP:AP,INPUT_DATA!$A:$A,$B26,INPUT_DATA!$B:$B,"D")) -> 0 | CP26: =IF($B26=0,"",BO26+BR26-BU26-BX26-CA26+CD26-CJ26-CM26+CG26) -> 5018.46 | CQ26: =IF($B26=0,"",BP26+BS26-BV26-BY26-CB26+CE26-CK26-CN26+CH26) -> 1157.96 | CR26: =IF($B26=0,"",BQ26+BT26-BW26-BZ26-CC26+CF26-CL26-CO26+CI26) -> 0 | CS26: =IF($B26=0,"",SUMIFS(INPUT_DATA!AQ:AQ,INPUT_DATA!$A:$A,$B26,INPUT_DATA!$B:$B,"D")) -> 5018.46 | CT26: =IF($B26=0,"",SUMIFS(INPUT_DATA!AR:AR,INPUT_DATA!$A:$A,$B26,INPUT_DATA!$B:$B,"D")) -> 1157.96 | CU26: =IF($B26=0,"",SUMIFS(INPUT_DATA!AS:AS,INPUT_DATA!$A:$A,$B26,INPUT_DATA!$B:$B,"D")) -> 0 | CV26: =IF($B26=0,"",CP26-CS26) -> -9.094947e-13 | CW26: =IF($B26=0,"",CQ26-CT26) -> -2.2737368e-13 | CX26: =IF($B26=0,"",CR26-CU26) -> 0
B27: =INPUT_DATA!CR14 -> 45961 | C27: =IF($B27=0,"",SUMIFS(INPUT_DATA!C:C,INPUT_DATA!$A:$A,$B27,INPUT_DATA!$B:$B,"S")) -> 1.1613993e+10 | D27: =IF($B27=0,"",SUMIFS(INPUT_DATA!D:D,INPUT_DATA!$A:$A,$B27,INPUT_DATA!$B:$B,"S")) -> 0 | E27: =IF($B27=0,"",SUMIFS(INPUT_DATA!E:E,INPUT_DATA!$A:$A,$B27,INPUT_DATA!$B:$B,"S")) -> 60920128 | F27: =IF($B27=0,"",SUMIFS(INPUT_DATA!F:F,INPUT_DATA!$A:$A,$B27,INPUT_DATA!$B:$B,"S")) -> 30948441 | G27: =IF($B27=0,"",SUMIFS(INPUT_DATA!G:G,INPUT_DATA!$A:$A,$B27,INPUT_DATA!$B:$B,"S")) -> 0 | H27: =IF($B27=0,"",SUMIFS(INPUT_DATA!H:H,INPUT_DATA!$A:$A,$B27,INPUT_DATA!$B:$B,"S")) -> 0 | I27: =IF($B27=0,"",SUMIFS(INPUT_DATA!I:I,INPUT_DATA!$A:$A,$B27,INPUT_DATA!$B:$B,"S")) -> 0 | J27: =IF($B27=0,"",SUMIFS(INPUT_DATA!J:J,INPUT_DATA!$A:$A,$B27,INPUT_DATA!$B:$B,"S")) -> 0 | K27: =IF($B27=0,"",SUMIFS(INPUT_DATA!K:K,INPUT_DATA!$A:$A,$B27,INPUT_DATA!$B:$B,"S")) -> 229091.41 | L27: =IF($B27=0,"",SUMIFS(INPUT_DATA!L:L,INPUT_DATA!$A:$A,$B27,INPUT_DATA!$B:$B,"S")) -> 0 | M27: =IF($B27=0,"",SUMIFS(INPUT_DATA!M:M,INPUT_DATA!$A:$A,$B27,INPUT_DATA!$B:$B,"S")) -> 17011955 | N27: =IF($B27=0,"",SUMIFS(INPUT_DATA!N:N,INPUT_DATA!$A:$A,$B27,INPUT_DATA!$B:$B,"S")) -> 3661681.4 | O27: =IF($B27=0,"",C27+D27-E27-F27+G27+H27+I27-J27-K27-M27-N27-L27) -> 1.1501222e+10 | P27: =IF($B27=0,"",SUMIFS(INPUT_DATA!O:O,INPUT_DATA!$A:$A,$B27,INPUT_DATA!$B:$B,"S")) -> 1.1501222e+10 | Q27: =IF($B27=0,"",O27-P27) -> 0 | R27: =IF($B27=0,"",SUMIFS(INPUT_DATA!BL:BL,INPUT_DATA!$A:$A,$B27,INPUT_DATA!$B:$B,"S")) -> 12775389 | S27: =IF($B27=0,"",SUMIFS(INPUT_DATA!P:P,INPUT_DATA!$A:$A,$B27,INPUT_DATA!$B:$B,"S")) -> 337301.18 | T27: =IF($B27=0,"",SUMIFS(INPUT_DATA!Q:Q,INPUT_DATA!$A:$A,$B27,INPUT_DATA!$B:$B,"S")) -> 63173.58 | U27: =IF($B27=0,"",SUMIFS(INPUT_DATA!R:R,INPUT_DATA!$A:$A,$B27,INPUT_DATA!$B:$B,"S")) -> 0 | V27: =IF($B27=0,"",SUMIFS(INPUT_DATA!S:S,INPUT_DATA!$A:$A,$B27,INPUT_DATA!$B:$B,"S")) -> 218614.39 | W27: =IF($B27=0,"",SUMIFS(INPUT_DATA!T:T,INPUT_DATA!$A:$A,$B27,INPUT_DATA!$B:$B,"S")) -> 39904.74 | X27: =IF($B27=0,"",SUMIFS(INPUT_DATA!U:U,INPUT_DATA!$A:$A,$B27,INPUT_DATA!$B:$B,"S")) -> 0 | Y27: =IF($B27=0,"",SUMIFS(INPUT_DATA!V:V,INPUT_DATA!$A:$A,$B27,INPUT_DATA!$B:$B,"S")) -> 149461.65 | Z27: =IF($B27=0,"",SUMIFS(INPUT_DATA!W:W,INPUT_DATA!$A:$A,$B27,INPUT_DATA!$B:$B,"S")) -> 24638.29 | AA27: =IF($B27=0,"",SUMIFS(INPUT_DATA!X:X,INPUT_DATA!$A:$A,$B27,INPUT_DATA!$B:$B,"S")) -> 0 | AB27: =IF($B27=0,"",SUMIFS(INPUT_DATA!Y:Y,INPUT_DATA!$A:$A,$B27,INPUT_DATA!$B:$B,"S")) -> 0 | AC27: =IF($B27=0,"",SUMIFS(INPUT_DATA!Z:Z,INPUT_DATA!$A:$A,$B27,INPUT_DATA!$B:$B,"S")) -> 0 | AD27: =IF($B27=0,"",SUMIFS(INPUT_DATA!AA:AA,INPUT_DATA!$A:$A,$B27,INPUT_DATA!$B:$B,"S")) -> 0 | AE27: =IF($B27=0,"",SUMIFS(INPUT_DATA!AB:AB,INPUT_DATA!$A:$A,$B27,INPUT_DATA!$B:$B,"S")) -> 0 | AF27: =IF($B27=0,"",SUMIFS(INPUT_DATA!AC:AC,INPUT_DATA!$A:$A,$B27,INPUT_DATA!$B:$B,"S")) -> 0 | AG27: =IF($B27=0,"",SUMIFS(INPUT_DATA!AD:AD,INPUT_DATA!$A:$A,$B27,INPUT_DATA!$B:$B,"S")) -> 0 | AH27: =IF($B27=0,"",SUMIFS(INPUT_DATA!AE:AE,INPUT_DATA!$A:$A,$B27,INPUT_DATA!$B:$B,"S")) -> 1821.86 | AI27: =IF($B27=0,"",SUMIFS(INPUT_DATA!AF:AF,INPUT_DATA!$A:$A,$B27,INPUT_DATA!$B:$B,"S")) -> 166.55 | AJ27: =IF($B27=0,"",SUMIFS(INPUT_DATA!AG:AG,INPUT_DATA!$A:$A,$B27,INPUT_DATA!$B:$B,"S")) -> 0 | AK27: =IF($B27=0,"",SUMIFS(INPUT_DATA!AK:AK,INPUT_DATA!$A:$A,$B27,INPUT_DATA!$B:$B,"S")) -> 3069.13 | AL27: =IF($B27=0,"",SUMIFS(INPUT_DATA!AL:AL,INPUT_DATA!$A:$A,$B27,INPUT_DATA!$B:$B,"S")) -> 526.25 | AM27: =IF($B27=0,"",SUMIFS(INPUT_DATA!AM:AM,INPUT_DATA!$A:$A,$B27,INPUT_DATA!$B:$B,"S")) -> 0 | AN27: =IF($B27=0,"",SUMIFS(INPUT_DATA!AN:AN,INPUT_DATA!$A:$A,$B27,INPUT_DATA!$B:$B,"S")) -> 0 | AO27: =IF($B27=0,"",SUMIFS(INPUT_DATA!AO:AO,INPUT_DATA!$A:$A,$B27,INPUT_DATA!$B:$B,"S")) -> 0 | AP27: =IF($B27=0,"",SUMIFS(INPUT_DATA!AP:AP,INPUT_DATA!$A:$A,$B27,INPUT_DATA!$B:$B,"S")) -> 0 | AQ27: =IF($B27=0,"",S27+V27-Y27-AB27-AE27-AH27-AK27-AN27) -> 401562.93 | AR27: =IF($B27=0,"",T27+W27-Z27-AC27-AF27-AI27-AL27-AO27) -> 77747.23 | AS27: =IF($B27=0,"",U27+X27-AA27-AD27-AG27-AJ27-AM27-AP27) -> 0 | AT27: =IF($B27=0,"",SUMIFS(INPUT_DATA!AQ:AQ,INPUT_DATA!$A:$A,$B27,INPUT_DATA!$B:$B,"S")) -> 401562.93 | AU27: =IF($B27=0,"",SUMIFS(INPUT_DATA!AR:AR,INPUT_DATA!$A:$A,$B27,INPUT_DATA!$B:$B,"S")) -> 77747.23 | AV27: =IF($B27=0,"",SUMIFS(INPUT_DATA!AS:AS,INPUT_DATA!$A:$A,$B27,INPUT_DATA!$B:$B,"S")) -> 0 | AW27: =IF($B27=0,"",AQ27-AT27) -> 5.8207661e-11 | AX27: =IF($B27=0,"",AR27-AU27) -> 0 | AY27: =IF($B27=0,"",AS27-AV27) -> 0 | BA27: =IF($B27=0,"",SUMIFS(INPUT_DATA!C:C,INPUT_DATA!$A:$A,$B27,INPUT_DATA!$B:$B,"D")) -> 0 | BB27: =IF($B27=0,"",SUMIFS(INPUT_DATA!E:E,INPUT_DATA!$A:$A,$B27,INPUT_DATA!$B:$B,"D")) -> 18556.32 | BC27: =IF($B27=0,"",SUMIFS(INPUT_DATA!F:F,INPUT_DATA!$A:$A,$B27,INPUT_DATA!$B:$B,"D")) -> 0 | BD27: =IF($B27=0,"",SUMIFS(INPUT_DATA!G:G,INPUT_DATA!$A:$A,$B27,INPUT_DATA!$B:$B,"D")) -> 0 | BE27: =IF($B27=0,"",SUMIFS(INPUT_DATA!H:H,INPUT_DATA!$A:$A,$B27,INPUT_DATA!$B:$B,"D")) -> 0 | BF27: =IF($B27=0,"",SUMIFS(INPUT_DATA!I:I,INPUT_DATA!$A:$A,$B27,INPUT_DATA!$B:$B,"D")) -> 0 | BG27: =IF($B27=0,"",SUMIFS(INPUT_DATA!J:J,INPUT_DATA!$A:$A,$B27,INPUT_DATA!$B:$B,"D")) -> 0 | BH27: =IF($B27=0,"",SUMIFS(INPUT_DATA!K:K,INPUT_DATA!$A:$A,$B27,INPUT_DATA!$B:$B,"D")) -> 229091.41 | BI27: =IF($B27=0,"",SUMIFS(INPUT_DATA!L:L,INPUT_DATA!$A:$A,$B27,INPUT_DATA!$B:$B,"D")) -> 0 | BJ27: =IF($B27=0,"",SUMIFS(INPUT_DATA!M:M,INPUT_DATA!$A:$A,$B27,INPUT_DATA!$B:$B,"D")) -> 0 | BK27: =IF($B27=0,"",SUMIFS(INPUT_DATA!N:N,INPUT_DATA!$A:$A,$B27,INPUT_DATA!$B:$B,"D")) -> 0 | BL27: =IF($B27=0,"",AZ27+BA27-BB27-BC27+BD27+BE27+BF27-BG27+BH27-BJ27-BK27) -> 210535.09 | BM27: =IF($B27=0,"",SUMIFS(INPUT_DATA!O:O,INPUT_DATA!$A:$A,$B27,INPUT_DATA!$B:$B,"D")) -> 210535.09 | BN27: =IF($B27=0,"",BL27-BM27) -> 0 | BO27: =IF($B27=0,"",SUMIFS(INPUT_DATA!P:P,INPUT_DATA!$A:$A,$B27,INPUT_DATA!$B:$B,"D")) -> 0 | BP27: =IF($B27=0,"",SUMIFS(INPUT_DATA!Q:Q,INPUT_DATA!$A:$A,$B27,INPUT_DATA!$B:$B,"D")) -> 0 | BQ27: =IF($B27=0,"",SUMIFS(INPUT_DATA!R:R,INPUT_DATA!$A:$A,$B27,INPUT_DATA!$B:$B,"D")) -> 0 | BR27: =IF($B27=0,"",SUMIFS(INPUT_DATA!S:S,INPUT_DATA!$A:$A,$B27,INPUT_DATA!$B:$B,"D")) -> 17573.71 | BS27: =IF($B27=0,"",SUMIFS(INPUT_DATA!T:T,INPUT_DATA!$A:$A,$B27,INPUT_DATA!$B:$B,"D")) -> 26.36 | BT27: =IF($B27=0,"",SUMIFS(INPUT_DATA!U:U,INPUT_DATA!$A:$A,$B27,INPUT_DATA!$B:$B,"D")) -> 0 | BU27: =IF($B27=0,"",SUMIFS(INPUT_DATA!V:V,INPUT_DATA!$A:$A,$B27,INPUT_DATA!$B:$B,"D")) -> 0 | BV27: =IF($B27=0,"",SUMIFS(INPUT_DATA!W:W,INPUT_DATA!$A:$A,$B27,INPUT_DATA!$B:$B,"D")) -> 0 | BW27: =IF($B27=0,"",SUMIFS(INPUT_DATA!X:X,INPUT_DATA!$A:$A,$B27,INPUT_DATA!$B:$B,"D")) -> 0 | BX27: =IF($B27=0,"",SUMIFS(INPUT_DATA!Y:Y,INPUT_DATA!$A:$A,$B27,INPUT_DATA!$B:$B,"D")) -> 0 | BY27: =IF($B27=0,"",SUMIFS(INPUT_DATA!Z:Z,INPUT_DATA!$A:$A,$B27,INPUT_DATA!$B:$B,"D")) -> 0 | BZ27: =IF($B27=0,"",SUMIFS(INPUT_DATA!AA:AA,INPUT_DATA!$A:$A,$B27,INPUT_DATA!$B:$B,"D")) -> 0 | CA27: =IF($B27=0,"",SUMIFS(INPUT_DATA!AB:AB,INPUT_DATA!$A:$A,$B27,INPUT_DATA!$B:$B,"D")) -> 0 | CB27: =IF($B27=0,"",SUMIFS(INPUT_DATA!AC:AC,INPUT_DATA!$A:$A,$B27,INPUT_DATA!$B:$B,"D")) -> 0 | CC27: =IF($B27=0,"",SUMIFS(INPUT_DATA!AD:AD,INPUT_DATA!$A:$A,$B27,INPUT_DATA!$B:$B,"D")) -> 0 | CD27: =IF($B27=0,"",SUMIFS(INPUT_DATA!AE:AE,INPUT_DATA!$A:$A,$B27,INPUT_DATA!$B:$B,"D")) -> 1821.86 | CE27: =IF($B27=0,"",SUMIFS(INPUT_DATA!AF:AF,INPUT_DATA!$A:$A,$B27,INPUT_DATA!$B:$B,"D")) -> 166.55 | CF27: =IF($B27=0,"",SUMIFS(INPUT_DATA!AG:AG,INPUT_DATA!$A:$A,$B27,INPUT_DATA!$B:$B,"D")) -> 0 | CG27: =IF($B27=0,"",SUMIFS(INPUT_DATA!AH:AH,INPUT_DATA!$A:$A,$B27,INPUT_DATA!$B:$B,"D")) -> 0 | CH27: =IF($B27=0,"",SUMIFS(INPUT_DATA!AI:AI,INPUT_DATA!$A:$A,$B27,INPUT_DATA!$B:$B,"D")) -> 0 | CI27: =IF($B27=0,"",SUMIFS(INPUT_DATA!AJ:AJ,INPUT_DATA!$A:$A,$B27,INPUT_DATA!$B:$B,"D")) -> 0 | CJ27: =IF($B27=0,"",SUMIFS(INPUT_DATA!AK:AK,INPUT_DATA!$A:$A,$B27,INPUT_DATA!$B:$B,"D")) -> 0 | CK27: =IF($B27=0,"",SUMIFS(INPUT_DATA!AL:AL,INPUT_DATA!$A:$A,$B27,INPUT_DATA!$B:$B,"D")) -> 0 | CL27: =IF($B27=0,"",SUMIFS(INPUT_DATA!AM:AM,INPUT_DATA!$A:$A,$B27,INPUT_DATA!$B:$B,"D")) -> 0 | CM27: =IF($B27=0,"",SUMIFS(INPUT_DATA!AN:AN,INPUT_DATA!$A:$A,$B27,INPUT_DATA!$B:$B,"D")) -> 0 | CN27: =IF($B27=0,"",SUMIFS(INPUT_DATA!AO:AO,INPUT_DATA!$A:$A,$B27,INPUT_DATA!$B:$B,"D")) -> 0 | CO27: =IF($B27=0,"",SUMIFS(INPUT_DATA!AP:AP,INPUT_DATA!$A:$A,$B27,INPUT_DATA!$B:$B,"D")) -> 0 | CP27: =IF($B27=0,"",BO27+BR27-BU27-BX27-CA27+CD27-CJ27-CM27+CG27) -> 19395.57 | CQ27: =IF($B27=0,"",BP27+BS27-BV27-BY27-CB27+CE27-CK27-CN27+CH27) -> 192.91 | CR27: =IF($B27=0,"",BQ27+BT27-BW27-BZ27-CC27+CF27-CL27-CO27+CI27) -> 0 | CS27: =IF($B27=0,"",SUMIFS(INPUT_DATA!AQ:AQ,INPUT_DATA!$A:$A,$B27,INPUT_DATA!$B:$B,"D")) -> 19395.57 | CT27: =IF($B27=0,"",SUMIFS(INPUT_DATA!AR:AR,INPUT_DATA!$A:$A,$B27,INPUT_DATA!$B:$B,"D")) -> 192.91 | CU27: =IF($B27=0,"",SUMIFS(INPUT_DATA!AS:AS,INPUT_DATA!$A:$A,$B27,INPUT_DATA!$B:$B,"D")) -> 0 | CV27: =IF($B27=0,"",CP27-CS27) -> 0 | CW27: =IF($B27=0,"",CQ27-CT27) -> 2.8421709e-14 | CX27: =IF($B27=0,"",CR27-CU27) -> 0
B28: =INPUT_DATA!CR15 -> 45930 | C28: =IF($B28=0,"",SUMIFS(INPUT_DATA!C:C,INPUT_DATA!$A:$A,$B28,INPUT_DATA!$B:$B,"S")) -> 7.4307709e+09 | D28: =IF($B28=0,"",SUMIFS(INPUT_DATA!D:D,INPUT_DATA!$A:$A,$B28,INPUT_DATA!$B:$B,"S")) -> 4.2463263e+09 | E28: =IF($B28=0,"",SUMIFS(INPUT_DATA!E:E,INPUT_DATA!$A:$A,$B28,INPUT_DATA!$B:$B,"S")) -> 40886125 | F28: =IF($B28=0,"",SUMIFS(INPUT_DATA!F:F,INPUT_DATA!$A:$A,$B28,INPUT_DATA!$B:$B,"S")) -> 18140271 | G28: =IF($B28=0,"",SUMIFS(INPUT_DATA!G:G,INPUT_DATA!$A:$A,$B28,INPUT_DATA!$B:$B,"S")) -> 0 | H28: =IF($B28=0,"",SUMIFS(INPUT_DATA!H:H,INPUT_DATA!$A:$A,$B28,INPUT_DATA!$B:$B,"S")) -> 0 | I28: =IF($B28=0,"",SUMIFS(INPUT_DATA!I:I,INPUT_DATA!$A:$A,$B28,INPUT_DATA!$B:$B,"S")) -> 0 | J28: =IF($B28=0,"",SUMIFS(INPUT_DATA!J:J,INPUT_DATA!$A:$A,$B28,INPUT_DATA!$B:$B,"S")) -> 0 | K28: =IF($B28=0,"",SUMIFS(INPUT_DATA!K:K,INPUT_DATA!$A:$A,$B28,INPUT_DATA!$B:$B,"S")) -> 414679.66 | L28: =IF($B28=0,"",SUMIFS(INPUT_DATA!L:L,INPUT_DATA!$A:$A,$B28,INPUT_DATA!$B:$B,"S")) -> 0 | M28: =IF($B28=0,"",SUMIFS(INPUT_DATA!M:M,INPUT_DATA!$A:$A,$B28,INPUT_DATA!$B:$B,"S")) -> 3662942.7 | N28: =IF($B28=0,"",SUMIFS(INPUT_DATA!N:N,INPUT_DATA!$A:$A,$B28,INPUT_DATA!$B:$B,"S")) -> 0 | O28: =IF($B28=0,"",C28+D28-E28-F28+G28+H28+I28-J28-K28-M28-N28-L28) -> 1.1613993e+10 | P28: =IF($B28=0,"",SUMIFS(INPUT_DATA!O:O,INPUT_DATA!$A:$A,$B28,INPUT_DATA!$B:$B,"S")) -> 1.1613993e+10 | Q28: =IF($B28=0,"",O28-P28) -> -1.9073486e-06 | R28: =IF($B28=0,"",SUMIFS(INPUT_DATA!BL:BL,INPUT_DATA!$A:$A,$B28,INPUT_DATA!$B:$B,"S")) -> 12728722 | S28: =IF($B28=0,"",SUMIFS(INPUT_DATA!P:P,INPUT_DATA!$A:$A,$B28,INPUT_DATA!$B:$B,"S")) -> 556818.38 | T28: =IF($B28=0,"",SUMIFS(INPUT_DATA!Q:Q,INPUT_DATA!$A:$A,$B28,INPUT_DATA!$B:$B,"S")) -> 104028.52 | U28: =IF($B28=0,"",SUMIFS(INPUT_DATA!R:R,INPUT_DATA!$A:$A,$B28,INPUT_DATA!$B:$B,"S")) -> 0 | V28: =IF($B28=0,"",SUMIFS(INPUT_DATA!S:S,INPUT_DATA!$A:$A,$B28,INPUT_DATA!$B:$B,"S")) -> 127109.58 | W28: =IF($B28=0,"",SUMIFS(INPUT_DATA!T:T,INPUT_DATA!$A:$A,$B28,INPUT_DATA!$B:$B,"S")) -> 23600.81 | X28: =IF($B28=0,"",SUMIFS(INPUT_DATA!U:U,INPUT_DATA!$A:$A,$B28,INPUT_DATA!$B:$B,"S")) -> 0 | Y28: =IF($B28=0,"",SUMIFS(INPUT_DATA!V:V,INPUT_DATA!$A:$A,$B28,INPUT_DATA!$B:$B,"S")) -> 343243.5 | Z28: =IF($B28=0,"",SUMIFS(INPUT_DATA!W:W,INPUT_DATA!$A:$A,$B28,INPUT_DATA!$B:$B,"S")) -> 64031.84 | AA28: =IF($B28=0,"",SUMIFS(INPUT_DATA!X:X,INPUT_DATA!$A:$A,$B28,INPUT_DATA!$B:$B,"S")) -> 0 | AB28: =IF($B28=0,"",SUMIFS(INPUT_DATA!Y:Y,INPUT_DATA!$A:$A,$B28,INPUT_DATA!$B:$B,"S")) -> 339.56 | AC28: =IF($B28=0,"",SUMIFS(INPUT_DATA!Z:Z,INPUT_DATA!$A:$A,$B28,INPUT_DATA!$B:$B,"S")) -> 57.87 | AD28: =IF($B28=0,"",SUMIFS(INPUT_DATA!AA:AA,INPUT_DATA!$A:$A,$B28,INPUT_DATA!$B:$B,"S")) -> 0 | AE28: =IF($B28=0,"",SUMIFS(INPUT_DATA!AB:AB,INPUT_DATA!$A:$A,$B28,INPUT_DATA!$B:$B,"S")) -> 0 | AF28: =IF($B28=0,"",SUMIFS(INPUT_DATA!AC:AC,INPUT_DATA!$A:$A,$B28,INPUT_DATA!$B:$B,"S")) -> 0 | AG28: =IF($B28=0,"",SUMIFS(INPUT_DATA!AD:AD,INPUT_DATA!$A:$A,$B28,INPUT_DATA!$B:$B,"S")) -> 0 | AH28: =IF($B28=0,"",SUMIFS(INPUT_DATA!AE:AE,INPUT_DATA!$A:$A,$B28,INPUT_DATA!$B:$B,"S")) -> 1384.77 | AI28: =IF($B28=0,"",SUMIFS(INPUT_DATA!AF:AF,INPUT_DATA!$A:$A,$B28,INPUT_DATA!$B:$B,"S")) -> 342.25 | AJ28: =IF($B28=0,"",SUMIFS(INPUT_DATA!AG:AG,INPUT_DATA!$A:$A,$B28,INPUT_DATA!$B:$B,"S")) -> 0 | AK28: =IF($B28=0,"",SUMIFS(INPUT_DATA!AK:AK,INPUT_DATA!$A:$A,$B28,INPUT_DATA!$B:$B,"S")) -> 1658.95 | AL28: =IF($B28=0,"",SUMIFS(INPUT_DATA!AL:AL,INPUT_DATA!$A:$A,$B28,INPUT_DATA!$B:$B,"S")) -> 23.79 | AM28: =IF($B28=0,"",SUMIFS(INPUT_DATA!AM:AM,INPUT_DATA!$A:$A,$B28,INPUT_DATA!$B:$B,"S")) -> 0 | AN28: =IF($B28=0,"",SUMIFS(INPUT_DATA!AN:AN,INPUT_DATA!$A:$A,$B28,INPUT_DATA!$B:$B,"S")) -> 0 | AO28: =IF($B28=0,"",SUMIFS(INPUT_DATA!AO:AO,INPUT_DATA!$A:$A,$B28,INPUT_DATA!$B:$B,"S")) -> 0 | AP28: =IF($B28=0,"",SUMIFS(INPUT_DATA!AP:AP,INPUT_DATA!$A:$A,$B28,INPUT_DATA!$B:$B,"S")) -> 0 | AQ28: =IF($B28=0,"",S28+V28-Y28-AB28-AE28-AH28-AK28-AN28) -> 337301.18 | AR28: =IF($B28=0,"",T28+W28-Z28-AC28-AF28-AI28-AL28-AO28) -> 63173.58 | AS28: =IF($B28=0,"",U28+X28-AA28-AD28-AG28-AJ28-AM28-AP28) -> 0 | AT28: =IF($B28=0,"",SUMIFS(INPUT_DATA!AQ:AQ,INPUT_DATA!$A:$A,$B28,INPUT_DATA!$B:$B,"S")) -> 337301.18 | AU28: =IF($B28=0,"",SUMIFS(INPUT_DATA!AR:AR,INPUT_DATA!$A:$A,$B28,INPUT_DATA!$B:$B,"S")) -> 63173.58 | AV28: =IF($B28=0,"",SUMIFS(INPUT_DATA!AS:AS,INPUT_DATA!$A:$A,$B28,INPUT_DATA!$B:$B,"S")) -> 0 | AW28: =IF($B28=0,"",AQ28-AT28) -> -5.8207661e-11 | AX28: =IF($B28=0,"",AR28-AU28) -> 0 | AY28: =IF($B28=0,"",AS28-AV28) -> 0 | BA28: =IF($B28=0,"",SUMIFS(INPUT_DATA!C:C,INPUT_DATA!$A:$A,$B28,INPUT_DATA!$B:$B,"D")) -> 324731.81 | BB28: =IF($B28=0,"",SUMIFS(INPUT_DATA!E:E,INPUT_DATA!$A:$A,$B28,INPUT_DATA!$B:$B,"D")) -> 1380.34 | BC28: =IF($B28=0,"",SUMIFS(INPUT_DATA!F:F,INPUT_DATA!$A:$A,$B28,INPUT_DATA!$B:$B,"D")) -> 0 | BD28: =IF($B28=0,"",SUMIFS(INPUT_DATA!G:G,INPUT_DATA!$A:$A,$B28,INPUT_DATA!$B:$B,"D")) -> 0 | BE28: =IF($B28=0,"",SUMIFS(INPUT_DATA!H:H,INPUT_DATA!$A:$A,$B28,INPUT_DATA!$B:$B,"D")) -> 0 | BF28: =IF($B28=0,"",SUMIFS(INPUT_DATA!I:I,INPUT_DATA!$A:$A,$B28,INPUT_DATA!$B:$B,"D")) -> 0 | BG28: =IF($B28=0,"",SUMIFS(INPUT_DATA!J:J,INPUT_DATA!$A:$A,$B28,INPUT_DATA!$B:$B,"D")) -> 0 | BH28: =IF($B28=0,"",SUMIFS(INPUT_DATA!K:K,INPUT_DATA!$A:$A,$B28,INPUT_DATA!$B:$B,"D")) -> 414679.66 | BI28: =IF($B28=0,"",SUMIFS(INPUT_DATA!L:L,INPUT_DATA!$A:$A,$B28,INPUT_DATA!$B:$B,"D")) -> 0 | BJ28: =IF($B28=0,"",SUMIFS(INPUT_DATA!M:M,INPUT_DATA!$A:$A,$B28,INPUT_DATA!$B:$B,"D")) -> 738031.13 | BK28: =IF($B28=0,"",SUMIFS(INPUT_DATA!N:N,INPUT_DATA!$A:$A,$B28,INPUT_DATA!$B:$B,"D")) -> 0 | BL28: =IF($B28=0,"",AZ28+BA28-BB28-BC28+BD28+BE28+BF28-BG28+BH28-BJ28-BK28) -> -1.1641532e-10 | BM28: =IF($B28=0,"",SUMIFS(INPUT_DATA!O:O,INPUT_DATA!$A:$A,$B28,INPUT_DATA!$B:$B,"D")) -> 0 | BN28: =IF($B28=0,"",BL28-BM28) -> -1.1641532e-10 | BO28: =IF($B28=0,"",SUMIFS(INPUT_DATA!P:P,INPUT_DATA!$A:$A,$B28,INPUT_DATA!$B:$B,"D")) -> 0 | BP28: =IF($B28=0,"",SUMIFS(INPUT_DATA!Q:Q,INPUT_DATA!$A:$A,$B28,INPUT_DATA!$B:$B,"D")) -> 0 | BQ28: =IF($B28=0,"",SUMIFS(INPUT_DATA!R:R,INPUT_DATA!$A:$A,$B28,INPUT_DATA!$B:$B,"D")) -> 0 | BR28: =IF($B28=0,"",SUMIFS(INPUT_DATA!S:S,INPUT_DATA!$A:$A,$B28,INPUT_DATA!$B:$B,"D")) -> 119.79 | BS28: =IF($B28=0,"",SUMIFS(INPUT_DATA!T:T,INPUT_DATA!$A:$A,$B28,INPUT_DATA!$B:$B,"D")) -> 36.96 | BT28: =IF($B28=0,"",SUMIFS(INPUT_DATA!U:U,INPUT_DATA!$A:$A,$B28,INPUT_DATA!$B:$B,"D")) -> 0 | BU28: =IF($B28=0,"",SUMIFS(INPUT_DATA!V:V,INPUT_DATA!$A:$A,$B28,INPUT_DATA!$B:$B,"D")) -> 81.85 | BV28: =IF($B28=0,"",SUMIFS(INPUT_DATA!W:W,INPUT_DATA!$A:$A,$B28,INPUT_DATA!$B:$B,"D")) -> 64.9 | BW28: =IF($B28=0,"",SUMIFS(INPUT_DATA!X:X,INPUT_DATA!$A:$A,$B28,INPUT_DATA!$B:$B,"D")) -> 0 | BX28: =IF($B28=0,"",SUMIFS(INPUT_DATA!Y:Y,INPUT_DATA!$A:$A,$B28,INPUT_DATA!$B:$B,"D")) -> 0 | BY28: =IF($B28=0,"",SUMIFS(INPUT_DATA!Z:Z,INPUT_DATA!$A:$A,$B28,INPUT_DATA!$B:$B,"D")) -> 0 | BZ28: =IF($B28=0,"",SUMIFS(INPUT_DATA!AA:AA,INPUT_DATA!$A:$A,$B28,INPUT_DATA!$B:$B,"D")) -> 0 | CA28: =IF($B28=0,"",SUMIFS(INPUT_DATA!AB:AB,INPUT_DATA!$A:$A,$B28,INPUT_DATA!$B:$B,"D")) -> 0 | CB28: =IF($B28=0,"",SUMIFS(INPUT_DATA!AC:AC,INPUT_DATA!$A:$A,$B28,INPUT_DATA!$B:$B,"D")) -> 0 | CC28: =IF($B28=0,"",SUMIFS(INPUT_DATA!AD:AD,INPUT_DATA!$A:$A,$B28,INPUT_DATA!$B:$B,"D")) -> 0 | CD28: =IF($B28=0,"",SUMIFS(INPUT_DATA!AE:AE,INPUT_DATA!$A:$A,$B28,INPUT_DATA!$B:$B,"D")) -> 1384.77 | CE28: =IF($B28=0,"",SUMIFS(INPUT_DATA!AF:AF,INPUT_DATA!$A:$A,$B28,INPUT_DATA!$B:$B,"D")) -> 342.25 | CF28: =IF($B28=0,"",SUMIFS(INPUT_DATA!AG:AG,INPUT_DATA!$A:$A,$B28,INPUT_DATA!$B:$B,"D")) -> 0 | CG28: =IF($B28=0,"",SUMIFS(INPUT_DATA!AH:AH,INPUT_DATA!$A:$A,$B28,INPUT_DATA!$B:$B,"D")) -> 0 | CH28: =IF($B28=0,"",SUMIFS(INPUT_DATA!AI:AI,INPUT_DATA!$A:$A,$B28,INPUT_DATA!$B:$B,"D")) -> 0 | CI28: =IF($B28=0,"",SUMIFS(INPUT_DATA!AJ:AJ,INPUT_DATA!$A:$A,$B28,INPUT_DATA!$B:$B,"D")) -> 0 | CJ28: =IF($B28=0,"",SUMIFS(INPUT_DATA!AK:AK,INPUT_DATA!$A:$A,$B28,INPUT_DATA!$B:$B,"D")) -> 1422.71 | CK28: =IF($B28=0,"",SUMIFS(INPUT_DATA!AL:AL,INPUT_DATA!$A:$A,$B28,INPUT_DATA!$B:$B,"D")) -> 314.31 | CL28: =IF($B28=0,"",SUMIFS(INPUT_DATA!AM:AM,INPUT_DATA!$A:$A,$B28,INPUT_DATA!$B:$B,"D")) -> 0 | CM28: =IF($B28=0,"",SUMIFS(INPUT_DATA!AN:AN,INPUT_DATA!$A:$A,$B28,INPUT_DATA!$B:$B,"D")) -> 0 | CN28: =IF($B28=0,"",SUMIFS(INPUT_DATA!AO:AO,INPUT_DATA!$A:$A,$B28,INPUT_DATA!$B:$B,"D")) -> 0 | CO28: =IF($B28=0,"",SUMIFS(INPUT_DATA!AP:AP,INPUT_DATA!$A:$A,$B28,INPUT_DATA!$B:$B,"D")) -> 0 | CP28: =IF($B28=0,"",BO28+BR28-BU28-BX28-CA28+CD28-CJ28-CM28+CG28) -> 0 | CQ28: =IF($B28=0,"",BP28+BS28-BV28-BY28-CB28+CE28-CK28-CN28+CH28) -> 0 | CR28: =IF($B28=0,"",BQ28+BT28-BW28-BZ28-CC28+CF28-CL28-CO28+CI28) -> 0 | CS28: =IF($B28=0,"",SUMIFS(INPUT_DATA!AQ:AQ,INPUT_DATA!$A:$A,$B28,INPUT_DATA!$B:$B,"D")) -> 0 | CT28: =IF($B28=0,"",SUMIFS(INPUT_DATA!AR:AR,INPUT_DATA!$A:$A,$B28,INPUT_DATA!$B:$B,"D")) -> 0 | CU28: =IF($B28=0,"",SUMIFS(INPUT_DATA!AS:AS,INPUT_DATA!$A:$A,$B28,INPUT_DATA!$B:$B,"D")) -> 0 | CV28: =IF($B28=0,"",CP28-CS28) -> 0 | CW28: =IF($B28=0,"",CQ28-CT28) -> 0 | CX28: =IF($B28=0,"",CR28-CU28) -> 0
B29: =INPUT_DATA!CR16 -> 45900 | C29: =IF($B29=0,"",SUMIFS(INPUT_DATA!C:C,INPUT_DATA!$A:$A,$B29,INPUT_DATA!$B:$B,"S")) -> 7.5014021e+09 | D29: =IF($B29=0,"",SUMIFS(INPUT_DATA!D:D,INPUT_DATA!$A:$A,$B29,INPUT_DATA!$B:$B,"S")) -> 0 | E29: =IF($B29=0,"",SUMIFS(INPUT_DATA!E:E,INPUT_DATA!$A:$A,$B29,INPUT_DATA!$B:$B,"S")) -> 41134016 | F29: =IF($B29=0,"",SUMIFS(INPUT_DATA!F:F,INPUT_DATA!$A:$A,$B29,INPUT_DATA!$B:$B,"S")) -> 24368147 | G29: =IF($B29=0,"",SUMIFS(INPUT_DATA!G:G,INPUT_DATA!$A:$A,$B29,INPUT_DATA!$B:$B,"S")) -> 0 | H29: =IF($B29=0,"",SUMIFS(INPUT_DATA!H:H,INPUT_DATA!$A:$A,$B29,INPUT_DATA!$B:$B,"S")) -> 0 | I29: =IF($B29=0,"",SUMIFS(INPUT_DATA!I:I,INPUT_DATA!$A:$A,$B29,INPUT_DATA!$B:$B,"S")) -> 0 | J29: =IF($B29=0,"",SUMIFS(INPUT_DATA!J:J,INPUT_DATA!$A:$A,$B29,INPUT_DATA!$B:$B,"S")) -> 0 | K29: =IF($B29=0,"",SUMIFS(INPUT_DATA!K:K,INPUT_DATA!$A:$A,$B29,INPUT_DATA!$B:$B,"S")) -> 325275.99 | L29: =IF($B29=0,"",SUMIFS(INPUT_DATA!L:L,INPUT_DATA!$A:$A,$B29,INPUT_DATA!$B:$B,"S")) -> 0 | M29: =IF($B29=0,"",SUMIFS(INPUT_DATA!M:M,INPUT_DATA!$A:$A,$B29,INPUT_DATA!$B:$B,"S")) -> 4803743.9 | N29: =IF($B29=0,"",SUMIFS(INPUT_DATA!N:N,INPUT_DATA!$A:$A,$B29,INPUT_DATA!$B:$B,"S")) -> 0 | O29: =IF($B29=0,"",C29+D29-E29-F29+G29+H29+I29-J29-K29-M29-N29-L29) -> 7.4307709e+09 | P29: =IF($B29=0,"",SUMIFS(INPUT_DATA!O:O,INPUT_DATA!$A:$A,$B29,INPUT_DATA!$B:$B,"S")) -> 7.4307709e+09 | Q29: =IF($B29=0,"",O29-P29) -> -9.5367432e-07 | R29: =IF($B29=0,"",SUMIFS(INPUT_DATA!BL:BL,INPUT_DATA!$A:$A,$B29,INPUT_DATA!$B:$B,"S")) -> 7344940.4 | S29: =IF($B29=0,"",SUMIFS(INPUT_DATA!P:P,INPUT_DATA!$A:$A,$B29,INPUT_DATA!$B:$B,"S")) -> 486832.33 | T29: =IF($B29=0,"",SUMIFS(INPUT_DATA!Q:Q,INPUT_DATA!$A:$A,$B29,INPUT_DATA!$B:$B,"S")) -> 104936.02 | U29: =IF($B29=0,"",SUMIFS(INPUT_DATA!R:R,INPUT_DATA!$A:$A,$B29,INPUT_DATA!$B:$B,"S")) -> 0 | V29: =IF($B29=0,"",SUMIFS(INPUT_DATA!S:S,INPUT_DATA!$A:$A,$B29,INPUT_DATA!$B:$B,"S")) -> 209210.51 | W29: =IF($B29=0,"",SUMIFS(INPUT_DATA!T:T,INPUT_DATA!$A:$A,$B29,INPUT_DATA!$B:$B,"S")) -> 35903.72 | X29: =IF($B29=0,"",SUMIFS(INPUT_DATA!U:U,INPUT_DATA!$A:$A,$B29,INPUT_DATA!$B:$B,"S")) -> 0 | Y29: =IF($B29=0,"",SUMIFS(INPUT_DATA!V:V,INPUT_DATA!$A:$A,$B29,INPUT_DATA!$B:$B,"S")) -> 139224.46 | Z29: =IF($B29=0,"",SUMIFS(INPUT_DATA!W:W,INPUT_DATA!$A:$A,$B29,INPUT_DATA!$B:$B,"S")) -> 36811.22 | AA29: =IF($B29=0,"",SUMIFS(INPUT_DATA!X:X,INPUT_DATA!$A:$A,$B29,INPUT_DATA!$B:$B,"S")) -> 0 | AB29: =IF($B29=0,"",SUMIFS(INPUT_DATA!Y:Y,INPUT_DATA!$A:$A,$B29,INPUT_DATA!$B:$B,"S")) -> 0 | AC29: =IF($B29=0,"",SUMIFS(INPUT_DATA!Z:Z,INPUT_DATA!$A:$A,$B29,INPUT_DATA!$B:$B,"S")) -> 0 | AD29: =IF($B29=0,"",SUMIFS(INPUT_DATA!AA:AA,INPUT_DATA!$A:$A,$B29,INPUT_DATA!$B:$B,"S")) -> 0 | AE29: =IF($B29=0,"",SUMIFS(INPUT_DATA!AB:AB,INPUT_DATA!$A:$A,$B29,INPUT_DATA!$B:$B,"S")) -> 0 | AF29: =IF($B29=0,"",SUMIFS(INPUT_DATA!AC:AC,INPUT_DATA!$A:$A,$B29,INPUT_DATA!$B:$B,"S")) -> 0 | AG29: =IF($B29=0,"",SUMIFS(INPUT_DATA!AD:AD,INPUT_DATA!$A:$A,$B29,INPUT_DATA!$B:$B,"S")) -> 0 | AH29: =IF($B29=0,"",SUMIFS(INPUT_DATA!AE:AE,INPUT_DATA!$A:$A,$B29,INPUT_DATA!$B:$B,"S")) -> 0 | AI29: =IF($B29=0,"",SUMIFS(INPUT_DATA!AF:AF,INPUT_DATA!$A:$A,$B29,INPUT_DATA!$B:$B,"S")) -> 0 | AJ29: =IF($B29=0,"",SUMIFS(INPUT_DATA!AG:AG,INPUT_DATA!$A:$A,$B29,INPUT_DATA!$B:$B,"S")) -> 0 | AK29: =IF($B29=0,"",SUMIFS(INPUT_DATA!AK:AK,INPUT_DATA!$A:$A,$B29,INPUT_DATA!$B:$B,"S")) -> 0 | AL29: =IF($B29=0,"",SUMIFS(INPUT_DATA!AL:AL,INPUT_DATA!$A:$A,$B29,INPUT_DATA!$B:$B,"S")) -> 0 | AM29: =IF($B29=0,"",SUMIFS(INPUT_DATA!AM:AM,INPUT_DATA!$A:$A,$B29,INPUT_DATA!$B:$B,"S")) -> 0 | AN29: =IF($B29=0,"",SUMIFS(INPUT_DATA!AN:AN,INPUT_DATA!$A:$A,$B29,INPUT_DATA!$B:$B,"S")) -> 0 | AO29: =IF($B29=0,"",SUMIFS(INPUT_DATA!AO:AO,INPUT_DATA!$A:$A,$B29,INPUT_DATA!$B:$B,"S")) -> 0 | AP29: =IF($B29=0,"",SUMIFS(INPUT_DATA!AP:AP,INPUT_DATA!$A:$A,$B29,INPUT_DATA!$B:$B,"S")) -> 0 | AQ29: =IF($B29=0,"",S29+V29-Y29-AB29-AE29-AH29-AK29-AN29) -> 556818.38 | AR29: =IF($B29=0,"",T29+W29-Z29-AC29-AF29-AI29-AL29-AO29) -> 104028.52 | AS29: =IF($B29=0,"",U29+X29-AA29-AD29-AG29-AJ29-AM29-AP29) -> 0 | AT29: =IF($B29=0,"",SUMIFS(INPUT_DATA!AQ:AQ,INPUT_DATA!$A:$A,$B29,INPUT_DATA!$B:$B,"S")) -> 556818.38 | AU29: =IF($B29=0,"",SUMIFS(INPUT_DATA!AR:AR,INPUT_DATA!$A:$A,$B29,INPUT_DATA!$B:$B,"S")) -> 104028.52 | AV29: =IF($B29=0,"",SUMIFS(INPUT_DATA!AS:AS,INPUT_DATA!$A:$A,$B29,INPUT_DATA!$B:$B,"S")) -> 0 | AW29: =IF($B29=0,"",AQ29-AT29) -> 1.1641532e-10 | AX29: =IF($B29=0,"",AR29-AU29) -> -1.4551915e-11 | AY29: =IF($B29=0,"",AS29-AV29) -> 0 | BA29: =IF($B29=0,"",SUMIFS(INPUT_DATA!C:C,INPUT_DATA!$A:$A,$B29,INPUT_DATA!$B:$B,"D")) -> 616580.66 | BB29: =IF($B29=0,"",SUMIFS(INPUT_DATA!E:E,INPUT_DATA!$A:$A,$B29,INPUT_DATA!$B:$B,"D")) -> 1716.2 | BC29: =IF($B29=0,"",SUMIFS(INPUT_DATA!F:F,INPUT_DATA!$A:$A,$B29,INPUT_DATA!$B:$B,"D")) -> 0 | BD29: =IF($B29=0,"",SUMIFS(INPUT_DATA!G:G,INPUT_DATA!$A:$A,$B29,INPUT_DATA!$B:$B,"D")) -> 0 | BE29: =IF($B29=0,"",SUMIFS(INPUT_DATA!H:H,INPUT_DATA!$A:$A,$B29,INPUT_DATA!$B:$B,"D")) -> 0 | BF29: =IF($B29=0,"",SUMIFS(INPUT_DATA!I:I,INPUT_DATA!$A:$A,$B29,INPUT_DATA!$B:$B,"D")) -> 0 | BG29: =IF($B29=0,"",SUMIFS(INPUT_DATA!J:J,INPUT_DATA!$A:$A,$B29,INPUT_DATA!$B:$B,"D")) -> 0 | BH29: =IF($B29=0,"",SUMIFS(INPUT_DATA!K:K,INPUT_DATA!$A:$A,$B29,INPUT_DATA!$B:$B,"D")) -> 325275.99 | BI29: =IF($B29=0,"",SUMIFS(INPUT_DATA!L:L,INPUT_DATA!$A:$A,$B29,INPUT_DATA!$B:$B,"D")) -> 0 | BJ29: =IF($B29=0,"",SUMIFS(INPUT_DATA!M:M,INPUT_DATA!$A:$A,$B29,INPUT_DATA!$B:$B,"D")) -> 615408.64 | BK29: =IF($B29=0,"",SUMIFS(INPUT_DATA!N:N,INPUT_DATA!$A:$A,$B29,INPUT_DATA!$B:$B,"D")) -> 0 | BL29: =IF($B29=0,"",AZ29+BA29-BB29-BC29+BD29+BE29+BF29-BG29+BH29-BJ29-BK29) -> 324731.81 | BM29: =IF($B29=0,"",SUMIFS(INPUT_DATA!O:O,INPUT_DATA!$A:$A,$B29,INPUT_DATA!$B:$B,"D")) -> 324731.81 | BN29: =IF($B29=0,"",BL29-BM29) -> 5.8207661e-11 | BO29: =IF($B29=0,"",SUMIFS(INPUT_DATA!P:P,INPUT_DATA!$A:$A,$B29,INPUT_DATA!$B:$B,"D")) -> 2694.84 | BP29: =IF($B29=0,"",SUMIFS(INPUT_DATA!Q:Q,INPUT_DATA!$A:$A,$B29,INPUT_DATA!$B:$B,"D")) -> 248.83 | BQ29: =IF($B29=0,"",SUMIFS(INPUT_DATA!R:R,INPUT_DATA!$A:$A,$B29,INPUT_DATA!$B:$B,"D")) -> 0 | BR29: =IF($B29=0,"",SUMIFS(INPUT_DATA!S:S,INPUT_DATA!$A:$A,$B29,INPUT_DATA!$B:$B,"D")) -> 0 | BS29: =IF($B29=0,"",SUMIFS(INPUT_DATA!T:T,INPUT_DATA!$A:$A,$B29,INPUT_DATA!$B:$B,"D")) -> 0 | BT29: =IF($B29=0,"",SUMIFS(INPUT_DATA!U:U,INPUT_DATA!$A:$A,$B29,INPUT_DATA!$B:$B,"D")) -> 0 | BU29: =IF($B29=0,"",SUMIFS(INPUT_DATA!V:V,INPUT_DATA!$A:$A,$B29,INPUT_DATA!$B:$B,"D")) -> 0 | BV29: =IF($B29=0,"",SUMIFS(INPUT_DATA!W:W,INPUT_DATA!$A:$A,$B29,INPUT_DATA!$B:$B,"D")) -> 0 | BW29: =IF($B29=0,"",SUMIFS(INPUT_DATA!X:X,INPUT_DATA!$A:$A,$B29,INPUT_DATA!$B:$B,"D")) -> 0 | BX29: =IF($B29=0,"",SUMIFS(INPUT_DATA!Y:Y,INPUT_DATA!$A:$A,$B29,INPUT_DATA!$B:$B,"D")) -> 0 | BY29: =IF($B29=0,"",SUMIFS(INPUT_DATA!Z:Z,INPUT_DATA!$A:$A,$B29,INPUT_DATA!$B:$B,"D")) -> 0 | BZ29: =IF($B29=0,"",SUMIFS(INPUT_DATA!AA:AA,INPUT_DATA!$A:$A,$B29,INPUT_DATA!$B:$B,"D")) -> 0 | CA29: =IF($B29=0,"",SUMIFS(INPUT_DATA!AB:AB,INPUT_DATA!$A:$A,$B29,INPUT_DATA!$B:$B,"D")) -> 0 | CB29: =IF($B29=0,"",SUMIFS(INPUT_DATA!AC:AC,INPUT_DATA!$A:$A,$B29,INPUT_DATA!$B:$B,"D")) -> 0 | CC29: =IF($B29=0,"",SUMIFS(INPUT_DATA!AD:AD,INPUT_DATA!$A:$A,$B29,INPUT_DATA!$B:$B,"D")) -> 0 | CD29: =IF($B29=0,"",SUMIFS(INPUT_DATA!AE:AE,INPUT_DATA!$A:$A,$B29,INPUT_DATA!$B:$B,"D")) -> 0 | CE29: =IF($B29=0,"",SUMIFS(INPUT_DATA!AF:AF,INPUT_DATA!$A:$A,$B29,INPUT_DATA!$B:$B,"D")) -> 0 | CF29: =IF($B29=0,"",SUMIFS(INPUT_DATA!AG:AG,INPUT_DATA!$A:$A,$B29,INPUT_DATA!$B:$B,"D")) -> 0 | CG29: =IF($B29=0,"",SUMIFS(INPUT_DATA!AH:AH,INPUT_DATA!$A:$A,$B29,INPUT_DATA!$B:$B,"D")) -> 0 | CH29: =IF($B29=0,"",SUMIFS(INPUT_DATA!AI:AI,INPUT_DATA!$A:$A,$B29,INPUT_DATA!$B:$B,"D")) -> 0 | CI29: =IF($B29=0,"",SUMIFS(INPUT_DATA!AJ:AJ,INPUT_DATA!$A:$A,$B29,INPUT_DATA!$B:$B,"D")) -> 0 | CJ29: =IF($B29=0,"",SUMIFS(INPUT_DATA!AK:AK,INPUT_DATA!$A:$A,$B29,INPUT_DATA!$B:$B,"D")) -> 2694.84 | CK29: =IF($B29=0,"",SUMIFS(INPUT_DATA!AL:AL,INPUT_DATA!$A:$A,$B29,INPUT_DATA!$B:$B,"D")) -> 248.83 | CL29: =IF($B29=0,"",SUMIFS(INPUT_DATA!AM:AM,INPUT_DATA!$A:$A,$B29,INPUT_DATA!$B:$B,"D")) -> 0 | CM29: =IF($B29=0,"",SUMIFS(INPUT_DATA!AN:AN,INPUT_DATA!$A:$A,$B29,INPUT_DATA!$B:$B,"D")) -> 0 | CN29: =IF($B29=0,"",SUMIFS(INPUT_DATA!AO:AO,INPUT_DATA!$A:$A,$B29,INPUT_DATA!$B:$B,"D")) -> 0 | CO29: =IF($B29=0,"",SUMIFS(INPUT_DATA!AP:AP,INPUT_DATA!$A:$A,$B29,INPUT_DATA!$B:$B,"D")) -> 0 | CP29: =IF($B29=0,"",BO29+BR29-BU29-BX29-CA29+CD29-CJ29-CM29+CG29) -> 0 | CQ29: =IF($B29=0,"",BP29+BS29-BV29-BY29-CB29+CE29-CK29-CN29+CH29) -> 0 | CR29: =IF($B29=0,"",BQ29+BT29-BW29-BZ29-CC29+CF29-CL29-CO29+CI29) -> 0 | CS29: =IF($B29=0,"",SUMIFS(INPUT_DATA!AQ:AQ,INPUT_DATA!$A:$A,$B29,INPUT_DATA!$B:$B,"D")) -> 0 | CT29: =IF($B29=0,"",SUMIFS(INPUT_DATA!AR:AR,INPUT_DATA!$A:$A,$B29,INPUT_DATA!$B:$B,"D")) -> 0 | CU29: =IF($B29=0,"",SUMIFS(INPUT_DATA!AS:AS,INPUT_DATA!$A:$A,$B29,INPUT_DATA!$B:$B,"D")) -> 0 | CV29: =IF($B29=0,"",CP29-CS29) -> 0 | CW29: =IF($B29=0,"",CQ29-CT29) -> 0 | CX29: =IF($B29=0,"",CR29-CU29) -> 0
B30: =INPUT_DATA!CR17 -> 45869 | C30: =IF($B30=0,"",SUMIFS(INPUT_DATA!C:C,INPUT_DATA!$A:$A,$B30,INPUT_DATA!$B:$B,"S")) -> 7.5700052e+09 | D30: =IF($B30=0,"",SUMIFS(INPUT_DATA!D:D,INPUT_DATA!$A:$A,$B30,INPUT_DATA!$B:$B,"S")) -> 0 | E30: =IF($B30=0,"",SUMIFS(INPUT_DATA!E:E,INPUT_DATA!$A:$A,$B30,INPUT_DATA!$B:$B,"S")) -> 41404451 | F30: =IF($B30=0,"",SUMIFS(INPUT_DATA!F:F,INPUT_DATA!$A:$A,$B30,INPUT_DATA!$B:$B,"S")) -> 23530806 | G30: =IF($B30=0,"",SUMIFS(INPUT_DATA!G:G,INPUT_DATA!$A:$A,$B30,INPUT_DATA!$B:$B,"S")) -> 0 | H30: =IF($B30=0,"",SUMIFS(INPUT_DATA!H:H,INPUT_DATA!$A:$A,$B30,INPUT_DATA!$B:$B,"S")) -> 0 | I30: =IF($B30=0,"",SUMIFS(INPUT_DATA!I:I,INPUT_DATA!$A:$A,$B30,INPUT_DATA!$B:$B,"S")) -> 0 | J30: =IF($B30=0,"",SUMIFS(INPUT_DATA!J:J,INPUT_DATA!$A:$A,$B30,INPUT_DATA!$B:$B,"S")) -> 0 | K30: =IF($B30=0,"",SUMIFS(INPUT_DATA!K:K,INPUT_DATA!$A:$A,$B30,INPUT_DATA!$B:$B,"S")) -> 619098.98 | L30: =IF($B30=0,"",SUMIFS(INPUT_DATA!L:L,INPUT_DATA!$A:$A,$B30,INPUT_DATA!$B:$B,"S")) -> 0 | M30: =IF($B30=0,"",SUMIFS(INPUT_DATA!M:M,INPUT_DATA!$A:$A,$B30,INPUT_DATA!$B:$B,"S")) -> 3048750.8 | N30: =IF($B30=0,"",SUMIFS(INPUT_DATA!N:N,INPUT_DATA!$A:$A,$B30,INPUT_DATA!$B:$B,"S")) -> 0 | O30: =IF($B30=0,"",C30+D30-E30-F30+G30+H30+I30-J30-K30-M30-N30-L30) -> 7.5014021e+09 | P30: =IF($B30=0,"",SUMIFS(INPUT_DATA!O:O,INPUT_DATA!$A:$A,$B30,INPUT_DATA!$B:$B,"S")) -> 7.5014021e+09 | Q30: =IF($B30=0,"",O30-P30) -> 9.5367432e-07 | R30: =IF($B30=0,"",SUMIFS(INPUT_DATA!BL:BL,INPUT_DATA!$A:$A,$B30,INPUT_DATA!$B:$B,"S")) -> 7414518.3 | S30: =IF($B30=0,"",SUMIFS(INPUT_DATA!P:P,INPUT_DATA!$A:$A,$B30,INPUT_DATA!$B:$B,"S")) -> 468786.21 | T30: =IF($B30=0,"",SUMIFS(INPUT_DATA!Q:Q,INPUT_DATA!$A:$A,$B30,INPUT_DATA!$B:$B,"S")) -> 91992.76 | U30: =IF($B30=0,"",SUMIFS(INPUT_DATA!R:R,INPUT_DATA!$A:$A,$B30,INPUT_DATA!$B:$B,"S")) -> 0 | V30: =IF($B30=0,"",SUMIFS(INPUT_DATA!S:S,INPUT_DATA!$A:$A,$B30,INPUT_DATA!$B:$B,"S")) -> 185325.96 | W30: =IF($B30=0,"",SUMIFS(INPUT_DATA!T:T,INPUT_DATA!$A:$A,$B30,INPUT_DATA!$B:$B,"S")) -> 45370.56 | X30: =IF($B30=0,"",SUMIFS(INPUT_DATA!U:U,INPUT_DATA!$A:$A,$B30,INPUT_DATA!$B:$B,"S")) -> 0 | Y30: =IF($B30=0,"",SUMIFS(INPUT_DATA!V:V,INPUT_DATA!$A:$A,$B30,INPUT_DATA!$B:$B,"S")) -> 164764.35 | Z30: =IF($B30=0,"",SUMIFS(INPUT_DATA!W:W,INPUT_DATA!$A:$A,$B30,INPUT_DATA!$B:$B,"S")) -> 32176.72 | AA30: =IF($B30=0,"",SUMIFS(INPUT_DATA!X:X,INPUT_DATA!$A:$A,$B30,INPUT_DATA!$B:$B,"S")) -> 0 | AB30: =IF($B30=0,"",SUMIFS(INPUT_DATA!Y:Y,INPUT_DATA!$A:$A,$B30,INPUT_DATA!$B:$B,"S")) -> 0 | AC30: =IF($B30=0,"",SUMIFS(INPUT_DATA!Z:Z,INPUT_DATA!$A:$A,$B30,INPUT_DATA!$B:$B,"S")) -> 0 | AD30: =IF($B30=0,"",SUMIFS(INPUT_DATA!AA:AA,INPUT_DATA!$A:$A,$B30,INPUT_DATA!$B:$B,"S")) -> 0 | AE30: =IF($B30=0,"",SUMIFS(INPUT_DATA!AB:AB,INPUT_DATA!$A:$A,$B30,INPUT_DATA!$B:$B,"S")) -> 0 | AF30: =IF($B30=0,"",SUMIFS(INPUT_DATA!AC:AC,INPUT_DATA!$A:$A,$B30,INPUT_DATA!$B:$B,"S")) -> 0 | AG30: =IF($B30=0,"",SUMIFS(INPUT_DATA!AD:AD,INPUT_DATA!$A:$A,$B30,INPUT_DATA!$B:$B,"S")) -> 0 | AH30: =IF($B30=0,"",SUMIFS(INPUT_DATA!AE:AE,INPUT_DATA!$A:$A,$B30,INPUT_DATA!$B:$B,"S")) -> 2515.49 | AI30: =IF($B30=0,"",SUMIFS(INPUT_DATA!AF:AF,INPUT_DATA!$A:$A,$B30,INPUT_DATA!$B:$B,"S")) -> 250.58 | AJ30: =IF($B30=0,"",SUMIFS(INPUT_DATA!AG:AG,INPUT_DATA!$A:$A,$B30,INPUT_DATA!$B:$B,"S")) -> 0 | AK30: =IF($B30=0,"",SUMIFS(INPUT_DATA!AK:AK,INPUT_DATA!$A:$A,$B30,INPUT_DATA!$B:$B,"S")) -> 0 | AL30: =IF($B30=0,"",SUMIFS(INPUT_DATA!AL:AL,INPUT_DATA!$A:$A,$B30,INPUT_DATA!$B:$B,"S")) -> 0 | AM30: =IF($B30=0,"",SUMIFS(INPUT_DATA!AM:AM,INPUT_DATA!$A:$A,$B30,INPUT_DATA!$B:$B,"S")) -> 0 | AN30: =IF($B30=0,"",SUMIFS(INPUT_DATA!AN:AN,INPUT_DATA!$A:$A,$B30,INPUT_DATA!$B:$B,"S")) -> 0 | AO30: =IF($B30=0,"",SUMIFS(INPUT_DATA!AO:AO,INPUT_DATA!$A:$A,$B30,INPUT_DATA!$B:$B,"S")) -> 0 | AP30: =IF($B30=0,"",SUMIFS(INPUT_DATA!AP:AP,INPUT_DATA!$A:$A,$B30,INPUT_DATA!$B:$B,"S")) -> 0 | AQ30: =IF($B30=0,"",S30+V30-Y30-AB30-AE30-AH30-AK30-AN30) -> 486832.33 | AR30: =IF($B30=0,"",T30+W30-Z30-AC30-AF30-AI30-AL30-AO30) -> 104936.02 | AS30: =IF($B30=0,"",U30+X30-AA30-AD30-AG30-AJ30-AM30-AP30) -> 0 | AT30: =IF($B30=0,"",SUMIFS(INPUT_DATA!AQ:AQ,INPUT_DATA!$A:$A,$B30,INPUT_DATA!$B:$B,"S")) -> 486832.33 | AU30: =IF($B30=0,"",SUMIFS(INPUT_DATA!AR:AR,INPUT_DATA!$A:$A,$B30,INPUT_DATA!$B:$B,"S")) -> 104936.02 | AV30: =IF($B30=0,"",SUMIFS(INPUT_DATA!AS:AS,INPUT_DATA!$A:$A,$B30,INPUT_DATA!$B:$B,"S")) -> 0 | AW30: =IF($B30=0,"",AQ30-AT30) -> 5.8207661e-11 | AX30: =IF($B30=0,"",AR30-AU30) -> 0 | AY30: =IF($B30=0,"",AS30-AV30) -> 0 | BA30: =IF($B30=0,"",SUMIFS(INPUT_DATA!C:C,INPUT_DATA!$A:$A,$B30,INPUT_DATA!$B:$B,"D")) -> 180457.8 | BB30: =IF($B30=0,"",SUMIFS(INPUT_DATA!E:E,INPUT_DATA!$A:$A,$B30,INPUT_DATA!$B:$B,"D")) -> 2915.56 | BC30: =IF($B30=0,"",SUMIFS(INPUT_DATA!F:F,INPUT_DATA!$A:$A,$B30,INPUT_DATA!$B:$B,"D")) -> 0 | BD30: =IF($B30=0,"",SUMIFS(INPUT_DATA!G:G,INPUT_DATA!$A:$A,$B30,INPUT_DATA!$B:$B,"D")) -> 0 | BE30: =IF($B30=0,"",SUMIFS(INPUT_DATA!H:H,INPUT_DATA!$A:$A,$B30,INPUT_DATA!$B:$B,"D")) -> 0 | BF30: =IF($B30=0,"",SUMIFS(INPUT_DATA!I:I,INPUT_DATA!$A:$A,$B30,INPUT_DATA!$B:$B,"D")) -> 0 | BG30: =IF($B30=0,"",SUMIFS(INPUT_DATA!J:J,INPUT_DATA!$A:$A,$B30,INPUT_DATA!$B:$B,"D")) -> 0 | BH30: =IF($B30=0,"",SUMIFS(INPUT_DATA!K:K,INPUT_DATA!$A:$A,$B30,INPUT_DATA!$B:$B,"D")) -> 619098.98 | BI30: =IF($B30=0,"",SUMIFS(INPUT_DATA!L:L,INPUT_DATA!$A:$A,$B30,INPUT_DATA!$B:$B,"D")) -> 0 | BJ30: =IF($B30=0,"",SUMIFS(INPUT_DATA!M:M,INPUT_DATA!$A:$A,$B30,INPUT_DATA!$B:$B,"D")) -> 180060.56 | BK30: =IF($B30=0,"",SUMIFS(INPUT_DATA!N:N,INPUT_DATA!$A:$A,$B30,INPUT_DATA!$B:$B,"D")) -> 0 | BL30: =IF($B30=0,"",AZ30+BA30-BB30-BC30+BD30+BE30+BF30-BG30+BH30-BJ30-BK30) -> 616580.66 | BM30: =IF($B30=0,"",SUMIFS(INPUT_DATA!O:O,INPUT_DATA!$A:$A,$B30,INPUT_DATA!$B:$B,"D")) -> 616580.66 | BN30: =IF($B30=0,"",BL30-BM30) -> -1.1641532e-10 | BO30: =IF($B30=0,"",SUMIFS(INPUT_DATA!P:P,INPUT_DATA!$A:$A,$B30,INPUT_DATA!$B:$B,"D")) -> 2013.48 | BP30: =IF($B30=0,"",SUMIFS(INPUT_DATA!Q:Q,INPUT_DATA!$A:$A,$B30,INPUT_DATA!$B:$B,"D")) -> 100.74 | BQ30: =IF($B30=0,"",SUMIFS(INPUT_DATA!R:R,INPUT_DATA!$A:$A,$B30,INPUT_DATA!$B:$B,"D")) -> 0 | BR30: =IF($B30=0,"",SUMIFS(INPUT_DATA!S:S,INPUT_DATA!$A:$A,$B30,INPUT_DATA!$B:$B,"D")) -> 179.35 | BS30: =IF($B30=0,"",SUMIFS(INPUT_DATA!T:T,INPUT_DATA!$A:$A,$B30,INPUT_DATA!$B:$B,"D")) -> 0 | BT30: =IF($B30=0,"",SUMIFS(INPUT_DATA!U:U,INPUT_DATA!$A:$A,$B30,INPUT_DATA!$B:$B,"D")) -> 0 | BU30: =IF($B30=0,"",SUMIFS(INPUT_DATA!V:V,INPUT_DATA!$A:$A,$B30,INPUT_DATA!$B:$B,"D")) -> 2013.48 | BV30: =IF($B30=0,"",SUMIFS(INPUT_DATA!W:W,INPUT_DATA!$A:$A,$B30,INPUT_DATA!$B:$B,"D")) -> 102.49 | BW30: =IF($B30=0,"",SUMIFS(INPUT_DATA!X:X,INPUT_DATA!$A:$A,$B30,INPUT_DATA!$B:$B,"D")) -> 0 | BX30: =IF($B30=0,"",SUMIFS(INPUT_DATA!Y:Y,INPUT_DATA!$A:$A,$B30,INPUT_DATA!$B:$B,"D")) -> 0 | BY30: =IF($B30=0,"",SUMIFS(INPUT_DATA!Z:Z,INPUT_DATA!$A:$A,$B30,INPUT_DATA!$B:$B,"D")) -> 0 | BZ30: =IF($B30=0,"",SUMIFS(INPUT_DATA!AA:AA,INPUT_DATA!$A:$A,$B30,INPUT_DATA!$B:$B,"D")) -> 0 | CA30: =IF($B30=0,"",SUMIFS(INPUT_DATA!AB:AB,INPUT_DATA!$A:$A,$B30,INPUT_DATA!$B:$B,"D")) -> 0 | CB30: =IF($B30=0,"",SUMIFS(INPUT_DATA!AC:AC,INPUT_DATA!$A:$A,$B30,INPUT_DATA!$B:$B,"D")) -> 0 | CC30: =IF($B30=0,"",SUMIFS(INPUT_DATA!AD:AD,INPUT_DATA!$A:$A,$B30,INPUT_DATA!$B:$B,"D")) -> 0 | CD30: =IF($B30=0,"",SUMIFS(INPUT_DATA!AE:AE,INPUT_DATA!$A:$A,$B30,INPUT_DATA!$B:$B,"D")) -> 2515.49 | CE30: =IF($B30=0,"",SUMIFS(INPUT_DATA!AF:AF,INPUT_DATA!$A:$A,$B30,INPUT_DATA!$B:$B,"D")) -> 250.58 | CF30: =IF($B30=0,"",SUMIFS(INPUT_DATA!AG:AG,INPUT_DATA!$A:$A,$B30,INPUT_DATA!$B:$B,"D")) -> 0 | CG30: =IF($B30=0,"",SUMIFS(INPUT_DATA!AH:AH,INPUT_DATA!$A:$A,$B30,INPUT_DATA!$B:$B,"D")) -> 0 | CH30: =IF($B30=0,"",SUMIFS(INPUT_DATA!AI:AI,INPUT_DATA!$A:$A,$B30,INPUT_DATA!$B:$B,"D")) -> 0 | CI30: =IF($B30=0,"",SUMIFS(INPUT_DATA!AJ:AJ,INPUT_DATA!$A:$A,$B30,INPUT_DATA!$B:$B,"D")) -> 0 | CJ30: =IF($B30=0,"",SUMIFS(INPUT_DATA!AK:AK,INPUT_DATA!$A:$A,$B30,INPUT_DATA!$B:$B,"D")) -> 0 | CK30: =IF($B30=0,"",SUMIFS(INPUT_DATA!AL:AL,INPUT_DATA!$A:$A,$B30,INPUT_DATA!$B:$B,"D")) -> 0 | CL30: =IF($B30=0,"",SUMIFS(INPUT_DATA!AM:AM,INPUT_DATA!$A:$A,$B30,INPUT_DATA!$B:$B,"D")) -> 0 | CM30: =IF($B30=0,"",SUMIFS(INPUT_DATA!AN:AN,INPUT_DATA!$A:$A,$B30,INPUT_DATA!$B:$B,"D")) -> 0 | CN30: =IF($B30=0,"",SUMIFS(INPUT_DATA!AO:AO,INPUT_DATA!$A:$A,$B30,INPUT_DATA!$B:$B,"D")) -> 0 | CO30: =IF($B30=0,"",SUMIFS(INPUT_DATA!AP:AP,INPUT_DATA!$A:$A,$B30,INPUT_DATA!$B:$B,"D")) -> 0 | CP30: =IF($B30=0,"",BO30+BR30-BU30-BX30-CA30+CD30-CJ30-CM30+CG30) -> 2694.84 | CQ30: =IF($B30=0,"",BP30+BS30-BV30-BY30-CB30+CE30-CK30-CN30+CH30) -> 248.83 | CR30: =IF($B30=0,"",BQ30+BT30-BW30-BZ30-CC30+CF30-CL30-CO30+CI30) -> 0 | CS30: =IF($B30=0,"",SUMIFS(INPUT_DATA!AQ:AQ,INPUT_DATA!$A:$A,$B30,INPUT_DATA!$B:$B,"D")) -> 2694.84 | CT30: =IF($B30=0,"",SUMIFS(INPUT_DATA!AR:AR,INPUT_DATA!$A:$A,$B30,INPUT_DATA!$B:$B,"D")) -> 248.83 | CU30: =IF($B30=0,"",SUMIFS(INPUT_DATA!AS:AS,INPUT_DATA!$A:$A,$B30,INPUT_DATA!$B:$B,"D")) -> 0 | CV30: =IF($B30=0,"",CP30-CS30) -> -4.5474735e-13 | CW30: =IF($B30=0,"",CQ30-CT30) -> 0 | CX30: =IF($B30=0,"",CR30-CU30) -> 0
... B49: =INPUT_DATA!CR36 -> 0 | C49: =IF($B49=0,"",SUMIFS(INPUT_DATA!C:C,INPUT_DATA!$A:$A,$B49,INPUT_DATA!$B:$B,"S")) | D49: =IF($B49=0,"",SUMIFS(INPUT_DATA!D:D,INPUT_DATA!$A:$A,$B49,INPUT_DATA!$B:$B,"S")) | E49: =IF($B49=0,"",SUMIFS(INPUT_DATA!E:E,INPUT_DATA!$A:$A,$B49,INPUT_DATA!$B:$B,"S")) | F49: =IF($B49=0,"",SUMIFS(INPUT_DATA!F:F,INPUT_DATA!$A:$A,$B49,INPUT_DATA!$B:$B,"S")) | G49: =IF($B49=0,"",SUMIFS(INPUT_DATA!G:G,INPUT_DATA!$A:$A,$B49,INPUT_DATA!$B:$B,"S")) | H49: =IF($B49=0,"",SUMIFS(INPUT_DATA!H:H,INPUT_DATA!$A:$A,$B49,INPUT_DATA!$B:$B,"S")) | I49: =IF($B49=0,"",SUMIFS(INPUT_DATA!I:I,INPUT_DATA!$A:$A,$B49,INPUT_DATA!$B:$B,"S")) | J49: =IF($B49=0,"",SUMIFS(INPUT_DATA!J:J,INPUT_DATA!$A:$A,$B49,INPUT_DATA!$B:$B,"S")) | K49: =IF($B49=0,"",SUMIFS(INPUT_DATA!K:K,INPUT_DATA!$A:$A,$B49,INPUT_DATA!$B:$B,"S")) | L49: =IF($B49=0,"",SUMIFS(INPUT_DATA!L:L,INPUT_DATA!$A:$A,$B49,INPUT_DATA!$B:$B,"S")) | M49: =IF($B49=0,"",SUMIFS(INPUT_DATA!M:M,INPUT_DATA!$A:$A,$B49,INPUT_DATA!$B:$B,"S")) | N49: =IF($B49=0,"",SUMIFS(INPUT_DATA!N:N,INPUT_DATA!$A:$A,$B49,INPUT_DATA!$B:$B,"S")) | O49: =IF($B49=0,"",C49+D49-E49-F49+G49+H49+I49-J49-K49-M49-N49-L49) | P49: =IF($B49=0,"",SUMIFS(INPUT_DATA!O:O,INPUT_DATA!$A:$A,$B49,INPUT_DATA!$B:$B,"S")) | Q49: =IF($B49=0,"",O49-P49) | R49: =IF($B49=0,"",SUMIFS(INPUT_DATA!BL:BL,INPUT_DATA!$A:$A,$B49,INPUT_DATA!$B:$B,"S")) | S49: =IF($B49=0,"",SUMIFS(INPUT_DATA!P:P,INPUT_DATA!$A:$A,$B49,INPUT_DATA!$B:$B,"S")) | T49: =IF($B49=0,"",SUMIFS(INPUT_DATA!Q:Q,INPUT_DATA!$A:$A,$B49,INPUT_DATA!$B:$B,"S")) | U49: =IF($B49=0,"",SUMIFS(INPUT_DATA!R:R,INPUT_DATA!$A:$A,$B49,INPUT_DATA!$B:$B,"S")) | V49: =IF($B49=0,"",SUMIFS(INPUT_DATA!S:S,INPUT_DATA!$A:$A,$B49,INPUT_DATA!$B:$B,"S")) | W49: =IF($B49=0,"",SUMIFS(INPUT_DATA!T:T,INPUT_DATA!$A:$A,$B49,INPUT_DATA!$B:$B,"S")) | X49: =IF($B49=0,"",SUMIFS(INPUT_DATA!U:U,INPUT_DATA!$A:$A,$B49,INPUT_DATA!$B:$B,"S")) | Y49: =IF($B49=0,"",SUMIFS(INPUT_DATA!V:V,INPUT_DATA!$A:$A,$B49,INPUT_DATA!$B:$B,"S")) | Z49: =IF($B49=0,"",SUMIFS(INPUT_DATA!W:W,INPUT_DATA!$A:$A,$B49,INPUT_DATA!$B:$B,"S")) | AA49: =IF($B49=0,"",SUMIFS(INPUT_DATA!X:X,INPUT_DATA!$A:$A,$B49,INPUT_DATA!$B:$B,"S")) | AB49: =IF($B49=0,"",SUMIFS(INPUT_DATA!Y:Y,INPUT_DATA!$A:$A,$B49,INPUT_DATA!$B:$B,"S")) | AC49: =IF($B49=0,"",SUMIFS(INPUT_DATA!Z:Z,INPUT_DATA!$A:$A,$B49,INPUT_DATA!$B:$B,"S")) | AD49: =IF($B49=0,"",SUMIFS(INPUT_DATA!AA:AA,INPUT_DATA!$A:$A,$B49,INPUT_DATA!$B:$B,"S")) | AE49: =IF($B49=0,"",SUMIFS(INPUT_DATA!AB:AB,INPUT_DATA!$A:$A,$B49,INPUT_DATA!$B:$B,"S")) | AF49: =IF($B49=0,"",SUMIFS(INPUT_DATA!AC:AC,INPUT_DATA!$A:$A,$B49,INPUT_DATA!$B:$B,"S")) | AG49: =IF($B49=0,"",SUMIFS(INPUT_DATA!AD:AD,INPUT_DATA!$A:$A,$B49,INPUT_DATA!$B:$B,"S")) | AH49: =IF($B49=0,"",SUMIFS(INPUT_DATA!AE:AE,INPUT_DATA!$A:$A,$B49,INPUT_DATA!$B:$B,"S")) | AI49: =IF($B49=0,"",SUMIFS(INPUT_DATA!AF:AF,INPUT_DATA!$A:$A,$B49,INPUT_DATA!$B:$B,"S")) | AJ49: =IF($B49=0,"",SUMIFS(INPUT_DATA!AG:AG,INPUT_DATA!$A:$A,$B49,INPUT_DATA!$B:$B,"S")) | AK49: =IF($B49=0,"",SUMIFS(INPUT_DATA!AK:AK,INPUT_DATA!$A:$A,$B49,INPUT_DATA!$B:$B,"S")) | AL49: =IF($B49=0,"",SUMIFS(INPUT_DATA!AL:AL,INPUT_DATA!$A:$A,$B49,INPUT_DATA!$B:$B,"S")) | AM49: =IF($B49=0,"",SUMIFS(INPUT_DATA!AM:AM,INPUT_DATA!$A:$A,$B49,INPUT_DATA!$B:$B,"S")) | AN49: =IF($B49=0,"",SUMIFS(INPUT_DATA!AN:AN,INPUT_DATA!$A:$A,$B49,INPUT_DATA!$B:$B,"S")) | AO49: =IF($B49=0,"",SUMIFS(INPUT_DATA!AO:AO,INPUT_DATA!$A:$A,$B49,INPUT_DATA!$B:$B,"S")) | AP49: =IF($B49=0,"",SUMIFS(INPUT_DATA!AP:AP,INPUT_DATA!$A:$A,$B49,INPUT_DATA!$B:$B,"S")) | AQ49: =IF($B49=0,"",S49+V49-Y49-AB49-AE49-AH49-AK49-AN49) | AR49: =IF($B49=0,"",T49+W49-Z49-AC49-AF49-AI49-AL49-AO49) | AS49: =IF($B49=0,"",U49+X49-AA49-AD49-AG49-AJ49-AM49-AP49) | AT49: =IF($B49=0,"",SUMIFS(INPUT_DATA!AQ:AQ,INPUT_DATA!$A:$A,$B49,INPUT_DATA!$B:$B,"S")) | AU49: =IF($B49=0,"",SUMIFS(INPUT_DATA!AR:AR,INPUT_DATA!$A:$A,$B49,INPUT_DATA!$B:$B,"S")) | AV49: =IF($B49=0,"",SUMIFS(INPUT_DATA!AS:AS,INPUT_DATA!$A:$A,$B49,INPUT_DATA!$B:$B,"S")) | AW49: =IF($B49=0,"",AQ49-AT49) | AX49: =IF($B49=0,"",AR49-AU49) | AY49: =IF($B49=0,"",AS49-AV49) | BA49: =IF($B49=0,"",SUMIFS(INPUT_DATA!C:C,INPUT_DATA!$A:$A,$B49,INPUT_DATA!$B:$B,"D")) | BB49: =IF($B49=0,"",SUMIFS(INPUT_DATA!E:E,INPUT_DATA!$A:$A,$B49,INPUT_DATA!$B:$B,"D")) | BC49: =IF($B49=0,"",SUMIFS(INPUT_DATA!F:F,INPUT_DATA!$A:$A,$B49,INPUT_DATA!$B:$B,"D")) | BD49: =IF($B49=0,"",SUMIFS(INPUT_DATA!G:G,INPUT_DATA!$A:$A,$B49,INPUT_DATA!$B:$B,"D")) | BE49: =IF($B49=0,"",SUMIFS(INPUT_DATA!H:H,INPUT_DATA!$A:$A,$B49,INPUT_DATA!$B:$B,"D")) | BF49: =IF($B49=0,"",SUMIFS(INPUT_DATA!I:I,INPUT_DATA!$A:$A,$B49,INPUT_DATA!$B:$B,"D")) | BG49: =IF($B49=0,"",SUMIFS(INPUT_DATA!J:J,INPUT_DATA!$A:$A,$B49,INPUT_DATA!$B:$B,"D")) | BH49: =IF($B49=0,"",SUMIFS(INPUT_DATA!K:K,INPUT_DATA!$A:$A,$B49,INPUT_DATA!$B:$B,"D")) | BI49: =IF($B49=0,"",SUMIFS(INPUT_DATA!L:L,INPUT_DATA!$A:$A,$B49,INPUT_DATA!$B:$B,"D")) | BJ49: =IF($B49=0,"",SUMIFS(INPUT_DATA!M:M,INPUT_DATA!$A:$A,$B49,INPUT_DATA!$B:$B,"D")) | BK49: =IF($B49=0,"",SUMIFS(INPUT_DATA!N:N,INPUT_DATA!$A:$A,$B49,INPUT_DATA!$B:$B,"D")) | BL49: =IF($B49=0,"",AZ49+BA49-BB49-BC49+BD49+BE49+BF49-BG49+BH49-BJ49-BK49) | BM49: =IF($B49=0,"",SUMIFS(INPUT_DATA!O:O,INPUT_DATA!$A:$A,$B49,INPUT_DATA!$B:$B,"D")) | BN49: =IF($B49=0,"",BL49-BM49) | BO49: =IF($B49=0,"",SUMIFS(INPUT_DATA!P:P,INPUT_DATA!$A:$A,$B49,INPUT_DATA!$B:$B,"D")) | BP49: =IF($B49=0,"",SUMIFS(INPUT_DATA!Q:Q,INPUT_DATA!$A:$A,$B49,INPUT_DATA!$B:$B,"D")) | BQ49: =IF($B49=0,"",SUMIFS(INPUT_DATA!R:R,INPUT_DATA!$A:$A,$B49,INPUT_DATA!$B:$B,"D")) | BR49: =IF($B49=0,"",SUMIFS(INPUT_DATA!S:S,INPUT_DATA!$A:$A,$B49,INPUT_DATA!$B:$B,"D")) | BS49: =IF($B49=0,"",SUMIFS(INPUT_DATA!T:T,INPUT_DATA!$A:$A,$B49,INPUT_DATA!$B:$B,"D")) | BT49: =IF($B49=0,"",SUMIFS(INPUT_DATA!U:U,INPUT_DATA!$A:$A,$B49,INPUT_DATA!$B:$B,"D")) | BU49: =IF($B49=0,"",SUMIFS(INPUT_DATA!V:V,INPUT_DATA!$A:$A,$B49,INPUT_DATA!$B:$B,"D")) | BV49: =IF($B49=0,"",SUMIFS(INPUT_DATA!W:W,INPUT_DATA!$A:$A,$B49,INPUT_DATA!$B:$B,"D")) | BW49: =IF($B49=0,"",SUMIFS(INPUT_DATA!X:X,INPUT_DATA!$A:$A,$B49,INPUT_DATA!$B:$B,"D")) | BX49: =IF($B49=0,"",SUMIFS(INPUT_DATA!Y:Y,INPUT_DATA!$A:$A,$B49,INPUT_DATA!$B:$B,"D")) | BY49: =IF($B49=0,"",SUMIFS(INPUT_DATA!Z:Z,INPUT_DATA!$A:$A,$B49,INPUT_DATA!$B:$B,"D")) | BZ49: =IF($B49=0,"",SUMIFS(INPUT_DATA!AA:AA,INPUT_DATA!$A:$A,$B49,INPUT_DATA!$B:$B,"D")) | CA49: =IF($B49=0,"",SUMIFS(INPUT_DATA!AB:AB,INPUT_DATA!$A:$A,$B49,INPUT_DATA!$B:$B,"D")) | CB49: =IF($B49=0,"",SUMIFS(INPUT_DATA!AC:AC,INPUT_DATA!$A:$A,$B49,INPUT_DATA!$B:$B,"D")) | CC49: =IF($B49=0,"",SUMIFS(INPUT_DATA!AD:AD,INPUT_DATA!$A:$A,$B49,INPUT_DATA!$B:$B,"D")) | CD49: =IF($B49=0,"",SUMIFS(INPUT_DATA!AE:AE,INPUT_DATA!$A:$A,$B49,INPUT_DATA!$B:$B,"D")) | CE49: =IF($B49=0,"",SUMIFS(INPUT_DATA!AF:AF,INPUT_DATA!$A:$A,$B49,INPUT_DATA!$B:$B,"D")) | CF49: =IF($B49=0,"",SUMIFS(INPUT_DATA!AG:AG,INPUT_DATA!$A:$A,$B49,INPUT_DATA!$B:$B,"D")) | CG49: =IF($B49=0,"",SUMIFS(INPUT_DATA!AH:AH,INPUT_DATA!$A:$A,$B49,INPUT_DATA!$B:$B,"D")) | CH49: =IF($B49=0,"",SUMIFS(INPUT_DATA!AI:AI,INPUT_DATA!$A:$A,$B49,INPUT_DATA!$B:$B,"D")) | CI49: =IF($B49=0,"",SUMIFS(INPUT_DATA!AJ:AJ,INPUT_DATA!$A:$A,$B49,INPUT_DATA!$B:$B,"D")) | CJ49: =IF($B49=0,"",SUMIFS(INPUT_DATA!AK:AK,INPUT_DATA!$A:$A,$B49,INPUT_DATA!$B:$B,"D")) | CK49: =IF($B49=0,"",SUMIFS(INPUT_DATA!AL:AL,INPUT_DATA!$A:$A,$B49,INPUT_DATA!$B:$B,"D")) | CL49: =IF($B49=0,"",SUMIFS(INPUT_DATA!AM:AM,INPUT_DATA!$A:$A,$B49,INPUT_DATA!$B:$B,"D")) | CM49: =IF($B49=0,"",SUMIFS(INPUT_DATA!AN:AN,INPUT_DATA!$A:$A,$B49,INPUT_DATA!$B:$B,"D")) | CN49: =IF($B49=0,"",SUMIFS(INPUT_DATA!AO:AO,INPUT_DATA!$A:$A,$B49,INPUT_DATA!$B:$B,"D")) | CO49: =IF($B49=0,"",SUMIFS(INPUT_DATA!AP:AP,INPUT_DATA!$A:$A,$B49,INPUT_DATA!$B:$B,"D")) | CP49: =IF($B49=0,"",BO49+BR49-BU49-BX49-CA49+CD49-CJ49-CM49+CG49) | CQ49: =IF($B49=0,"",BP49+BS49-BV49-BY49-CB49+CE49-CK49-CN49+CH49) | CR49: =IF($B49=0,"",BQ49+BT49-BW49-BZ49-CC49+CF49-CL49-CO49+CI49) | CS49: =IF($B49=0,"",SUMIFS(INPUT_DATA!AQ:AQ,INPUT_DATA!$A:$A,$B49,INPUT_DATA!$B:$B,"D")) | CT49: =IF($B49=0,"",SUMIFS(INPUT_DATA!AR:AR,INPUT_DATA!$A:$A,$B49,INPUT_DATA!$B:$B,"D")) | CU49: =IF($B49=0,"",SUMIFS(INPUT_DATA!AS:AS,INPUT_DATA!$A:$A,$B49,INPUT_DATA!$B:$B,"D")) | CV49: =IF($B49=0,"",CP49-CS49) | CW49: =IF($B49=0,"",CQ49-CT49) | CX49: =IF($B49=0,"",CR49-CU49)
A50: =A49-1 -> -1 | B50: =INPUT_DATA!CR37 -> 0 | C50: =IF($B50=0,"",SUMIFS(INPUT_DATA!C:C,INPUT_DATA!$A:$A,$B50,INPUT_DATA!$B:$B,"S")) | D50: =IF($B50=0,"",SUMIFS(INPUT_DATA!D:D,INPUT_DATA!$A:$A,$B50,INPUT_DATA!$B:$B,"S")) | E50: =IF($B50=0,"",SUMIFS(INPUT_DATA!E:E,INPUT_DATA!$A:$A,$B50,INPUT_DATA!$B:$B,"S")) | F50: =IF($B50=0,"",SUMIFS(INPUT_DATA!F:F,INPUT_DATA!$A:$A,$B50,INPUT_DATA!$B:$B,"S")) | G50: =IF($B50=0,"",SUMIFS(INPUT_DATA!G:G,INPUT_DATA!$A:$A,$B50,INPUT_DATA!$B:$B,"S")) | H50: =IF($B50=0,"",SUMIFS(INPUT_DATA!H:H,INPUT_DATA!$A:$A,$B50,INPUT_DATA!$B:$B,"S")) | I50: =IF($B50=0,"",SUMIFS(INPUT_DATA!I:I,INPUT_DATA!$A:$A,$B50,INPUT_DATA!$B:$B,"S")) | J50: =IF($B50=0,"",SUMIFS(INPUT_DATA!J:J,INPUT_DATA!$A:$A,$B50,INPUT_DATA!$B:$B,"S")) | K50: =IF($B50=0,"",SUMIFS(INPUT_DATA!K:K,INPUT_DATA!$A:$A,$B50,INPUT_DATA!$B:$B,"S")) | L50: =IF($B50=0,"",SUMIFS(INPUT_DATA!L:L,INPUT_DATA!$A:$A,$B50,INPUT_DATA!$B:$B,"S")) | M50: =IF($B50=0,"",SUMIFS(INPUT_DATA!M:M,INPUT_DATA!$A:$A,$B50,INPUT_DATA!$B:$B,"S")) | N50: =IF($B50=0,"",SUMIFS(INPUT_DATA!N:N,INPUT_DATA!$A:$A,$B50,INPUT_DATA!$B:$B,"S")) | O50: =IF($B50=0,"",C50+D50-E50-F50+G50+H50+I50-J50-K50-M50-N50-L50) | P50: =IF($B50=0,"",SUMIFS(INPUT_DATA!O:O,INPUT_DATA!$A:$A,$B50,INPUT_DATA!$B:$B,"S")) | Q50: =IF($B50=0,"",O50-P50) | R50: =IF($B50=0,"",SUMIFS(INPUT_DATA!BL:BL,INPUT_DATA!$A:$A,$B50,INPUT_DATA!$B:$B,"S")) | S50: =IF($B50=0,"",SUMIFS(INPUT_DATA!P:P,INPUT_DATA!$A:$A,$B50,INPUT_DATA!$B:$B,"S")) | T50: =IF($B50=0,"",SUMIFS(INPUT_DATA!Q:Q,INPUT_DATA!$A:$A,$B50,INPUT_DATA!$B:$B,"S")) | U50: =IF($B50=0,"",SUMIFS(INPUT_DATA!R:R,INPUT_DATA!$A:$A,$B50,INPUT_DATA!$B:$B,"S")) | V50: =IF($B50=0,"",SUMIFS(INPUT_DATA!S:S,INPUT_DATA!$A:$A,$B50,INPUT_DATA!$B:$B,"S")) | W50: =IF($B50=0,"",SUMIFS(INPUT_DATA!T:T,INPUT_DATA!$A:$A,$B50,INPUT_DATA!$B:$B,"S")) | X50: =IF($B50=0,"",SUMIFS(INPUT_DATA!U:U,INPUT_DATA!$A:$A,$B50,INPUT_DATA!$B:$B,"S")) | Y50: =IF($B50=0,"",SUMIFS(INPUT_DATA!V:V,INPUT_DATA!$A:$A,$B50,INPUT_DATA!$B:$B,"S")) | Z50: =IF($B50=0,"",SUMIFS(INPUT_DATA!W:W,INPUT_DATA!$A:$A,$B50,INPUT_DATA!$B:$B,"S")) | AA50: =IF($B50=0,"",SUMIFS(INPUT_DATA!X:X,INPUT_DATA!$A:$A,$B50,INPUT_DATA!$B:$B,"S")) | AB50: =IF($B50=0,"",SUMIFS(INPUT_DATA!Y:Y,INPUT_DATA!$A:$A,$B50,INPUT_DATA!$B:$B,"S")) | AC50: =IF($B50=0,"",SUMIFS(INPUT_DATA!Z:Z,INPUT_DATA!$A:$A,$B50,INPUT_DATA!$B:$B,"S")) | AD50: =IF($B50=0,"",SUMIFS(INPUT_DATA!AA:AA,INPUT_DATA!$A:$A,$B50,INPUT_DATA!$B:$B,"S")) | AE50: =IF($B50=0,"",SUMIFS(INPUT_DATA!AB:AB,INPUT_DATA!$A:$A,$B50,INPUT_DATA!$B:$B,"S")) | AF50: =IF($B50=0,"",SUMIFS(INPUT_DATA!AC:AC,INPUT_DATA!$A:$A,$B50,INPUT_DATA!$B:$B,"S")) | AG50: =IF($B50=0,"",SUMIFS(INPUT_DATA!AD:AD,INPUT_DATA!$A:$A,$B50,INPUT_DATA!$B:$B,"S")) | AH50: =IF($B50=0,"",SUMIFS(INPUT_DATA!AE:AE,INPUT_DATA!$A:$A,$B50,INPUT_DATA!$B:$B,"S")) | AI50: =IF($B50=0,"",SUMIFS(INPUT_DATA!AF:AF,INPUT_DATA!$A:$A,$B50,INPUT_DATA!$B:$B,"S")) | AJ50: =IF($B50=0,"",SUMIFS(INPUT_DATA!AG:AG,INPUT_DATA!$A:$A,$B50,INPUT_DATA!$B:$B,"S")) | AK50: =IF($B50=0,"",SUMIFS(INPUT_DATA!AK:AK,INPUT_DATA!$A:$A,$B50,INPUT_DATA!$B:$B,"S")) | AL50: =IF($B50=0,"",SUMIFS(INPUT_DATA!AL:AL,INPUT_DATA!$A:$A,$B50,INPUT_DATA!$B:$B,"S")) | AM50: =IF($B50=0,"",SUMIFS(INPUT_DATA!AM:AM,INPUT_DATA!$A:$A,$B50,INPUT_DATA!$B:$B,"S")) | AN50: =IF($B50=0,"",SUMIFS(INPUT_DATA!AN:AN,INPUT_DATA!$A:$A,$B50,INPUT_DATA!$B:$B,"S")) | AO50: =IF($B50=0,"",SUMIFS(INPUT_DATA!AO:AO,INPUT_DATA!$A:$A,$B50,INPUT_DATA!$B:$B,"S")) | AP50: =IF($B50=0,"",SUMIFS(INPUT_DATA!AP:AP,INPUT_DATA!$A:$A,$B50,INPUT_DATA!$B:$B,"S")) | AQ50: =IF($B50=0,"",S50+V50-Y50-AB50-AE50-AH50-AK50-AN50) | AR50: =IF($B50=0,"",T50+W50-Z50-AC50-AF50-AI50-AL50-AO50) | AS50: =IF($B50=0,"",U50+X50-AA50-AD50-AG50-AJ50-AM50-AP50) | AT50: =IF($B50=0,"",SUMIFS(INPUT_DATA!AQ:AQ,INPUT_DATA!$A:$A,$B50,INPUT_DATA!$B:$B,"S")) | AU50: =IF($B50=0,"",SUMIFS(INPUT_DATA!AR:AR,INPUT_DATA!$A:$A,$B50,INPUT_DATA!$B:$B,"S")) | AV50: =IF($B50=0,"",SUMIFS(INPUT_DATA!AS:AS,INPUT_DATA!$A:$A,$B50,INPUT_DATA!$B:$B,"S")) | AW50: =IF($B50=0,"",AQ50-AT50) | AX50: =IF($B50=0,"",AR50-AU50) | AY50: =IF($B50=0,"",AS50-AV50) | BA50: =IF($B50=0,"",SUMIFS(INPUT_DATA!C:C,INPUT_DATA!$A:$A,$B50,INPUT_DATA!$B:$B,"D")) | BB50: =IF($B50=0,"",SUMIFS(INPUT_DATA!E:E,INPUT_DATA!$A:$A,$B50,INPUT_DATA!$B:$B,"D")) | BC50: =IF($B50=0,"",SUMIFS(INPUT_DATA!F:F,INPUT_DATA!$A:$A,$B50,INPUT_DATA!$B:$B,"D")) | BD50: =IF($B50=0,"",SUMIFS(INPUT_DATA!G:G,INPUT_DATA!$A:$A,$B50,INPUT_DATA!$B:$B,"D")) | BE50: =IF($B50=0,"",SUMIFS(INPUT_DATA!H:H,INPUT_DATA!$A:$A,$B50,INPUT_DATA!$B:$B,"D")) | BF50: =IF($B50=0,"",SUMIFS(INPUT_DATA!I:I,INPUT_DATA!$A:$A,$B50,INPUT_DATA!$B:$B,"D")) | BG50: =IF($B50=0,"",SUMIFS(INPUT_DATA!J:J,INPUT_DATA!$A:$A,$B50,INPUT_DATA!$B:$B,"D")) | BH50: =IF($B50=0,"",SUMIFS(INPUT_DATA!K:K,INPUT_DATA!$A:$A,$B50,INPUT_DATA!$B:$B,"D")) | BI50: =IF($B50=0,"",SUMIFS(INPUT_DATA!L:L,INPUT_DATA!$A:$A,$B50,INPUT_DATA!$B:$B,"D")) | BJ50: =IF($B50=0,"",SUMIFS(INPUT_DATA!M:M,INPUT_DATA!$A:$A,$B50,INPUT_DATA!$B:$B,"D")) | BK50: =IF($B50=0,"",SUMIFS(INPUT_DATA!N:N,INPUT_DATA!$A:$A,$B50,INPUT_DATA!$B:$B,"D")) | BL50: =IF($B50=0,"",AZ50+BA50-BB50-BC50+BD50+BE50+BF50-BG50+BH50-BJ50-BK50) | BM50: =IF($B50=0,"",SUMIFS(INPUT_DATA!O:O,INPUT_DATA!$A:$A,$B50,INPUT_DATA!$B:$B,"D")) | BN50: =IF($B50=0,"",BL50-BM50) | BO50: =IF($B50=0,"",SUMIFS(INPUT_DATA!P:P,INPUT_DATA!$A:$A,$B50,INPUT_DATA!$B:$B,"D")) | BP50: =IF($B50=0,"",SUMIFS(INPUT_DATA!Q:Q,INPUT_DATA!$A:$A,$B50,INPUT_DATA!$B:$B,"D")) | BQ50: =IF($B50=0,"",SUMIFS(INPUT_DATA!R:R,INPUT_DATA!$A:$A,$B50,INPUT_DATA!$B:$B,"D")) | BR50: =IF($B50=0,"",SUMIFS(INPUT_DATA!S:S,INPUT_DATA!$A:$A,$B50,INPUT_DATA!$B:$B,"D")) | BS50: =IF($B50=0,"",SUMIFS(INPUT_DATA!T:T,INPUT_DATA!$A:$A,$B50,INPUT_DATA!$B:$B,"D")) | BT50: =IF($B50=0,"",SUMIFS(INPUT_DATA!U:U,INPUT_DATA!$A:$A,$B50,INPUT_DATA!$B:$B,"D")) | BU50: =IF($B50=0,"",SUMIFS(INPUT_DATA!V:V,INPUT_DATA!$A:$A,$B50,INPUT_DATA!$B:$B,"D")) | BV50: =IF($B50=0,"",SUMIFS(INPUT_DATA!W:W,INPUT_DATA!$A:$A,$B50,INPUT_DATA!$B:$B,"D")) | BW50: =IF($B50=0,"",SUMIFS(INPUT_DATA!X:X,INPUT_DATA!$A:$A,$B50,INPUT_DATA!$B:$B,"D")) | BX50: =IF($B50=0,"",SUMIFS(INPUT_DATA!Y:Y,INPUT_DATA!$A:$A,$B50,INPUT_DATA!$B:$B,"D")) | BY50: =IF($B50=0,"",SUMIFS(INPUT_DATA!Z:Z,INPUT_DATA!$A:$A,$B50,INPUT_DATA!$B:$B,"D")) | BZ50: =IF($B50=0,"",SUMIFS(INPUT_DATA!AA:AA,INPUT_DATA!$A:$A,$B50,INPUT_DATA!$B:$B,"D")) | CA50: =IF($B50=0,"",SUMIFS(INPUT_DATA!AB:AB,INPUT_DATA!$A:$A,$B50,INPUT_DATA!$B:$B,"D")) | CB50: =IF($B50=0,"",SUMIFS(INPUT_DATA!AC:AC,INPUT_DATA!$A:$A,$B50,INPUT_DATA!$B:$B,"D")) | CC50: =IF($B50=0,"",SUMIFS(INPUT_DATA!AD:AD,INPUT_DATA!$A:$A,$B50,INPUT_DATA!$B:$B,"D")) | CD50: =IF($B50=0,"",SUMIFS(INPUT_DATA!AE:AE,INPUT_DATA!$A:$A,$B50,INPUT_DATA!$B:$B,"D")) | CE50: =IF($B50=0,"",SUMIFS(INPUT_DATA!AF:AF,INPUT_DATA!$A:$A,$B50,INPUT_DATA!$B:$B,"D")) | CF50: =IF($B50=0,"",SUMIFS(INPUT_DATA!AG:AG,INPUT_DATA!$A:$A,$B50,INPUT_DATA!$B:$B,"D")) | CG50: =IF($B50=0,"",SUMIFS(INPUT_DATA!AH:AH,INPUT_DATA!$A:$A,$B50,INPUT_DATA!$B:$B,"D")) | CH50: =IF($B50=0,"",SUMIFS(INPUT_DATA!AI:AI,INPUT_DATA!$A:$A,$B50,INPUT_DATA!$B:$B,"D")) | CI50: =IF($B50=0,"",SUMIFS(INPUT_DATA!AJ:AJ,INPUT_DATA!$A:$A,$B50,INPUT_DATA!$B:$B,"D")) | CJ50: =IF($B50=0,"",SUMIFS(INPUT_DATA!AK:AK,INPUT_DATA!$A:$A,$B50,INPUT_DATA!$B:$B,"D")) | CK50: =IF($B50=0,"",SUMIFS(INPUT_DATA!AL:AL,INPUT_DATA!$A:$A,$B50,INPUT_DATA!$B:$B,"D")) | CL50: =IF($B50=0,"",SUMIFS(INPUT_DATA!AM:AM,INPUT_DATA!$A:$A,$B50,INPUT_DATA!$B:$B,"D")) | CM50: =IF($B50=0,"",SUMIFS(INPUT_DATA!AN:AN,INPUT_DATA!$A:$A,$B50,INPUT_DATA!$B:$B,"D")) | CN50: =IF($B50=0,"",SUMIFS(INPUT_DATA!AO:AO,INPUT_DATA!$A:$A,$B50,INPUT_DATA!$B:$B,"D")) | CO50: =IF($B50=0,"",SUMIFS(INPUT_DATA!AP:AP,INPUT_DATA!$A:$A,$B50,INPUT_DATA!$B:$B,"D")) | CP50: =IF($B50=0,"",BO50+BR50-BU50-BX50-CA50+CD50-CJ50-CM50+CG50) | CQ50: =IF($B50=0,"",BP50+BS50-BV50-BY50-CB50+CE50-CK50-CN50+CH50) | CR50: =IF($B50=0,"",BQ50+BT50-BW50-BZ50-CC50+CF50-CL50-CO50+CI50) | CS50: =IF($B50=0,"",SUMIFS(INPUT_DATA!AQ:AQ,INPUT_DATA!$A:$A,$B50,INPUT_DATA!$B:$B,"D")) | CT50: =IF($B50=0,"",SUMIFS(INPUT_DATA!AR:AR,INPUT_DATA!$A:$A,$B50,INPUT_DATA!$B:$B,"D")) | CU50: =IF($B50=0,"",SUMIFS(INPUT_DATA!AS:AS,INPUT_DATA!$A:$A,$B50,INPUT_DATA!$B:$B,"D")) | CV50: =IF($B50=0,"",CP50-CS50) | CW50: =IF($B50=0,"",CQ50-CT50) | CX50: =IF($B50=0,"",CR50-CU50)
A51: =A50-1 -> -2 | B51: =INPUT_DATA!CR38 -> 0 | C51: =IF($B51=0,"",SUMIFS(INPUT_DATA!C:C,INPUT_DATA!$A:$A,$B51,INPUT_DATA!$B:$B,"S")) | D51: =IF($B51=0,"",SUMIFS(INPUT_DATA!D:D,INPUT_DATA!$A:$A,$B51,INPUT_DATA!$B:$B,"S")) | E51: =IF($B51=0,"",SUMIFS(INPUT_DATA!E:E,INPUT_DATA!$A:$A,$B51,INPUT_DATA!$B:$B,"S")) | F51: =IF($B51=0,"",SUMIFS(INPUT_DATA!F:F,INPUT_DATA!$A:$A,$B51,INPUT_DATA!$B:$B,"S")) | G51: =IF($B51=0,"",SUMIFS(INPUT_DATA!G:G,INPUT_DATA!$A:$A,$B51,INPUT_DATA!$B:$B,"S")) | H51: =IF($B51=0,"",SUMIFS(INPUT_DATA!H:H,INPUT_DATA!$A:$A,$B51,INPUT_DATA!$B:$B,"S")) | I51: =IF($B51=0,"",SUMIFS(INPUT_DATA!I:I,INPUT_DATA!$A:$A,$B51,INPUT_DATA!$B:$B,"S")) | J51: =IF($B51=0,"",SUMIFS(INPUT_DATA!J:J,INPUT_DATA!$A:$A,$B51,INPUT_DATA!$B:$B,"S")) | K51: =IF($B51=0,"",SUMIFS(INPUT_DATA!K:K,INPUT_DATA!$A:$A,$B51,INPUT_DATA!$B:$B,"S")) | L51: =IF($B51=0,"",SUMIFS(INPUT_DATA!L:L,INPUT_DATA!$A:$A,$B51,INPUT_DATA!$B:$B,"S")) | M51: =IF($B51=0,"",SUMIFS(INPUT_DATA!M:M,INPUT_DATA!$A:$A,$B51,INPUT_DATA!$B:$B,"S")) | N51: =IF($B51=0,"",SUMIFS(INPUT_DATA!N:N,INPUT_DATA!$A:$A,$B51,INPUT_DATA!$B:$B,"S")) | O51: =IF($B51=0,"",C51+D51-E51-F51+G51+H51+I51-J51-K51-M51-N51-L51) | P51: =IF($B51=0,"",SUMIFS(INPUT_DATA!O:O,INPUT_DATA!$A:$A,$B51,INPUT_DATA!$B:$B,"S")) | Q51: =IF($B51=0,"",O51-P51) | R51: =IF($B51=0,"",SUMIFS(INPUT_DATA!BL:BL,INPUT_DATA!$A:$A,$B51,INPUT_DATA!$B:$B,"S")) | S51: =IF($B51=0,"",SUMIFS(INPUT_DATA!P:P,INPUT_DATA!$A:$A,$B51,INPUT_DATA!$B:$B,"S")) | T51: =IF($B51=0,"",SUMIFS(INPUT_DATA!Q:Q,INPUT_DATA!$A:$A,$B51,INPUT_DATA!$B:$B,"S")) | U51: =IF($B51=0,"",SUMIFS(INPUT_DATA!R:R,INPUT_DATA!$A:$A,$B51,INPUT_DATA!$B:$B,"S")) | V51: =IF($B51=0,"",SUMIFS(INPUT_DATA!S:S,INPUT_DATA!$A:$A,$B51,INPUT_DATA!$B:$B,"S")) | W51: =IF($B51=0,"",SUMIFS(INPUT_DATA!T:T,INPUT_DATA!$A:$A,$B51,INPUT_DATA!$B:$B,"S")) | X51: =IF($B51=0,"",SUMIFS(INPUT_DATA!U:U,INPUT_DATA!$A:$A,$B51,INPUT_DATA!$B:$B,"S")) | Y51: =IF($B51=0,"",SUMIFS(INPUT_DATA!V:V,INPUT_DATA!$A:$A,$B51,INPUT_DATA!$B:$B,"S")) | Z51: =IF($B51=0,"",SUMIFS(INPUT_DATA!W:W,INPUT_DATA!$A:$A,$B51,INPUT_DATA!$B:$B,"S")) | AA51: =IF($B51=0,"",SUMIFS(INPUT_DATA!X:X,INPUT_DATA!$A:$A,$B51,INPUT_DATA!$B:$B,"S")) | AB51: =IF($B51=0,"",SUMIFS(INPUT_DATA!Y:Y,INPUT_DATA!$A:$A,$B51,INPUT_DATA!$B:$B,"S")) | AC51: =IF($B51=0,"",SUMIFS(INPUT_DATA!Z:Z,INPUT_DATA!$A:$A,$B51,INPUT_DATA!$B:$B,"S")) | AD51: =IF($B51=0,"",SUMIFS(INPUT_DATA!AA:AA,INPUT_DATA!$A:$A,$B51,INPUT_DATA!$B:$B,"S")) | AE51: =IF($B51=0,"",SUMIFS(INPUT_DATA!AB:AB,INPUT_DATA!$A:$A,$B51,INPUT_DATA!$B:$B,"S")) | AF51: =IF($B51=0,"",SUMIFS(INPUT_DATA!AC:AC,INPUT_DATA!$A:$A,$B51,INPUT_DATA!$B:$B,"S")) | AG51: =IF($B51=0,"",SUMIFS(INPUT_DATA!AD:AD,INPUT_DATA!$A:$A,$B51,INPUT_DATA!$B:$B,"S")) | AH51: =IF($B51=0,"",SUMIFS(INPUT_DATA!AE:AE,INPUT_DATA!$A:$A,$B51,INPUT_DATA!$B:$B,"S")) | AI51: =IF($B51=0,"",SUMIFS(INPUT_DATA!AF:AF,INPUT_DATA!$A:$A,$B51,INPUT_DATA!$B:$B,"S")) | AJ51: =IF($B51=0,"",SUMIFS(INPUT_DATA!AG:AG,INPUT_DATA!$A:$A,$B51,INPUT_DATA!$B:$B,"S")) | AK51: =IF($B51=0,"",SUMIFS(INPUT_DATA!AK:AK,INPUT_DATA!$A:$A,$B51,INPUT_DATA!$B:$B,"S")) | AL51: =IF($B51=0,"",SUMIFS(INPUT_DATA!AL:AL,INPUT_DATA!$A:$A,$B51,INPUT_DATA!$B:$B,"S")) | AM51: =IF($B51=0,"",SUMIFS(INPUT_DATA!AM:AM,INPUT_DATA!$A:$A,$B51,INPUT_DATA!$B:$B,"S")) | AN51: =IF($B51=0,"",SUMIFS(INPUT_DATA!AN:AN,INPUT_DATA!$A:$A,$B51,INPUT_DATA!$B:$B,"S")) | AO51: =IF($B51=0,"",SUMIFS(INPUT_DATA!AO:AO,INPUT_DATA!$A:$A,$B51,INPUT_DATA!$B:$B,"S")) | AP51: =IF($B51=0,"",SUMIFS(INPUT_DATA!AP:AP,INPUT_DATA!$A:$A,$B51,INPUT_DATA!$B:$B,"S")) | AQ51: =IF($B51=0,"",S51+V51-Y51-AB51-AE51-AH51-AK51-AN51) | AR51: =IF($B51=0,"",T51+W51-Z51-AC51-AF51-AI51-AL51-AO51) | AS51: =IF($B51=0,"",U51+X51-AA51-AD51-AG51-AJ51-AM51-AP51) | AT51: =IF($B51=0,"",SUMIFS(INPUT_DATA!AQ:AQ,INPUT_DATA!$A:$A,$B51,INPUT_DATA!$B:$B,"S")) | AU51: =IF($B51=0,"",SUMIFS(INPUT_DATA!AR:AR,INPUT_DATA!$A:$A,$B51,INPUT_DATA!$B:$B,"S")) | AV51: =IF($B51=0,"",SUMIFS(INPUT_DATA!AS:AS,INPUT_DATA!$A:$A,$B51,INPUT_DATA!$B:$B,"S")) | AW51: =IF($B51=0,"",AQ51-AT51) | AX51: =IF($B51=0,"",AR51-AU51) | AY51: =IF($B51=0,"",AS51-AV51) | BA51: =IF($B51=0,"",SUMIFS(INPUT_DATA!C:C,INPUT_DATA!$A:$A,$B51,INPUT_DATA!$B:$B,"D")) | BB51: =IF($B51=0,"",SUMIFS(INPUT_DATA!E:E,INPUT_DATA!$A:$A,$B51,INPUT_DATA!$B:$B,"D")) | BC51: =IF($B51=0,"",SUMIFS(INPUT_DATA!F:F,INPUT_DATA!$A:$A,$B51,INPUT_DATA!$B:$B,"D")) | BD51: =IF($B51=0,"",SUMIFS(INPUT_DATA!G:G,INPUT_DATA!$A:$A,$B51,INPUT_DATA!$B:$B,"D")) | BE51: =IF($B51=0,"",SUMIFS(INPUT_DATA!H:H,INPUT_DATA!$A:$A,$B51,INPUT_DATA!$B:$B,"D")) | BF51: =IF($B51=0,"",SUMIFS(INPUT_DATA!I:I,INPUT_DATA!$A:$A,$B51,INPUT_DATA!$B:$B,"D")) | BG51: =IF($B51=0,"",SUMIFS(INPUT_DATA!J:J,INPUT_DATA!$A:$A,$B51,INPUT_DATA!$B:$B,"D")) | BH51: =IF($B51=0,"",SUMIFS(INPUT_DATA!K:K,INPUT_DATA!$A:$A,$B51,INPUT_DATA!$B:$B,"D")) | BI51: =IF($B51=0,"",SUMIFS(INPUT_DATA!L:L,INPUT_DATA!$A:$A,$B51,INPUT_DATA!$B:$B,"D")) | BJ51: =IF($B51=0,"",SUMIFS(INPUT_DATA!M:M,INPUT_DATA!$A:$A,$B51,INPUT_DATA!$B:$B,"D")) | BK51: =IF($B51=0,"",SUMIFS(INPUT_DATA!N:N,INPUT_DATA!$A:$A,$B51,INPUT_DATA!$B:$B,"D")) | BL51: =IF($B51=0,"",AZ51+BA51-BB51-BC51+BD51+BE51+BF51-BG51+BH51-BJ51-BK51) | BM51: =IF($B51=0,"",SUMIFS(INPUT_DATA!O:O,INPUT_DATA!$A:$A,$B51,INPUT_DATA!$B:$B,"D")) | BN51: =IF($B51=0,"",BL51-BM51) | BO51: =IF($B51=0,"",SUMIFS(INPUT_DATA!P:P,INPUT_DATA!$A:$A,$B51,INPUT_DATA!$B:$B,"D")) | BP51: =IF($B51=0,"",SUMIFS(INPUT_DATA!Q:Q,INPUT_DATA!$A:$A,$B51,INPUT_DATA!$B:$B,"D")) | BQ51: =IF($B51=0,"",SUMIFS(INPUT_DATA!R:R,INPUT_DATA!$A:$A,$B51,INPUT_DATA!$B:$B,"D")) | BR51: =IF($B51=0,"",SUMIFS(INPUT_DATA!S:S,INPUT_DATA!$A:$A,$B51,INPUT_DATA!$B:$B,"D")) | BS51: =IF($B51=0,"",SUMIFS(INPUT_DATA!T:T,INPUT_DATA!$A:$A,$B51,INPUT_DATA!$B:$B,"D")) | BT51: =IF($B51=0,"",SUMIFS(INPUT_DATA!U:U,INPUT_DATA!$A:$A,$B51,INPUT_DATA!$B:$B,"D")) | BU51: =IF($B51=0,"",SUMIFS(INPUT_DATA!V:V,INPUT_DATA!$A:$A,$B51,INPUT_DATA!$B:$B,"D")) | BV51: =IF($B51=0,"",SUMIFS(INPUT_DATA!W:W,INPUT_DATA!$A:$A,$B51,INPUT_DATA!$B:$B,"D")) | BW51: =IF($B51=0,"",SUMIFS(INPUT_DATA!X:X,INPUT_DATA!$A:$A,$B51,INPUT_DATA!$B:$B,"D")) | BX51: =IF($B51=0,"",SUMIFS(INPUT_DATA!Y:Y,INPUT_DATA!$A:$A,$B51,INPUT_DATA!$B:$B,"D")) | BY51: =IF($B51=0,"",SUMIFS(INPUT_DATA!Z:Z,INPUT_DATA!$A:$A,$B51,INPUT_DATA!$B:$B,"D")) | BZ51: =IF($B51=0,"",SUMIFS(INPUT_DATA!AA:AA,INPUT_DATA!$A:$A,$B51,INPUT_DATA!$B:$B,"D")) | CA51: =IF($B51=0,"",SUMIFS(INPUT_DATA!AB:AB,INPUT_DATA!$A:$A,$B51,INPUT_DATA!$B:$B,"D")) | CB51: =IF($B51=0,"",SUMIFS(INPUT_DATA!AC:AC,INPUT_DATA!$A:$A,$B51,INPUT_DATA!$B:$B,"D")) | CC51: =IF($B51=0,"",SUMIFS(INPUT_DATA!AD:AD,INPUT_DATA!$A:$A,$B51,INPUT_DATA!$B:$B,"D")) | CD51: =IF($B51=0,"",SUMIFS(INPUT_DATA!AE:AE,INPUT_DATA!$A:$A,$B51,INPUT_DATA!$B:$B,"D")) | CE51: =IF($B51=0,"",SUMIFS(INPUT_DATA!AF:AF,INPUT_DATA!$A:$A,$B51,INPUT_DATA!$B:$B,"D")) | CF51: =IF($B51=0,"",SUMIFS(INPUT_DATA!AG:AG,INPUT_DATA!$A:$A,$B51,INPUT_DATA!$B:$B,"D")) | CG51: =IF($B51=0,"",SUMIFS(INPUT_DATA!AH:AH,INPUT_DATA!$A:$A,$B51,INPUT_DATA!$B:$B,"D")) | CH51: =IF($B51=0,"",SUMIFS(INPUT_DATA!AI:AI,INPUT_DATA!$A:$A,$B51,INPUT_DATA!$B:$B,"D")) | CI51: =IF($B51=0,"",SUMIFS(INPUT_DATA!AJ:AJ,INPUT_DATA!$A:$A,$B51,INPUT_DATA!$B:$B,"D")) | CJ51: =IF($B51=0,"",SUMIFS(INPUT_DATA!AK:AK,INPUT_DATA!$A:$A,$B51,INPUT_DATA!$B:$B,"D")) | CK51: =IF($B51=0,"",SUMIFS(INPUT_DATA!AL:AL,INPUT_DATA!$A:$A,$B51,INPUT_DATA!$B:$B,"D")) | CL51: =IF($B51=0,"",SUMIFS(INPUT_DATA!AM:AM,INPUT_DATA!$A:$A,$B51,INPUT_DATA!$B:$B,"D")) | CM51: =IF($B51=0,"",SUMIFS(INPUT_DATA!AN:AN,INPUT_DATA!$A:$A,$B51,INPUT_DATA!$B:$B,"D")) | CN51: =IF($B51=0,"",SUMIFS(INPUT_DATA!AO:AO,INPUT_DATA!$A:$A,$B51,INPUT_DATA!$B:$B,"D")) | CO51: =IF($B51=0,"",SUMIFS(INPUT_DATA!AP:AP,INPUT_DATA!$A:$A,$B51,INPUT_DATA!$B:$B,"D")) | CP51: =IF($B51=0,"",BO51+BR51-BU51-BX51-CA51+CD51-CJ51-CM51+CG51) | CQ51: =IF($B51=0,"",BP51+BS51-BV51-BY51-CB51+CE51-CK51-CN51+CH51) | CR51: =IF($B51=0,"",BQ51+BT51-BW51-BZ51-CC51+CF51-CL51-CO51+CI51) | CS51: =IF($B51=0,"",SUMIFS(INPUT_DATA!AQ:AQ,INPUT_DATA!$A:$A,$B51,INPUT_DATA!$B:$B,"D")) | CT51: =IF($B51=0,"",SUMIFS(INPUT_DATA!AR:AR,INPUT_DATA!$A:$A,$B51,INPUT_DATA!$B:$B,"D")) | CU51: =IF($B51=0,"",SUMIFS(INPUT_DATA!AS:AS,INPUT_DATA!$A:$A,$B51,INPUT_DATA!$B:$B,"D")) | CV51: =IF($B51=0,"",CP51-CS51) | CW51: =IF($B51=0,"",CQ51-CT51) | CX51: =IF($B51=0,"",CR51-CU51)
A52: =A51-1 -> -3 | B52: =INPUT_DATA!CR39 -> 0 | C52: =IF($B52=0,"",SUMIFS(INPUT_DATA!C:C,INPUT_DATA!$A:$A,$B52,INPUT_DATA!$B:$B,"S")) | D52: =IF($B52=0,"",SUMIFS(INPUT_DATA!D:D,INPUT_DATA!$A:$A,$B52,INPUT_DATA!$B:$B,"S")) | E52: =IF($B52=0,"",SUMIFS(INPUT_DATA!E:E,INPUT_DATA!$A:$A,$B52,INPUT_DATA!$B:$B,"S")) | F52: =IF($B52=0,"",SUMIFS(INPUT_DATA!F:F,INPUT_DATA!$A:$A,$B52,INPUT_DATA!$B:$B,"S")) | G52: =IF($B52=0,"",SUMIFS(INPUT_DATA!G:G,INPUT_DATA!$A:$A,$B52,INPUT_DATA!$B:$B,"S")) | H52: =IF($B52=0,"",SUMIFS(INPUT_DATA!H:H,INPUT_DATA!$A:$A,$B52,INPUT_DATA!$B:$B,"S")) | I52: =IF($B52=0,"",SUMIFS(INPUT_DATA!I:I,INPUT_DATA!$A:$A,$B52,INPUT_DATA!$B:$B,"S")) | J52: =IF($B52=0,"",SUMIFS(INPUT_DATA!J:J,INPUT_DATA!$A:$A,$B52,INPUT_DATA!$B:$B,"S")) | K52: =IF($B52=0,"",SUMIFS(INPUT_DATA!K:K,INPUT_DATA!$A:$A,$B52,INPUT_DATA!$B:$B,"S")) | L52: =IF($B52=0,"",SUMIFS(INPUT_DATA!L:L,INPUT_DATA!$A:$A,$B52,INPUT_DATA!$B:$B,"S")) | M52: =IF($B52=0,"",SUMIFS(INPUT_DATA!M:M,INPUT_DATA!$A:$A,$B52,INPUT_DATA!$B:$B,"S")) | N52: =IF($B52=0,"",SUMIFS(INPUT_DATA!N:N,INPUT_DATA!$A:$A,$B52,INPUT_DATA!$B:$B,"S")) | O52: =IF($B52=0,"",C52+D52-E52-F52+G52+H52+I52-J52-K52-M52-N52-L52) | P52: =IF($B52=0,"",SUMIFS(INPUT_DATA!O:O,INPUT_DATA!$A:$A,$B52,INPUT_DATA!$B:$B,"S")) | Q52: =IF($B52=0,"",O52-P52) | R52: =IF($B52=0,"",SUMIFS(INPUT_DATA!BL:BL,INPUT_DATA!$A:$A,$B52,INPUT_DATA!$B:$B,"S")) | S52: =IF($B52=0,"",SUMIFS(INPUT_DATA!P:P,INPUT_DATA!$A:$A,$B52,INPUT_DATA!$B:$B,"S")) | T52: =IF($B52=0,"",SUMIFS(INPUT_DATA!Q:Q,INPUT_DATA!$A:$A,$B52,INPUT_DATA!$B:$B,"S")) | U52: =IF($B52=0,"",SUMIFS(INPUT_DATA!R:R,INPUT_DATA!$A:$A,$B52,INPUT_DATA!$B:$B,"S")) | V52: =IF($B52=0,"",SUMIFS(INPUT_DATA!S:S,INPUT_DATA!$A:$A,$B52,INPUT_DATA!$B:$B,"S")) | W52: =IF($B52=0,"",SUMIFS(INPUT_DATA!T:T,INPUT_DATA!$A:$A,$B52,INPUT_DATA!$B:$B,"S")) | X52: =IF($B52=0,"",SUMIFS(INPUT_DATA!U:U,INPUT_DATA!$A:$A,$B52,INPUT_DATA!$B:$B,"S")) | Y52: =IF($B52=0,"",SUMIFS(INPUT_DATA!V:V,INPUT_DATA!$A:$A,$B52,INPUT_DATA!$B:$B,"S")) | Z52: =IF($B52=0,"",SUMIFS(INPUT_DATA!W:W,INPUT_DATA!$A:$A,$B52,INPUT_DATA!$B:$B,"S")) | AA52: =IF($B52=0,"",SUMIFS(INPUT_DATA!X:X,INPUT_DATA!$A:$A,$B52,INPUT_DATA!$B:$B,"S")) | AB52: =IF($B52=0,"",SUMIFS(INPUT_DATA!Y:Y,INPUT_DATA!$A:$A,$B52,INPUT_DATA!$B:$B,"S")) | AC52: =IF($B52=0,"",SUMIFS(INPUT_DATA!Z:Z,INPUT_DATA!$A:$A,$B52,INPUT_DATA!$B:$B,"S")) | AD52: =IF($B52=0,"",SUMIFS(INPUT_DATA!AA:AA,INPUT_DATA!$A:$A,$B52,INPUT_DATA!$B:$B,"S")) | AE52: =IF($B52=0,"",SUMIFS(INPUT_DATA!AB:AB,INPUT_DATA!$A:$A,$B52,INPUT_DATA!$B:$B,"S")) | AF52: =IF($B52=0,"",SUMIFS(INPUT_DATA!AC:AC,INPUT_DATA!$A:$A,$B52,INPUT_DATA!$B:$B,"S")) | AG52: =IF($B52=0,"",SUMIFS(INPUT_DATA!AD:AD,INPUT_DATA!$A:$A,$B52,INPUT_DATA!$B:$B,"S")) | AH52: =IF($B52=0,"",SUMIFS(INPUT_DATA!AE:AE,INPUT_DATA!$A:$A,$B52,INPUT_DATA!$B:$B,"S")) | AI52: =IF($B52=0,"",SUMIFS(INPUT_DATA!AF:AF,INPUT_DATA!$A:$A,$B52,INPUT_DATA!$B:$B,"S")) | AJ52: =IF($B52=0,"",SUMIFS(INPUT_DATA!AG:AG,INPUT_DATA!$A:$A,$B52,INPUT_DATA!$B:$B,"S")) | AK52: =IF($B52=0,"",SUMIFS(INPUT_DATA!AK:AK,INPUT_DATA!$A:$A,$B52,INPUT_DATA!$B:$B,"S")) | AL52: =IF($B52=0,"",SUMIFS(INPUT_DATA!AL:AL,INPUT_DATA!$A:$A,$B52,INPUT_DATA!$B:$B,"S")) | AM52: =IF($B52=0,"",SUMIFS(INPUT_DATA!AM:AM,INPUT_DATA!$A:$A,$B52,INPUT_DATA!$B:$B,"S")) | AN52: =IF($B52=0,"",SUMIFS(INPUT_DATA!AN:AN,INPUT_DATA!$A:$A,$B52,INPUT_DATA!$B:$B,"S")) | AO52: =IF($B52=0,"",SUMIFS(INPUT_DATA!AO:AO,INPUT_DATA!$A:$A,$B52,INPUT_DATA!$B:$B,"S")) | AP52: =IF($B52=0,"",SUMIFS(INPUT_DATA!AP:AP,INPUT_DATA!$A:$A,$B52,INPUT_DATA!$B:$B,"S")) | AQ52: =IF($B52=0,"",S52+V52-Y52-AB52-AE52-AH52-AK52-AN52) | AR52: =IF($B52=0,"",T52+W52-Z52-AC52-AF52-AI52-AL52-AO52) | AS52: =IF($B52=0,"",U52+X52-AA52-AD52-AG52-AJ52-AM52-AP52) | AT52: =IF($B52=0,"",SUMIFS(INPUT_DATA!AQ:AQ,INPUT_DATA!$A:$A,$B52,INPUT_DATA!$B:$B,"S")) | AU52: =IF($B52=0,"",SUMIFS(INPUT_DATA!AR:AR,INPUT_DATA!$A:$A,$B52,INPUT_DATA!$B:$B,"S")) | AV52: =IF($B52=0,"",SUMIFS(INPUT_DATA!AS:AS,INPUT_DATA!$A:$A,$B52,INPUT_DATA!$B:$B,"S")) | AW52: =IF($B52=0,"",AQ52-AT52) | AX52: =IF($B52=0,"",AR52-AU52) | AY52: =IF($B52=0,"",AS52-AV52) | BA52: =IF($B52=0,"",SUMIFS(INPUT_DATA!C:C,INPUT_DATA!$A:$A,$B52,INPUT_DATA!$B:$B,"D")) | BB52: =IF($B52=0,"",SUMIFS(INPUT_DATA!E:E,INPUT_DATA!$A:$A,$B52,INPUT_DATA!$B:$B,"D")) | BC52: =IF($B52=0,"",SUMIFS(INPUT_DATA!F:F,INPUT_DATA!$A:$A,$B52,INPUT_DATA!$B:$B,"D")) | BD52: =IF($B52=0,"",SUMIFS(INPUT_DATA!G:G,INPUT_DATA!$A:$A,$B52,INPUT_DATA!$B:$B,"D")) | BE52: =IF($B52=0,"",SUMIFS(INPUT_DATA!H:H,INPUT_DATA!$A:$A,$B52,INPUT_DATA!$B:$B,"D")) | BF52: =IF($B52=0,"",SUMIFS(INPUT_DATA!I:I,INPUT_DATA!$A:$A,$B52,INPUT_DATA!$B:$B,"D")) | BG52: =IF($B52=0,"",SUMIFS(INPUT_DATA!J:J,INPUT_DATA!$A:$A,$B52,INPUT_DATA!$B:$B,"D")) | BH52: =IF($B52=0,"",SUMIFS(INPUT_DATA!K:K,INPUT_DATA!$A:$A,$B52,INPUT_DATA!$B:$B,"D")) | BI52: =IF($B52=0,"",SUMIFS(INPUT_DATA!L:L,INPUT_DATA!$A:$A,$B52,INPUT_DATA!$B:$B,"D")) | BJ52: =IF($B52=0,"",SUMIFS(INPUT_DATA!M:M,INPUT_DATA!$A:$A,$B52,INPUT_DATA!$B:$B,"D")) | BK52: =IF($B52=0,"",SUMIFS(INPUT_DATA!N:N,INPUT_DATA!$A:$A,$B52,INPUT_DATA!$B:$B,"D")) | BL52: =IF($B52=0,"",AZ52+BA52-BB52-BC52+BD52+BE52+BF52-BG52+BH52-BJ52-BK52) | BM52: =IF($B52=0,"",SUMIFS(INPUT_DATA!O:O,INPUT_DATA!$A:$A,$B52,INPUT_DATA!$B:$B,"D")) | BN52: =IF($B52=0,"",BL52-BM52) | BO52: =IF($B52=0,"",SUMIFS(INPUT_DATA!P:P,INPUT_DATA!$A:$A,$B52,INPUT_DATA!$B:$B,"D")) | BP52: =IF($B52=0,"",SUMIFS(INPUT_DATA!Q:Q,INPUT_DATA!$A:$A,$B52,INPUT_DATA!$B:$B,"D")) | BQ52: =IF($B52=0,"",SUMIFS(INPUT_DATA!R:R,INPUT_DATA!$A:$A,$B52,INPUT_DATA!$B:$B,"D")) | BR52: =IF($B52=0,"",SUMIFS(INPUT_DATA!S:S,INPUT_DATA!$A:$A,$B52,INPUT_DATA!$B:$B,"D")) | BS52: =IF($B52=0,"",SUMIFS(INPUT_DATA!T:T,INPUT_DATA!$A:$A,$B52,INPUT_DATA!$B:$B,"D")) | BT52: =IF($B52=0,"",SUMIFS(INPUT_DATA!U:U,INPUT_DATA!$A:$A,$B52,INPUT_DATA!$B:$B,"D")) | BU52: =IF($B52=0,"",SUMIFS(INPUT_DATA!V:V,INPUT_DATA!$A:$A,$B52,INPUT_DATA!$B:$B,"D")) | BV52: =IF($B52=0,"",SUMIFS(INPUT_DATA!W:W,INPUT_DATA!$A:$A,$B52,INPUT_DATA!$B:$B,"D")) | BW52: =IF($B52=0,"",SUMIFS(INPUT_DATA!X:X,INPUT_DATA!$A:$A,$B52,INPUT_DATA!$B:$B,"D")) | BX52: =IF($B52=0,"",SUMIFS(INPUT_DATA!Y:Y,INPUT_DATA!$A:$A,$B52,INPUT_DATA!$B:$B,"D")) | BY52: =IF($B52=0,"",SUMIFS(INPUT_DATA!Z:Z,INPUT_DATA!$A:$A,$B52,INPUT_DATA!$B:$B,"D")) | BZ52: =IF($B52=0,"",SUMIFS(INPUT_DATA!AA:AA,INPUT_DATA!$A:$A,$B52,INPUT_DATA!$B:$B,"D")) | CA52: =IF($B52=0,"",SUMIFS(INPUT_DATA!AB:AB,INPUT_DATA!$A:$A,$B52,INPUT_DATA!$B:$B,"D")) | CB52: =IF($B52=0,"",SUMIFS(INPUT_DATA!AC:AC,INPUT_DATA!$A:$A,$B52,INPUT_DATA!$B:$B,"D")) | CC52: =IF($B52=0,"",SUMIFS(INPUT_DATA!AD:AD,INPUT_DATA!$A:$A,$B52,INPUT_DATA!$B:$B,"D")) | CD52: =IF($B52=0,"",SUMIFS(INPUT_DATA!AE:AE,INPUT_DATA!$A:$A,$B52,INPUT_DATA!$B:$B,"D")) | CE52: =IF($B52=0,"",SUMIFS(INPUT_DATA!AF:AF,INPUT_DATA!$A:$A,$B52,INPUT_DATA!$B:$B,"D")) | CF52: =IF($B52=0,"",SUMIFS(INPUT_DATA!AG:AG,INPUT_DATA!$A:$A,$B52,INPUT_DATA!$B:$B,"D")) | CG52: =IF($B52=0,"",SUMIFS(INPUT_DATA!AH:AH,INPUT_DATA!$A:$A,$B52,INPUT_DATA!$B:$B,"D")) | CH52: =IF($B52=0,"",SUMIFS(INPUT_DATA!AI:AI,INPUT_DATA!$A:$A,$B52,INPUT_DATA!$B:$B,"D")) | CI52: =IF($B52=0,"",SUMIFS(INPUT_DATA!AJ:AJ,INPUT_DATA!$A:$A,$B52,INPUT_DATA!$B:$B,"D")) | CJ52: =IF($B52=0,"",SUMIFS(INPUT_DATA!AK:AK,INPUT_DATA!$A:$A,$B52,INPUT_DATA!$B:$B,"D")) | CK52: =IF($B52=0,"",SUMIFS(INPUT_DATA!AL:AL,INPUT_DATA!$A:$A,$B52,INPUT_DATA!$B:$B,"D")) | CL52: =IF($B52=0,"",SUMIFS(INPUT_DATA!AM:AM,INPUT_DATA!$A:$A,$B52,INPUT_DATA!$B:$B,"D")) | CM52: =IF($B52=0,"",SUMIFS(INPUT_DATA!AN:AN,INPUT_DATA!$A:$A,$B52,INPUT_DATA!$B:$B,"D")) | CN52: =IF($B52=0,"",SUMIFS(INPUT_DATA!AO:AO,INPUT_DATA!$A:$A,$B52,INPUT_DATA!$B:$B,"D")) | CO52: =IF($B52=0,"",SUMIFS(INPUT_DATA!AP:AP,INPUT_DATA!$A:$A,$B52,INPUT_DATA!$B:$B,"D")) | CP52: =IF($B52=0,"",BO52+BR52-BU52-BX52-CA52+CD52-CJ52-CM52+CG52) | CQ52: =IF($B52=0,"",BP52+BS52-BV52-BY52-CB52+CE52-CK52-CN52+CH52) | CR52: =IF($B52=0,"",BQ52+BT52-BW52-BZ52-CC52+CF52-CL52-CO52+CI52) | CS52: =IF($B52=0,"",SUMIFS(INPUT_DATA!AQ:AQ,INPUT_DATA!$A:$A,$B52,INPUT_DATA!$B:$B,"D")) | CT52: =IF($B52=0,"",SUMIFS(INPUT_DATA!AR:AR,INPUT_DATA!$A:$A,$B52,INPUT_DATA!$B:$B,"D")) | CU52: =IF($B52=0,"",SUMIFS(INPUT_DATA!AS:AS,INPUT_DATA!$A:$A,$B52,INPUT_DATA!$B:$B,"D")) | CV52: =IF($B52=0,"",CP52-CS52) | CW52: =IF($B52=0,"",CQ52-CT52) | CX52: =IF($B52=0,"",CR52-CU52)
A53: =A52-1 -> -4 | B53: =INPUT_DATA!CR40 -> 0 | C53: =IF($B53=0,"",SUMIFS(INPUT_DATA!C:C,INPUT_DATA!$A:$A,$B53,INPUT_DATA!$B:$B,"S")) | D53: =IF($B53=0,"",SUMIFS(INPUT_DATA!D:D,INPUT_DATA!$A:$A,$B53,INPUT_DATA!$B:$B,"S")) | E53: =IF($B53=0,"",SUMIFS(INPUT_DATA!E:E,INPUT_DATA!$A:$A,$B53,INPUT_DATA!$B:$B,"S")) | F53: =IF($B53=0,"",SUMIFS(INPUT_DATA!F:F,INPUT_DATA!$A:$A,$B53,INPUT_DATA!$B:$B,"S")) | G53: =IF($B53=0,"",SUMIFS(INPUT_DATA!G:G,INPUT_DATA!$A:$A,$B53,INPUT_DATA!$B:$B,"S")) | H53: =IF($B53=0,"",SUMIFS(INPUT_DATA!H:H,INPUT_DATA!$A:$A,$B53,INPUT_DATA!$B:$B,"S")) | I53: =IF($B53=0,"",SUMIFS(INPUT_DATA!I:I,INPUT_DATA!$A:$A,$B53,INPUT_DATA!$B:$B,"S")) | J53: =IF($B53=0,"",SUMIFS(INPUT_DATA!J:J,INPUT_DATA!$A:$A,$B53,INPUT_DATA!$B:$B,"S")) | K53: =IF($B53=0,"",SUMIFS(INPUT_DATA!K:K,INPUT_DATA!$A:$A,$B53,INPUT_DATA!$B:$B,"S")) | L53: =IF($B53=0,"",SUMIFS(INPUT_DATA!L:L,INPUT_DATA!$A:$A,$B53,INPUT_DATA!$B:$B,"S")) | M53: =IF($B53=0,"",SUMIFS(INPUT_DATA!M:M,INPUT_DATA!$A:$A,$B53,INPUT_DATA!$B:$B,"S")) | N53: =IF($B53=0,"",SUMIFS(INPUT_DATA!N:N,INPUT_DATA!$A:$A,$B53,INPUT_DATA!$B:$B,"S")) | O53: =IF($B53=0,"",C53+D53-E53-F53+G53+H53+I53-J53-K53-M53-N53-L53) | P53: =IF($B53=0,"",SUMIFS(INPUT_DATA!O:O,INPUT_DATA!$A:$A,$B53,INPUT_DATA!$B:$B,"S")) | Q53: =IF($B53=0,"",O53-P53) | R53: =IF($B53=0,"",SUMIFS(INPUT_DATA!BL:BL,INPUT_DATA!$A:$A,$B53,INPUT_DATA!$B:$B,"S")) | S53: =IF($B53=0,"",SUMIFS(INPUT_DATA!P:P,INPUT_DATA!$A:$A,$B53,INPUT_DATA!$B:$B,"S")) | T53: =IF($B53=0,"",SUMIFS(INPUT_DATA!Q:Q,INPUT_DATA!$A:$A,$B53,INPUT_DATA!$B:$B,"S")) | U53: =IF($B53=0,"",SUMIFS(INPUT_DATA!R:R,INPUT_DATA!$A:$A,$B53,INPUT_DATA!$B:$B,"S")) | V53: =IF($B53=0,"",SUMIFS(INPUT_DATA!S:S,INPUT_DATA!$A:$A,$B53,INPUT_DATA!$B:$B,"S")) | W53: =IF($B53=0,"",SUMIFS(INPUT_DATA!T:T,INPUT_DATA!$A:$A,$B53,INPUT_DATA!$B:$B,"S")) | X53: =IF($B53=0,"",SUMIFS(INPUT_DATA!U:U,INPUT_DATA!$A:$A,$B53,INPUT_DATA!$B:$B,"S")) | Y53: =IF($B53=0,"",SUMIFS(INPUT_DATA!V:V,INPUT_DATA!$A:$A,$B53,INPUT_DATA!$B:$B,"S")) | Z53: =IF($B53=0,"",SUMIFS(INPUT_DATA!W:W,INPUT_DATA!$A:$A,$B53,INPUT_DATA!$B:$B,"S")) | AA53: =IF($B53=0,"",SUMIFS(INPUT_DATA!X:X,INPUT_DATA!$A:$A,$B53,INPUT_DATA!$B:$B,"S")) | AB53: =IF($B53=0,"",SUMIFS(INPUT_DATA!Y:Y,INPUT_DATA!$A:$A,$B53,INPUT_DATA!$B:$B,"S")) | AC53: =IF($B53=0,"",SUMIFS(INPUT_DATA!Z:Z,INPUT_DATA!$A:$A,$B53,INPUT_DATA!$B:$B,"S")) | AD53: =IF($B53=0,"",SUMIFS(INPUT_DATA!AA:AA,INPUT_DATA!$A:$A,$B53,INPUT_DATA!$B:$B,"S")) | AE53: =IF($B53=0,"",SUMIFS(INPUT_DATA!AB:AB,INPUT_DATA!$A:$A,$B53,INPUT_DATA!$B:$B,"S")) | AF53: =IF($B53=0,"",SUMIFS(INPUT_DATA!AC:AC,INPUT_DATA!$A:$A,$B53,INPUT_DATA!$B:$B,"S")) | AG53: =IF($B53=0,"",SUMIFS(INPUT_DATA!AD:AD,INPUT_DATA!$A:$A,$B53,INPUT_DATA!$B:$B,"S")) | AH53: =IF($B53=0,"",SUMIFS(INPUT_DATA!AE:AE,INPUT_DATA!$A:$A,$B53,INPUT_DATA!$B:$B,"S")) | AI53: =IF($B53=0,"",SUMIFS(INPUT_DATA!AF:AF,INPUT_DATA!$A:$A,$B53,INPUT_DATA!$B:$B,"S")) | AJ53: =IF($B53=0,"",SUMIFS(INPUT_DATA!AG:AG,INPUT_DATA!$A:$A,$B53,INPUT_DATA!$B:$B,"S")) | AK53: =IF($B53=0,"",SUMIFS(INPUT_DATA!AK:AK,INPUT_DATA!$A:$A,$B53,INPUT_DATA!$B:$B,"S")) | AL53: =IF($B53=0,"",SUMIFS(INPUT_DATA!AL:AL,INPUT_DATA!$A:$A,$B53,INPUT_DATA!$B:$B,"S")) | AM53: =IF($B53=0,"",SUMIFS(INPUT_DATA!AM:AM,INPUT_DATA!$A:$A,$B53,INPUT_DATA!$B:$B,"S")) | AN53: =IF($B53=0,"",SUMIFS(INPUT_DATA!AN:AN,INPUT_DATA!$A:$A,$B53,INPUT_DATA!$B:$B,"S")) | AO53: =IF($B53=0,"",SUMIFS(INPUT_DATA!AO:AO,INPUT_DATA!$A:$A,$B53,INPUT_DATA!$B:$B,"S")) | AP53: =IF($B53=0,"",SUMIFS(INPUT_DATA!AP:AP,INPUT_DATA!$A:$A,$B53,INPUT_DATA!$B:$B,"S")) | AQ53: =IF($B53=0,"",S53+V53-Y53-AB53-AE53-AH53-AK53-AN53) | AR53: =IF($B53=0,"",T53+W53-Z53-AC53-AF53-AI53-AL53-AO53) | AS53: =IF($B53=0,"",U53+X53-AA53-AD53-AG53-AJ53-AM53-AP53) | AT53: =IF($B53=0,"",SUMIFS(INPUT_DATA!AQ:AQ,INPUT_DATA!$A:$A,$B53,INPUT_DATA!$B:$B,"S")) | AU53: =IF($B53=0,"",SUMIFS(INPUT_DATA!AR:AR,INPUT_DATA!$A:$A,$B53,INPUT_DATA!$B:$B,"S")) | AV53: =IF($B53=0,"",SUMIFS(INPUT_DATA!AS:AS,INPUT_DATA!$A:$A,$B53,INPUT_DATA!$B:$B,"S")) | AW53: =IF($B53=0,"",AQ53-AT53) | AX53: =IF($B53=0,"",AR53-AU53) | AY53: =IF($B53=0,"",AS53-AV53) | BA53: =IF($B53=0,"",SUMIFS(INPUT_DATA!C:C,INPUT_DATA!$A:$A,$B53,INPUT_DATA!$B:$B,"D")) | BB53: =IF($B53=0,"",SUMIFS(INPUT_DATA!E:E,INPUT_DATA!$A:$A,$B53,INPUT_DATA!$B:$B,"D")) | BC53: =IF($B53=0,"",SUMIFS(INPUT_DATA!F:F,INPUT_DATA!$A:$A,$B53,INPUT_DATA!$B:$B,"D")) | BD53: =IF($B53=0,"",SUMIFS(INPUT_DATA!G:G,INPUT_DATA!$A:$A,$B53,INPUT_DATA!$B:$B,"D")) | BE53: =IF($B53=0,"",SUMIFS(INPUT_DATA!H:H,INPUT_DATA!$A:$A,$B53,INPUT_DATA!$B:$B,"D")) | BF53: =IF($B53=0,"",SUMIFS(INPUT_DATA!I:I,INPUT_DATA!$A:$A,$B53,INPUT_DATA!$B:$B,"D")) | BG53: =IF($B53=0,"",SUMIFS(INPUT_DATA!J:J,INPUT_DATA!$A:$A,$B53,INPUT_DATA!$B:$B,"D")) | BH53: =IF($B53=0,"",SUMIFS(INPUT_DATA!K:K,INPUT_DATA!$A:$A,$B53,INPUT_DATA!$B:$B,"D")) | BI53: =IF($B53=0,"",SUMIFS(INPUT_DATA!L:L,INPUT_DATA!$A:$A,$B53,INPUT_DATA!$B:$B,"D")) | BJ53: =IF($B53=0,"",SUMIFS(INPUT_DATA!M:M,INPUT_DATA!$A:$A,$B53,INPUT_DATA!$B:$B,"D")) | BK53: =IF($B53=0,"",SUMIFS(INPUT_DATA!N:N,INPUT_DATA!$A:$A,$B53,INPUT_DATA!$B:$B,"D")) | BL53: =IF($B53=0,"",AZ53+BA53-BB53-BC53+BD53+BE53+BF53-BG53+BH53-BJ53-BK53) | BM53: =IF($B53=0,"",SUMIFS(INPUT_DATA!O:O,INPUT_DATA!$A:$A,$B53,INPUT_DATA!$B:$B,"D")) | BN53: =IF($B53=0,"",BL53-BM53) | BO53: =IF($B53=0,"",SUMIFS(INPUT_DATA!P:P,INPUT_DATA!$A:$A,$B53,INPUT_DATA!$B:$B,"D")) | BP53: =IF($B53=0,"",SUMIFS(INPUT_DATA!Q:Q,INPUT_DATA!$A:$A,$B53,INPUT_DATA!$B:$B,"D")) | BQ53: =IF($B53=0,"",SUMIFS(INPUT_DATA!R:R,INPUT_DATA!$A:$A,$B53,INPUT_DATA!$B:$B,"D")) | BR53: =IF($B53=0,"",SUMIFS(INPUT_DATA!S:S,INPUT_DATA!$A:$A,$B53,INPUT_DATA!$B:$B,"D")) | BS53: =IF($B53=0,"",SUMIFS(INPUT_DATA!T:T,INPUT_DATA!$A:$A,$B53,INPUT_DATA!$B:$B,"D")) | BT53: =IF($B53=0,"",SUMIFS(INPUT_DATA!U:U,INPUT_DATA!$A:$A,$B53,INPUT_DATA!$B:$B,"D")) | BU53: =IF($B53=0,"",SUMIFS(INPUT_DATA!V:V,INPUT_DATA!$A:$A,$B53,INPUT_DATA!$B:$B,"D")) | BV53: =IF($B53=0,"",SUMIFS(INPUT_DATA!W:W,INPUT_DATA!$A:$A,$B53,INPUT_DATA!$B:$B,"D")) | BW53: =IF($B53=0,"",SUMIFS(INPUT_DATA!X:X,INPUT_DATA!$A:$A,$B53,INPUT_DATA!$B:$B,"D")) | BX53: =IF($B53=0,"",SUMIFS(INPUT_DATA!Y:Y,INPUT_DATA!$A:$A,$B53,INPUT_DATA!$B:$B,"D")) | BY53: =IF($B53=0,"",SUMIFS(INPUT_DATA!Z:Z,INPUT_DATA!$A:$A,$B53,INPUT_DATA!$B:$B,"D")) | BZ53: =IF($B53=0,"",SUMIFS(INPUT_DATA!AA:AA,INPUT_DATA!$A:$A,$B53,INPUT_DATA!$B:$B,"D")) | CA53: =IF($B53=0,"",SUMIFS(INPUT_DATA!AB:AB,INPUT_DATA!$A:$A,$B53,INPUT_DATA!$B:$B,"D")) | CB53: =IF($B53=0,"",SUMIFS(INPUT_DATA!AC:AC,INPUT_DATA!$A:$A,$B53,INPUT_DATA!$B:$B,"D")) | CC53: =IF($B53=0,"",SUMIFS(INPUT_DATA!AD:AD,INPUT_DATA!$A:$A,$B53,INPUT_DATA!$B:$B,"D")) | CD53: =IF($B53=0,"",SUMIFS(INPUT_DATA!AE:AE,INPUT_DATA!$A:$A,$B53,INPUT_DATA!$B:$B,"D")) | CE53: =IF($B53=0,"",SUMIFS(INPUT_DATA!AF:AF,INPUT_DATA!$A:$A,$B53,INPUT_DATA!$B:$B,"D")) | CF53: =IF($B53=0,"",SUMIFS(INPUT_DATA!AG:AG,INPUT_DATA!$A:$A,$B53,INPUT_DATA!$B:$B,"D")) | CG53: =IF($B53=0,"",SUMIFS(INPUT_DATA!AH:AH,INPUT_DATA!$A:$A,$B53,INPUT_DATA!$B:$B,"D")) | CH53: =IF($B53=0,"",SUMIFS(INPUT_DATA!AI:AI,INPUT_DATA!$A:$A,$B53,INPUT_DATA!$B:$B,"D")) | CI53: =IF($B53=0,"",SUMIFS(INPUT_DATA!AJ:AJ,INPUT_DATA!$A:$A,$B53,INPUT_DATA!$B:$B,"D")) | CJ53: =IF($B53=0,"",SUMIFS(INPUT_DATA!AK:AK,INPUT_DATA!$A:$A,$B53,INPUT_DATA!$B:$B,"D")) | CK53: =IF($B53=0,"",SUMIFS(INPUT_DATA!AL:AL,INPUT_DATA!$A:$A,$B53,INPUT_DATA!$B:$B,"D")) | CL53: =IF($B53=0,"",SUMIFS(INPUT_DATA!AM:AM,INPUT_DATA!$A:$A,$B53,INPUT_DATA!$B:$B,"D")) | CM53: =IF($B53=0,"",SUMIFS(INPUT_DATA!AN:AN,INPUT_DATA!$A:$A,$B53,INPUT_DATA!$B:$B,"D")) | CN53: =IF($B53=0,"",SUMIFS(INPUT_DATA!AO:AO,INPUT_DATA!$A:$A,$B53,INPUT_DATA!$B:$B,"D")) | CO53: =IF($B53=0,"",SUMIFS(INPUT_DATA!AP:AP,INPUT_DATA!$A:$A,$B53,INPUT_DATA!$B:$B,"D")) | CP53: =IF($B53=0,"",BO53+BR53-BU53-BX53-CA53+CD53-CJ53-CM53+CG53) | CQ53: =IF($B53=0,"",BP53+BS53-BV53-BY53-CB53+CE53-CK53-CN53+CH53) | CR53: =IF($B53=0,"",BQ53+BT53-BW53-BZ53-CC53+CF53-CL53-CO53+CI53) | CS53: =IF($B53=0,"",SUMIFS(INPUT_DATA!AQ:AQ,INPUT_DATA!$A:$A,$B53,INPUT_DATA!$B:$B,"D")) | CT53: =IF($B53=0,"",SUMIFS(INPUT_DATA!AR:AR,INPUT_DATA!$A:$A,$B53,INPUT_DATA!$B:$B,"D")) | CU53: =IF($B53=0,"",SUMIFS(INPUT_DATA!AS:AS,INPUT_DATA!$A:$A,$B53,INPUT_DATA!$B:$B,"D")) | CV53: =IF($B53=0,"",CP53-CS53) | CW53: =IF($B53=0,"",CQ53-CT53) | CX53: =IF($B53=0,"",CR53-CU53)
